Workbook
Name In_Out_Both_No: '[1]Selection Options'!$A$15:$A$18
Name Yes_No: '[1]Selection Options'!$A$4:$A$5

Sheet Change Log
A1: File Version (Web Publish Date) | B1: Tab(s) | C1: Description | D1: Purpose | E1: Did change impact caclulations? | F1: Change incorporated? | G1: Initials & Date Performed
A2: 44256 | B2: Rate File | C2: Add this change log, as first tab (hidden from users) | D2: Maintain configuation control primarily for data | E2: No | F2: Yes | G2: DP - 3/4/21
A3: 44256 | B3: Space | C3: Add back Space tab into overall file | D3: Provide information helpful to SoM | E3: No | F3: Yes | G3: DP - 3/4/21
A4: 44256 | B4: All | C4: Unlock all cells | D4: To ensure overall ability for cell updates | E4: No | F4: Yes | G4: DP - 3/4/21
A5: 44256 | B5: Depreciation | C5: Add more rows for total of 50 | D5: Provide analysts more input capability | E5: Yes? | F5: Yes | G5: DP - 3/4/21
A6: 44256 | B6: Usage | C6: Add cell in column N for total prior year revenue | D6: Provide analysts automatic calculation | E6: Yes? | F6: Yes | G6: DP - 3/4/21
A7: 44276 | B7: Summary Yr 1& 2 | C7: Add comment to subsidy tab “Value for Subsidy Received should match the Add’l Costs tab, In Proposal column”. | D7: Clarify use of the Add'l cost sheet for analysts | E7: No | F7: Yes | G7: DP - 3/4/21
A8: 44256 | B8: Usage | C8: Lock ONLY calculation cells (highlighted purple) with appropriate password for this configuration, as documented on OneDoc | D8: Allow analysts flexibility to use other cells, as needed | E8: No | F8: Yes | G8: DP - 3/4/21
A9: 44256 | B9: Salaries | C9: Lock ONLY calculation cells (highlighted purple) with appropriate password for this configuration, as documented on OneDoc | D9: Allow analysts flexibility to use other cells, as needed | E9: No | F9: Yes | G9: DP - 3/4/21
A10: 44256 | B10: Depreciation | C10: Lock ONLY calculation cells (highlighted purple) with appropriate password for this configuration, as documented on OneDoc | D10: Allow analysts flexibility to use other cells, as needed | E10: No | F10: Yes | G10: DP - 3/4/21
A11: 44256 | B11: Other Costs | C11: Lock ONLY calculation cells (highlighted purple) with appropriate password for this configuration, as documented on OneDoc | D11: Allow analysts flexibility to use other cells, as needed | E11: No | F11: Yes | G11: DP - 3/4/21
A12: 44256 | B12: Summary Year 1 | C12: Lock ONLY calculation cells (highlighted purple) with appropriate password for this configuration, as documented on OneDoc | D12: Allow analysts flexibility to use other cells, as needed | E12: No | F12: Yes | G12: DP - 3/4/21
A13: 44256 | B13: Summary Year 1 | C13: Validate Subsidy Calculation; should be reduction to Internal Rate only. Enabling Internal with Subsidy (subtracted from) and without Subsidy (fully costed) | D13: Ensure calcuation consistent among templates | E13: No | F13: Yes | G13: DP - 3/10/21
... A17: 45911 | B17: Multiple | C17: Added Salary cap worksheet. Deleted not in use tabs | D17: Salary cap compliance and to reduce bloat | E17: No | F17: Yes | G17: RF - 9/11/25
A18: Future | B18: Usage | C18: On Usage tab, add cell for time window & MyFD

Sheet Instructions and Guidance
A1: Instructions & Guidance | K1: Template updated by MAA as of: | L1: 46010
K2: Version: | L2: 4
A3: Color Index
A4: Yellow | B4: Filled in by the Center
A5: Purple | B5: Filled in via Formulas
A6: Green | B6: Tips & Guidance
D10: Instructions
D34: Guidance

Sheet General Information
A1: General Information
A3: Center Information
A4: Center Name:
A5: Cost Center RefID
A6: Center Location(s), (Building #, Room #)
A7: Year 1 Rate Begin Date:
A8: Year 1 Rate End Date:
A9: Institutional Overhead Rate:
A11: Contact Information
A12: Name:
A13: Email
A14: Box#:
... A25: General Questions
A26: Question | B26: Answer
A27: 1) Will the activities/services of your center generate external revenues?
A28: 2) How often will you sell goods/services to external users?
A29: 3) Do the activities/services offered by your center support the primary mission of the University, aside from generating revenue? If yes, please explain how the activity supports the University mission:
A30: =IF(B29="Yes", "Please explain how the activity supports the primary University mission below:", "")
A32: 4) If your center provides services that generate external revenue, have you conducted a marketplace analysis? Please explain.1
A33: 5) Do you have faculty/staff over the current NIH salary cap? | B33: If yes, please use "Salary Cap Worksheet" to determine allowable salary.
A34: 1 Please see RCW 28B.63 or reach out to MAA for more information
A35: Please see MAA website for Marketplace Analysis Template

Sheet Usage
A1: Usage & Description of Rates
A2: Purpose: Provide a short description of the services for each rate and the number of units expected to be sold.
A6: Rate | B6: Name | C6: Short Description | D6: Unit Base* | E6: Prior Year Estimate | F6: Units Sold | L6: Prior Year Expected Revenues | Q6: Year 1 | U6: Year 2
F7: Prior Year Actual Internal | G7: Prior Year Actual External | H7: Proposal Estimate Yr-1 Internal | I7: Proposal Estimate Yr-1 External | J7: Proposal Estimate Yr-2 Internal | K7: Proposal Estimate Yr-2 External | L7: Prior Year Rates ( Internal) | M7: Prior Year Rates ( External) | N7: Prior Year Expected Revenues | P7: Difference between Prior Year Estimate and Actual ( Internal + External) | Q7: Est Chg Pr Yr Actual vs Year 1 Proposal INTERNAL | R7: % Chg INTERNAL | S7: Est Chg Pr Yr Actual vs Year 1 Proposal EXTERNAL | T7: % Chg EXTERNAL | U7: Est Chg Pr Yr Actual vs Year 2 Proposal INTERNAL | V7: % Chg INTERNAL | W7: Est Chg Pr Yr Actual vs Year 2 Proposal EXTERNAL | X7: % Chg EXTERNAL
A8: Center Overhead | B8: Center Overhead
A9: Rate 1 | N9: =(F9*L9)+(G9*M9) -> 0 | P9: =(F9+G9)-E9 -> 0 | Q9: =H9-F9 -> 0 | R9: =IF(H9+F9<>0,((H9-F9)/F9),0) -> 0 | S9: =I9-G9 -> 0 | T9: =IF(I9+G9<>0,((I9-G9)/G9),0) -> 0 | U9: =J9-F9 -> 0 | V9: =IF(J9+F9<>0,((J9-F9)/F9),0) -> 0 | W9: =K9-G9 -> 0 | X9: =IF(K9+G9<>0,((K9-G9)/G9),0) -> 0
A10: Rate 2 | N10: =(F10*L10)+(G10*M10) -> 0 | P10: =(F10+G10)-E10 -> 0 | Q10: =H10-F10 -> 0 | R10: =IF(H10+F10<>0,((H10-F10)/F10),0) -> 0 | S10: =I10-G10 -> 0 | T10: =IF(I10+G10<>0,((I10-G10)/G10),0) -> 0 | U10: =J10-F10 -> 0 | V10: =IF(J10+F10<>0,((J10-F10)/F10),0) -> 0 | W10: =K10-G10 -> 0 | X10: =IF(K10+G10<>0,((K10-G10)/G10),0) -> 0
A11: Rate 3 | N11: =(F11*L11)+(G11*M11) -> 0 | P11: =(F11+G11)-E11 -> 0 | Q11: =H11-F11 -> 0 | R11: =IF(H11+F11<>0,((H11-F11)/F11),0) -> 0 | S11: =I11-G11 -> 0 | T11: =IF(I11+G11<>0,((I11-G11)/G11),0) -> 0 | U11: =J11-F11 -> 0 | V11: =IF(J11+F11<>0,((J11-F11)/F11),0) -> 0 | W11: =K11-G11 -> 0 | X11: =IF(K11+G11<>0,((K11-G11)/G11),0) -> 0
A12: Rate 4 | N12: =(F12*L12)+(G12*M12) -> 0 | P12: =(F12+G12)-E12 -> 0 | Q12: =H12-F12 -> 0 | R12: =IF(H12+F12<>0,((H12-F12)/F12),0) -> 0 | S12: =I12-G12 -> 0 | T12: =IF(I12+G12<>0,((I12-G12)/G12),0) -> 0 | U12: =J12-F12 -> 0 | V12: =IF(J12+F12<>0,((J12-F12)/F12),0) -> 0 | W12: =K12-G12 -> 0 | X12: =IF(K12+G12<>0,((K12-G12)/G12),0) -> 0
A13: Rate 5 | N13: =(F13*L13)+(G13*M13) -> 0 | P13: =(F13+G13)-E13 -> 0 | Q13: =H13-F13 -> 0 | R13: =IF(H13+F13<>0,((H13-F13)/F13),0) -> 0 | S13: =I13-G13 -> 0 | T13: =IF(I13+G13<>0,((I13-G13)/G13),0) -> 0 | U13: =J13-F13 -> 0 | V13: =IF(J13+F13<>0,((J13-F13)/F13),0) -> 0 | W13: =K13-G13 -> 0 | X13: =IF(K13+G13<>0,((K13-G13)/G13),0) -> 0
A14: Rate 6 | N14: =(F14*L14)+(G14*M14) -> 0 | P14: =(F14+G14)-E14 -> 0 | Q14: =H14-F14 -> 0 | R14: =IF(H14+F14<>0,((H14-F14)/F14),0) -> 0 | S14: =I14-G14 -> 0 | T14: =IF(I14+G14<>0,((I14-G14)/G14),0) -> 0 | U14: =J14-F14 -> 0 | V14: =IF(J14+F14<>0,((J14-F14)/F14),0) -> 0 | W14: =K14-G14 -> 0 | X14: =IF(K14+G14<>0,((K14-G14)/G14),0) -> 0
A15: Rate 7 | N15: =(F15*L15)+(G15*M15) -> 0 | P15: =(F15+G15)-E15 -> 0 | Q15: =H15-F15 -> 0 | R15: =IF(H15+F15<>0,((H15-F15)/F15),0) -> 0 | S15: =I15-G15 -> 0 | T15: =IF(I15+G15<>0,((I15-G15)/G15),0) -> 0 | U15: =J15-F15 -> 0 | V15: =IF(J15+F15<>0,((J15-F15)/F15),0) -> 0 | W15: =K15-G15 -> 0 | X15: =IF(K15+G15<>0,((K15-G15)/G15),0) -> 0
A16: Rate 8 | N16: =(F16*L16)+(G16*M16) -> 0 | P16: =(F16+G16)-E16 -> 0 | Q16: =H16-F16 -> 0 | R16: =IF(H16+F16<>0,((H16-F16)/F16),0) -> 0 | S16: =I16-G16 -> 0 | T16: =IF(I16+G16<>0,((I16-G16)/G16),0) -> 0 | U16: =J16-F16 -> 0 | V16: =IF(J16+F16<>0,((J16-F16)/F16),0) -> 0 | W16: =K16-G16 -> 0 | X16: =IF(K16+G16<>0,((K16-G16)/G16),0) -> 0
A17: Rate 9 | N17: =(F17*L17)+(G17*M17) -> 0 | P17: =(F17+G17)-E17 -> 0 | Q17: =H17-F17 -> 0 | R17: =IF(H17+F17<>0,((H17-F17)/F17),0) -> 0 | S17: =I17-G17 -> 0 | T17: =IF(I17+G17<>0,((I17-G17)/G17),0) -> 0 | U17: =J17-F17 -> 0 | V17: =IF(J17+F17<>0,((J17-F17)/F17),0) -> 0 | W17: =K17-G17 -> 0 | X17: =IF(K17+G17<>0,((K17-G17)/G17),0) -> 0
A18: Rate 10 | N18: =(F18*L18)+(G18*M18) -> 0 | P18: =(F18+G18)-E18 -> 0 | Q18: =H18-F18 -> 0 | R18: =IF(H18+F18<>0,((H18-F18)/F18),0) -> 0 | S18: =I18-G18 -> 0 | T18: =IF(I18+G18<>0,((I18-G18)/G18),0) -> 0 | U18: =J18-F18 -> 0 | V18: =IF(J18+F18<>0,((J18-F18)/F18),0) -> 0 | W18: =K18-G18 -> 0 | X18: =IF(K18+G18<>0,((K18-G18)/G18),0) -> 0
A19: Rate 11 | N19: =(F19*L19)+(G19*M19) -> 0 | P19: =(F19+G19)-E19 -> 0 | Q19: =H19-F19 -> 0 | R19: =IF(H19+F19<>0,((H19-F19)/F19),0) -> 0 | S19: =I19-G19 -> 0 | T19: =IF(I19+G19<>0,((I19-G19)/G19),0) -> 0 | U19: =J19-F19 -> 0 | V19: =IF(J19+F19<>0,((J19-F19)/F19),0) -> 0 | W19: =K19-G19 -> 0 | X19: =IF(K19+G19<>0,((K19-G19)/G19),0) -> 0
A20: Rate 12 | N20: =(F20*L20)+(G20*M20) -> 0 | P20: =(F20+G20)-E20 -> 0 | Q20: =H20-F20 -> 0 | R20: =IF(H20+F20<>0,((H20-F20)/F20),0) -> 0 | S20: =I20-G20 -> 0 | T20: =IF(I20+G20<>0,((I20-G20)/G20),0) -> 0 | U20: =J20-F20 -> 0 | V20: =IF(J20+F20<>0,((J20-F20)/F20),0) -> 0 | W20: =K20-G20 -> 0 | X20: =IF(K20+G20<>0,((K20-G20)/G20),0) -> 0
... A33: Rate 25 | N33: =(F33*L33)+(G33*M33) -> 0 | P33: =(F33+G33)-E33 -> 0 | Q33: =H33-F33 -> 0 | R33: =IF(H33+F33<>0,((H33-F33)/F33),0) -> 0 | S33: =I33-G33 -> 0 | T33: =IF(I33+G33<>0,((I33-G33)/G33),0) -> 0 | U33: =J33-F33 -> 0 | V33: =IF(J33+F33<>0,((J33-F33)/F33),0) -> 0 | W33: =K33-G33 -> 0 | X33: =IF(K33+G33<>0,((K33-G33)/G33),0) -> 0
B35: *This is the Unit by which the center bills users. For example, per hour, per sample, etc.. | M35: Total Prior Year's Revenue | N35: =SUM(N9:N33) -> 0
B36: *If your rates require time from staff, please ensure usage is covered by the implied FTE available from the salaries tab. See hours available below
B38: Maximum Billable Hours
B39: Available Hours | D39: 2080 | E39: 40 hours/week * 52 weeks
B40: Less Holidays | D40: 88 | E40: 11 days paid * 8 hours/day
B41: Less Vacation | D41: 80 | E41: Approx # of vacation days/year (in hours)
B42: Less Sick | D42: 40 | E42: Approx # of sick days/year (in hours)
B43: Less Other Down Time | D43: 300 | E43: Approx # of other down time hours (ex. # of meeting or lab management hours per month x 12)
B44: Max Total Billable Hours per FTE | D44: =D39-SUM(D40:D43) -> 1572
C46: FTE from Salaries Tab - Year 1 | D46: =Salaries!H54+SUM(Salaries!H60:H75) -> 0
C47: Hours available for rates - Year 1 | D47: =D46*D44 -> 0
C48: FTE from Salaries Tab - Year 2 | D48: =Salaries!#REF!+SUM(Salaries!#REF!) -> #REF!
C49: Hours available for rates - Year 2 | D49: =D48*D44 -> #REF!
A52: Notes:

Sheet Salaries
A1: Year 1 Salaries & Benefits
A2: Purpose: List personnel paid on the center and allocated S&B to each rate. | E2: Provide the actual benefit percentages for each employee type below
A3: Enter Hourly Employees, Grad Students, Students in separate section below. | E3: Employee Type | F3: Ledger | G3: Fringe Benefit % Yr. 1
A4: 100% of the FTE% on center needs to be allocated to the various rates. | E4: Instruction and Research Faculty | F4: 50000 | G4: 0.226 | DR4: 01-10
E5: Medical Residents | F5: 50010 | G5: 0.285
E6: Residents and Chief Residents | F6: 50020 | G6: 0.285
E7: Graduate Student Appointments | F7: 50030 | G7: 0.182
E8: Post-Doctoral Trainees | F8: 50040 | G8: 0.163
E9: Classified Staff | F9: 50050 | G9: 0.381
E10: Professional Staff | F10: 50060 | G10: 0.3
E11: Professional Staff - Other Contract Staff | F11: 50090 | G11: 0.3
E12: Hourly, Visiting Scientists, and Overtime | F12: 50100 | G12: 0.212
A13: Necessary benefit percentages and growth factors are taken from the table to the right. | E13: Pre-Doctoral Fellows and Trainees | F13: 50110 | G13: 0.252 | DR13: 01-60
A16: =IF('General Information'!B7=0, "Please Enter Start Date On General Information Sheet", "Year 1: "&TEXT('General Information'!B7,"mm/dd/yy")&" to "&TEXT('General Information'!B8-365, "mm/dd/yy")) -> Please Enter Start Date On General Information Sheet
A17: NAME | B17: EMPLOYEE ID NUMBER | C17: Ledger | D17: TITLE | E17: MONTHLY SALARY | F17: BASE SALARY (AT 100% FTE) | G17: BEN % | H17: FTE ON CENTER | I17: TOTAL SALARY | J17: TOTAL BENEFITS | K17: TOTAL SAL & BEN ON CTR | L17: Center Overhead Yr. 1 | P17: Rate 1 Yr. 1 | T17: Rate 2 Yr. 1 | X17: Rate 3 Yr. 1 | AB17: Rate 4 Yr. 1 | AF17: Rate 5 Yr. 1 | AJ17: Rate 6 Yr. 1 | AN17: Rate 7 Yr. 1 | AR17: Rate 8 Yr. 1 | AV17: Rate 9 Yr. 1 | AZ17: Rate 10 Yr. 1 | BD17: Rate 11 Yr. 1 | BH17: Rate 12 Yr. 1 | BL17: Rate 13 Yr. 1 | BP17: Rate 14 Yr. 1 | BT17: Rate 15 Yr. 1 | BX17: Rate 16 Yr. 1 | CB17: Rate 17 Yr. 1 | CF17: Rate 18 Yr. 1 | CJ17: Rate 19 Yr. 1 | CN17: Rate 20 Yr. 1 | CR17: Rate 21 Yr. 1 | CV17: Rate 22 Yr. 1 | CZ17: Rate 23 Yr. 1 | DD17: Rate 24 Yr. 1 | DH17: Rate 25 Yr. 1 | DM17: Percent Check | DN17: Dollar Check | DO17: Difference between allocated dollar and total dollar
L18: =IF(Usage!$B$8=0, "", Usage!$B$8) -> Center Overhead | P18: =IF(Usage!$B$9=0, "", Usage!$B$9) | T18: =IF(Usage!$B$10=0, "", Usage!$B$10) | X18: =IF(Usage!$B$11=0, "", Usage!$B$11) | AB18: =IF(Usage!$B$12=0, "", Usage!$B$12) | AF18: =IF(Usage!$B$13=0, "", Usage!$B$13) | AJ18: =IF(Usage!$B$14=0, "", Usage!$B$14) | AN18: =IF(Usage!$B$15=0, "", Usage!$B$15) | AR18: =IF(Usage!$B$16=0, "", Usage!$B$16) | AV18: =IF(Usage!$B$17=0, "", Usage!$B$17) | AZ18: =IF(Usage!$B$18=0, "", Usage!$B$18) | BD18: =IF(Usage!$B$19=0, "", Usage!$B$19) | BH18: =IF(Usage!$B$20=0, "", Usage!$B$20) | BL18: =IF(Usage!$B$21=0, "", Usage!$B$21) | BP18: =IF(Usage!$B$22=0, "", Usage!$B$22) | BT18: =IF(Usage!$B$23=0, "", Usage!$B$23) | BX18: =IF(Usage!$B$24=0, "", Usage!$B$24) | CB18: =IF(Usage!$B$25=0, "", Usage!$B$25) | CF18: =IF(Usage!$B$26=0, "", Usage!$B$26) | CJ18: =IF(Usage!$B$27=0, "", Usage!$B$27) | CN18: =IF(Usage!$B$28=0, "", Usage!$B$28) | CR18: =IF(Usage!$B$29=0, "", Usage!$B$29) | CV18: =IF(Usage!$B$30=0, "", Usage!$B$30) | CZ18: =IF(Usage!$B$31=0, "", Usage!$B$31) | DD18: =IF(Usage!$B$32=0, "", Usage!$B$32) | DH18: =IF(Usage!$B$33=0, "", Usage!$B$33) | DM18: (should add up to 100%)
A19: Salaries of All Faculty and Staff | L19: FTE % | M19: Amount | N19: Sal | O19: Ben | P19: FTE % | Q19: Amount | R19: Sal | S19: Ben | T19: FTE % | U19: Amount | V19: Sal | W19: Ben | X19: FTE % | Y19: Amount | Z19: Sal | AA19: Ben | AB19: FTE % | AC19: Amount | AD19: Sal | AE19: Ben | AF19: FTE % | AG19: Amount | AH19: Sal | AI19: Ben | AJ19: FTE % | AK19: Amount | AL19: Sal | AM19: Ben | AN19: FTE % | AO19: Amount | AP19: Sal | AQ19: Ben | AR19: FTE % | AS19: Amount | AT19: Sal | AU19: Ben | AV19: FTE % | AW19: Amount | AX19: Sal | AY19: Ben | AZ19: FTE % | BA19: Amount | BB19: Sal | BC19: Ben | BD19: FTE % | BE19: Amount | BF19: Sal | BG19: Ben | BH19: FTE % | BI19: Amount | BJ19: Sal | BK19: Ben | BL19: FTE % | BM19: Amount | BN19: Sal | BO19: Ben | BP19: FTE % | BQ19: Amount | BR19: Sal | BS19: Ben | BT19: FTE % | BU19: Amount | BV19: Sal | BW19: Ben | BX19: FTE % | BY19: Amount | BZ19: Sal | CA19: Ben | CB19: FTE % | CC19: Amount | CD19: Sal | CE19: Ben | CF19: FTE % | CG19: Amount | CH19: Sal | CI19: Ben | CJ19: FTE % | CK19: Amount | CL19: Sal | CM19: Ben | CN19: FTE % | CO19: Amount | CP19: Sal | CQ19: Ben | CR19: FTE % | CS19: Amount | CT19: Sal | CU19: Ben | CV19: FTE % | CW19: Amount | CX19: Sal | CY19: Ben | CZ19: FTE % | DA19: Amount | DB19: Sal | DC19: Ben | DD19: FTE % | DE19: Amount | DF19: Sal | DG19: Ben | DH19: FTE % | DI19: Amount | DJ19: Sal | DK19: Ben
F20: =E20*12 -> 0 | G20: =IF(C20="",0,IF(C20="50000",$G$4,IF(C20="50010",$G$5,IF(C20="50020",$G$6,IF(C20="50030",$G$7,IF(C20="50040",$G$8,IF(C20="50050",$G$9,IF(C20="50060",$G$10,IF(C20="50090",$G$11,IF(C20="50100",$G$12,IF(C20="50110",$G$13))))))))))) -> 0 | H20: 0 | I20: =F20*H20 -> 0 | J20: =F20*G20*H20 -> 0 | K20: =F20*(1+G20)*H20 -> 0 | L20: 0 | M20: =$K20*L20 -> 0 | N20: =$I20*L20 -> 0 | O20: =$J20*L20 -> 0 | P20: 0 | Q20: =$K20*P20 -> 0 | R20: =$I20*P20 -> 0 | S20: =$J20*P20 -> 0 | T20: 0 | U20: =$K20*T20 -> 0 | V20: =$I20*T20 -> 0 | W20: =$J20*T20 -> 0 | X20: 0 | Y20: =$K20*X20 -> 0 | Z20: =$I20*X20 -> 0 | AA20: =$J20*X20 -> 0 | AB20: 0 | AC20: =$K20*AB20 -> 0 | AD20: =$I20*AB20 -> 0 | AE20: =$J20*AB20 -> 0 | AF20: 0 | AG20: =$K20*AF20 -> 0 | AH20: =$I20*AF20 -> 0 | AI20: =$J20*AF20 -> 0 | AJ20: 0 | AK20: =$K20*AJ20 -> 0 | AL20: =$I20*AJ20 -> 0 | AM20: =$J20*AJ20 -> 0 | AN20: 0 | AO20: =$K20*AN20 -> 0 | AP20: =$I20*AN20 -> 0 | AQ20: =$J20*AN20 -> 0 | AR20: 0 | AS20: =$K20*AR20 -> 0 | AT20: =$I20*AR20 -> 0 | AU20: =$J20*AR20 -> 0 | AV20: 0 | AW20: =$K20*AV20 -> 0 | AX20: =$I20*AV20 -> 0 | AY20: =$J20*AV20 -> 0 | AZ20: 0 | BA20: =$K20*AZ20 -> 0 | BB20: =$I20*AZ20 -> 0 | BC20: =$J20*AZ20 -> 0 | BD20: 0 | BE20: =$K20*BD20 -> 0 | BF20: =$I20*BD20 -> 0 | BG20: =$J20*BD20 -> 0 | BH20: 0 | BI20: =$K20*BH20 -> 0 | BJ20: =$I20*BH20 -> 0 | BK20: =$J20*BH20 -> 0 | BL20: 0 | BM20: =$K20*BL20 -> 0 | BN20: =$I20*BL20 -> 0 | BO20: =$J20*BL20 -> 0 | BP20: 0 | BQ20: =$K20*BP20 -> 0 | BR20: =$I20*BP20 -> 0 | BS20: =$J20*BP20 -> 0 | BT20: 0 | BU20: =$K20*BT20 -> 0 | BV20: =$I20*BT20 -> 0 | BW20: =$J20*BT20 -> 0 | BX20: 0 | BY20: =$K20*BX20 -> 0 | BZ20: =$I20*BX20 -> 0 | CA20: =$J20*BX20 -> 0 | CB20: 0 | CC20: =$K20*CB20 -> 0 | CD20: =$I20*CB20 -> 0 | CE20: =$J20*CB20 -> 0 | CF20: 0 | CG20: =$K20*CF20 -> 0 | CH20: =$I20*CF20 -> 0 | CI20: =$J20*CF20 -> 0 | CJ20: 0 | CK20: =$K20*CJ20 -> 0 | CL20: =$I20*CJ20 -> 0 | CM20: =$J20*CJ20 -> 0 | CN20: 0 | CO20: =$K20*CN20 -> 0 | CP20: =$I20*CN20 -> 0 | CQ20: =$J20*CN20 -> 0 | CR20: 0 | CS20: =$K20*CR20 -> 0 | CT20: =$I20*CR20 -> 0 | CU20: =$J20*CR20 -> 0 | CV20: 0 | CW20: =$K20*CV20 -> 0 | CX20: =$I20*CV20 -> 0 | CY20: =$J20*CV20 -> 0 | CZ20: 0 | DA20: =$K20*CZ20 -> 0 | DB20: =$I20*CZ20 -> 0 | DC20: =$J20*CZ20 -> 0 | DD20: 0 | DE20: =$K20*DD20 -> 0 | DF20: =$I20*DD20 -> 0 | DG20: =$J20*DD20 -> 0 | DH20: 0 | DI20: =$K20*DH20 -> 0 | DJ20: =$I20*DH20 -> 0 | DK20: =$J20*DH20 -> 0 | DM20: =L20+P20+T20+X20+AB20+AF20+AJ20+AN20+AR20+AV20+AZ20+BD20+BH20+BL20+BP20+BT20+BX20+CB20+CF20+CJ20+CN20+CR20+CV20+CZ20+DD20+DH20 -> 0 | DN20: =M20+Q20+U20+Y20+AC20+AG20+AK20+AO20+AS20+AW20+BA20+BE20+BI20+BM20+BQ20+BU20+BY20+CC20+CG20+CK20+CO20+CS20+CW20+DA20+DE20+DI20 -> 0 | DO20: =DN20-K20 -> 0
F21: =E21*12 -> 0 | G21: =IF(C21="",0,IF(C21="50000",$G$4,IF(C21="50010",$G$5,IF(C21="50020",$G$6,IF(C21="50030",$G$7,IF(C21="50040",$G$8,IF(C21="50050",$G$9,IF(C21="50060",$G$10,IF(C21="50090",$G$11,IF(C21="50100",$G$12,IF(C21="50110",$G$13))))))))))) -> 0 | H21: 0 | I21: =F21*H21 -> 0 | J21: =F21*G21*H21 -> 0 | K21: =F21*(1+G21)*H21 -> 0 | L21: 0 | M21: =$K21*L21 -> 0 | N21: =$I21*L21 -> 0 | O21: =$J21*L21 -> 0 | P21: 0 | Q21: =$K21*P21 -> 0 | R21: =$I21*P21 -> 0 | S21: =$J21*P21 -> 0 | T21: 0 | U21: =$K21*T21 -> 0 | V21: =$I21*T21 -> 0 | W21: =$J21*T21 -> 0 | X21: 0 | Y21: =$K21*X21 -> 0 | Z21: =$I21*X21 -> 0 | AA21: =$J21*X21 -> 0 | AB21: 0 | AC21: =$K21*AB21 -> 0 | AD21: =$I21*AB21 -> 0 | AE21: =$J21*AB21 -> 0 | AF21: 0 | AG21: =$K21*AF21 -> 0 | AH21: =$I21*AF21 -> 0 | AI21: =$J21*AF21 -> 0 | AJ21: 0 | AK21: =$K21*AJ21 -> 0 | AL21: =$I21*AJ21 -> 0 | AM21: =$J21*AJ21 -> 0 | AN21: 0 | AO21: =$K21*AN21 -> 0 | AP21: =$I21*AN21 -> 0 | AQ21: =$J21*AN21 -> 0 | AR21: 0 | AS21: =$K21*AR21 -> 0 | AT21: =$I21*AR21 -> 0 | AU21: =$J21*AR21 -> 0 | AV21: 0 | AW21: =$K21*AV21 -> 0 | AX21: =$I21*AV21 -> 0 | AY21: =$J21*AV21 -> 0 | AZ21: 0 | BA21: =$K21*AZ21 -> 0 | BB21: =$I21*AZ21 -> 0 | BC21: =$J21*AZ21 -> 0 | BD21: 0 | BE21: =$K21*BD21 -> 0 | BF21: =$I21*BD21 -> 0 | BG21: =$J21*BD21 -> 0 | BH21: 0 | BI21: =$K21*BH21 -> 0 | BJ21: =$I21*BH21 -> 0 | BK21: =$J21*BH21 -> 0 | BL21: 0 | BM21: =$K21*BL21 -> 0 | BN21: =$I21*BL21 -> 0 | BO21: =$J21*BL21 -> 0 | BP21: 0 | BQ21: =$K21*BP21 -> 0 | BR21: =$I21*BP21 -> 0 | BS21: =$J21*BP21 -> 0 | BT21: 0 | BU21: =$K21*BT21 -> 0 | BV21: =$I21*BT21 -> 0 | BW21: =$J21*BT21 -> 0 | BX21: 0 | BY21: =$K21*BX21 -> 0 | BZ21: =$I21*BX21 -> 0 | CA21: =$J21*BX21 -> 0 | CB21: 0 | CC21: =$K21*CB21 -> 0 | CD21: =$I21*CB21 -> 0 | CE21: =$J21*CB21 -> 0 | CF21: 0 | CG21: =$K21*CF21 -> 0 | CH21: =$I21*CF21 -> 0 | CI21: =$J21*CF21 -> 0 | CJ21: 0 | CK21: =$K21*CJ21 -> 0 | CL21: =$I21*CJ21 -> 0 | CM21: =$J21*CJ21 -> 0 | CN21: 0 | CO21: =$K21*CN21 -> 0 | CP21: =$I21*CN21 -> 0 | CQ21: =$J21*CN21 -> 0 | CR21: 0 | CS21: =$K21*CR21 -> 0 | CT21: =$I21*CR21 -> 0 | CU21: =$J21*CR21 -> 0 | CV21: 0 | CW21: =$K21*CV21 -> 0 | CX21: =$I21*CV21 -> 0 | CY21: =$J21*CV21 -> 0 | CZ21: 0 | DA21: =$K21*CZ21 -> 0 | DB21: =$I21*CZ21 -> 0 | DC21: =$J21*CZ21 -> 0 | DD21: 0 | DE21: =$K21*DD21 -> 0 | DF21: =$I21*DD21 -> 0 | DG21: =$J21*DD21 -> 0 | DH21: 0 | DI21: =$K21*DH21 -> 0 | DJ21: =$I21*DH21 -> 0 | DK21: =$J21*DH21 -> 0 | DM21: =L21+P21+T21+X21+AB21+AF21+AJ21+AN21+AR21+AV21+AZ21+BD21+BH21+BL21+BP21+BT21+BX21+CB21+CF21+CJ21+CN21+CR21+CV21+CZ21+DD21+DH21 -> 0 | DN21: =M21+Q21+U21+Y21+AC21+AG21+AK21+AO21+AS21+AW21+BA21+BE21+BI21+BM21+BQ21+BU21+BY21+CC21+CG21+CK21+CO21+CS21+CW21+DA21+DE21+DI21 -> 0 | DO21: =DN21-K21 -> 0
F22: =E22*12 -> 0 | G22: =IF(C22="",0,IF(C22="50000",$G$4,IF(C22="50010",$G$5,IF(C22="50020",$G$6,IF(C22="50030",$G$7,IF(C22="50040",$G$8,IF(C22="50050",$G$9,IF(C22="50060",$G$10,IF(C22="50090",$G$11,IF(C22="50100",$G$12,IF(C22="50110",$G$13))))))))))) -> 0 | H22: 0 | I22: =F22*H22 -> 0 | J22: =F22*G22*H22 -> 0 | K22: =F22*(1+G22)*H22 -> 0 | L22: 0 | M22: =$K22*L22 -> 0 | N22: =$I22*L22 -> 0 | O22: =$J22*L22 -> 0 | P22: 0 | Q22: =$K22*P22 -> 0 | R22: =$I22*P22 -> 0 | S22: =$J22*P22 -> 0 | T22: 0 | U22: =$K22*T22 -> 0 | V22: =$I22*T22 -> 0 | W22: =$J22*T22 -> 0 | X22: 0 | Y22: =$K22*X22 -> 0 | Z22: =$I22*X22 -> 0 | AA22: =$J22*X22 -> 0 | AB22: 0 | AC22: =$K22*AB22 -> 0 | AD22: =$I22*AB22 -> 0 | AE22: =$J22*AB22 -> 0 | AF22: 0 | AG22: =$K22*AF22 -> 0 | AH22: =$I22*AF22 -> 0 | AI22: =$J22*AF22 -> 0 | AJ22: 0 | AK22: =$K22*AJ22 -> 0 | AL22: =$I22*AJ22 -> 0 | AM22: =$J22*AJ22 -> 0 | AN22: 0 | AO22: =$K22*AN22 -> 0 | AP22: =$I22*AN22 -> 0 | AQ22: =$J22*AN22 -> 0 | AR22: 0 | AS22: =$K22*AR22 -> 0 | AT22: =$I22*AR22 -> 0 | AU22: =$J22*AR22 -> 0 | AV22: 0 | AW22: =$K22*AV22 -> 0 | AX22: =$I22*AV22 -> 0 | AY22: =$J22*AV22 -> 0 | AZ22: 0 | BA22: =$K22*AZ22 -> 0 | BB22: =$I22*AZ22 -> 0 | BC22: =$J22*AZ22 -> 0 | BD22: 0 | BE22: =$K22*BD22 -> 0 | BF22: =$I22*BD22 -> 0 | BG22: =$J22*BD22 -> 0 | BH22: 0 | BI22: =$K22*BH22 -> 0 | BJ22: =$I22*BH22 -> 0 | BK22: =$J22*BH22 -> 0 | BL22: 0 | BM22: =$K22*BL22 -> 0 | BN22: =$I22*BL22 -> 0 | BO22: =$J22*BL22 -> 0 | BP22: 0 | BQ22: =$K22*BP22 -> 0 | BR22: =$I22*BP22 -> 0 | BS22: =$J22*BP22 -> 0 | BT22: 0 | BU22: =$K22*BT22 -> 0 | BV22: =$I22*BT22 -> 0 | BW22: =$J22*BT22 -> 0 | BX22: 0 | BY22: =$K22*BX22 -> 0 | BZ22: =$I22*BX22 -> 0 | CA22: =$J22*BX22 -> 0 | CB22: 0 | CC22: =$K22*CB22 -> 0 | CD22: =$I22*CB22 -> 0 | CE22: =$J22*CB22 -> 0 | CF22: 0 | CG22: =$K22*CF22 -> 0 | CH22: =$I22*CF22 -> 0 | CI22: =$J22*CF22 -> 0 | CJ22: 0 | CK22: =$K22*CJ22 -> 0 | CL22: =$I22*CJ22 -> 0 | CM22: =$J22*CJ22 -> 0 | CN22: 0 | CO22: =$K22*CN22 -> 0 | CP22: =$I22*CN22 -> 0 | CQ22: =$J22*CN22 -> 0 | CR22: 0 | CS22: =$K22*CR22 -> 0 | CT22: =$I22*CR22 -> 0 | CU22: =$J22*CR22 -> 0 | CV22: 0 | CW22: =$K22*CV22 -> 0 | CX22: =$I22*CV22 -> 0 | CY22: =$J22*CV22 -> 0 | CZ22: 0 | DA22: =$K22*CZ22 -> 0 | DB22: =$I22*CZ22 -> 0 | DC22: =$J22*CZ22 -> 0 | DD22: 0 | DE22: =$K22*DD22 -> 0 | DF22: =$I22*DD22 -> 0 | DG22: =$J22*DD22 -> 0 | DH22: 0 | DI22: =$K22*DH22 -> 0 | DJ22: =$I22*DH22 -> 0 | DK22: =$J22*DH22 -> 0 | DM22: =L22+P22+T22+X22+AB22+AF22+AJ22+AN22+AR22+AV22+AZ22+BD22+BH22+BL22+BP22+BT22+BX22+CB22+CF22+CJ22+CN22+CR22+CV22+CZ22+DD22+DH22 -> 0 | DN22: =M22+Q22+U22+Y22+AC22+AG22+AK22+AO22+AS22+AW22+BA22+BE22+BI22+BM22+BQ22+BU22+BY22+CC22+CG22+CK22+CO22+CS22+CW22+DA22+DE22+DI22 -> 0 | DO22: =DN22-K22 -> 0
F23: =E23*12 -> 0 | G23: =IF(C23="",0,IF(C23="50000",$G$4,IF(C23="50010",$G$5,IF(C23="50020",$G$6,IF(C23="50030",$G$7,IF(C23="50040",$G$8,IF(C23="50050",$G$9,IF(C23="50060",$G$10,IF(C23="50090",$G$11,IF(C23="50100",$G$12,IF(C23="50110",$G$13))))))))))) -> 0 | H23: 0 | I23: =F23*H23 -> 0 | J23: =F23*G23*H23 -> 0 | K23: =F23*(1+G23)*H23 -> 0 | L23: 0 | M23: =$K23*L23 -> 0 | N23: =$I23*L23 -> 0 | O23: =$J23*L23 -> 0 | P23: 0 | Q23: =$K23*P23 -> 0 | R23: =$I23*P23 -> 0 | S23: =$J23*P23 -> 0 | T23: 0 | U23: =$K23*T23 -> 0 | V23: =$I23*T23 -> 0 | W23: =$J23*T23 -> 0 | X23: 0 | Y23: =$K23*X23 -> 0 | Z23: =$I23*X23 -> 0 | AA23: =$J23*X23 -> 0 | AB23: 0 | AC23: =$K23*AB23 -> 0 | AD23: =$I23*AB23 -> 0 | AE23: =$J23*AB23 -> 0 | AF23: 0 | AG23: =$K23*AF23 -> 0 | AH23: =$I23*AF23 -> 0 | AI23: =$J23*AF23 -> 0 | AJ23: 0 | AK23: =$K23*AJ23 -> 0 | AL23: =$I23*AJ23 -> 0 | AM23: =$J23*AJ23 -> 0 | AN23: 0 | AO23: =$K23*AN23 -> 0 | AP23: =$I23*AN23 -> 0 | AQ23: =$J23*AN23 -> 0 | AR23: 0 | AS23: =$K23*AR23 -> 0 | AT23: =$I23*AR23 -> 0 | AU23: =$J23*AR23 -> 0 | AV23: 0 | AW23: =$K23*AV23 -> 0 | AX23: =$I23*AV23 -> 0 | AY23: =$J23*AV23 -> 0 | AZ23: 0 | BA23: =$K23*AZ23 -> 0 | BB23: =$I23*AZ23 -> 0 | BC23: =$J23*AZ23 -> 0 | BD23: 0 | BE23: =$K23*BD23 -> 0 | BF23: =$I23*BD23 -> 0 | BG23: =$J23*BD23 -> 0 | BH23: 0 | BI23: =$K23*BH23 -> 0 | BJ23: =$I23*BH23 -> 0 | BK23: =$J23*BH23 -> 0 | BL23: 0 | BM23: =$K23*BL23 -> 0 | BN23: =$I23*BL23 -> 0 | BO23: =$J23*BL23 -> 0 | BP23: 0 | BQ23: =$K23*BP23 -> 0 | BR23: =$I23*BP23 -> 0 | BS23: =$J23*BP23 -> 0 | BT23: 0 | BU23: =$K23*BT23 -> 0 | BV23: =$I23*BT23 -> 0 | BW23: =$J23*BT23 -> 0 | BX23: 0 | BY23: =$K23*BX23 -> 0 | BZ23: =$I23*BX23 -> 0 | CA23: =$J23*BX23 -> 0 | CB23: 0 | CC23: =$K23*CB23 -> 0 | CD23: =$I23*CB23 -> 0 | CE23: =$J23*CB23 -> 0 | CF23: 0 | CG23: =$K23*CF23 -> 0 | CH23: =$I23*CF23 -> 0 | CI23: =$J23*CF23 -> 0 | CJ23: 0 | CK23: =$K23*CJ23 -> 0 | CL23: =$I23*CJ23 -> 0 | CM23: =$J23*CJ23 -> 0 | CN23: 0 | CO23: =$K23*CN23 -> 0 | CP23: =$I23*CN23 -> 0 | CQ23: =$J23*CN23 -> 0 | CR23: 0 | CS23: =$K23*CR23 -> 0 | CT23: =$I23*CR23 -> 0 | CU23: =$J23*CR23 -> 0 | CV23: 0 | CW23: =$K23*CV23 -> 0 | CX23: =$I23*CV23 -> 0 | CY23: =$J23*CV23 -> 0 | CZ23: 0 | DA23: =$K23*CZ23 -> 0 | DB23: =$I23*CZ23 -> 0 | DC23: =$J23*CZ23 -> 0 | DD23: 0 | DE23: =$K23*DD23 -> 0 | DF23: =$I23*DD23 -> 0 | DG23: =$J23*DD23 -> 0 | DH23: 0 | DI23: =$K23*DH23 -> 0 | DJ23: =$I23*DH23 -> 0 | DK23: =$J23*DH23 -> 0 | DM23: =L23+P23+T23+X23+AB23+AF23+AJ23+AN23+AR23+AV23+AZ23+BD23+BH23+BL23+BP23+BT23+BX23+CB23+CF23+CJ23+CN23+CR23+CV23+CZ23+DD23+DH23 -> 0 | DN23: =M23+Q23+U23+Y23+AC23+AG23+AK23+AO23+AS23+AW23+BA23+BE23+BI23+BM23+BQ23+BU23+BY23+CC23+CG23+CK23+CO23+CS23+CW23+DA23+DE23+DI23 -> 0 | DO23: =DN23-K23 -> 0
F24: =E24*12 -> 0 | G24: =IF(C24="",0,IF(C24="50000",$G$4,IF(C24="50010",$G$5,IF(C24="50020",$G$6,IF(C24="50030",$G$7,IF(C24="50040",$G$8,IF(C24="50050",$G$9,IF(C24="50060",$G$10,IF(C24="50090",$G$11,IF(C24="50100",$G$12,IF(C24="50110",$G$13))))))))))) -> 0 | H24: 0 | I24: =F24*H24 -> 0 | J24: =F24*G24*H24 -> 0 | K24: =F24*(1+G24)*H24 -> 0 | L24: 0 | M24: =$K24*L24 -> 0 | N24: =$I24*L24 -> 0 | O24: =$J24*L24 -> 0 | P24: 0 | Q24: =$K24*P24 -> 0 | R24: =$I24*P24 -> 0 | S24: =$J24*P24 -> 0 | T24: 0 | U24: =$K24*T24 -> 0 | V24: =$I24*T24 -> 0 | W24: =$J24*T24 -> 0 | X24: 0 | Y24: =$K24*X24 -> 0 | Z24: =$I24*X24 -> 0 | AA24: =$J24*X24 -> 0 | AB24: 0 | AC24: =$K24*AB24 -> 0 | AD24: =$I24*AB24 -> 0 | AE24: =$J24*AB24 -> 0 | AF24: 0 | AG24: =$K24*AF24 -> 0 | AH24: =$I24*AF24 -> 0 | AI24: =$J24*AF24 -> 0 | AJ24: 0 | AK24: =$K24*AJ24 -> 0 | AL24: =$I24*AJ24 -> 0 | AM24: =$J24*AJ24 -> 0 | AN24: 0 | AO24: =$K24*AN24 -> 0 | AP24: =$I24*AN24 -> 0 | AQ24: =$J24*AN24 -> 0 | AR24: 0 | AS24: =$K24*AR24 -> 0 | AT24: =$I24*AR24 -> 0 | AU24: =$J24*AR24 -> 0 | AV24: 0 | AW24: =$K24*AV24 -> 0 | AX24: =$I24*AV24 -> 0 | AY24: =$J24*AV24 -> 0 | AZ24: 0 | BA24: =$K24*AZ24 -> 0 | BB24: =$I24*AZ24 -> 0 | BC24: =$J24*AZ24 -> 0 | BD24: 0 | BE24: =$K24*BD24 -> 0 | BF24: =$I24*BD24 -> 0 | BG24: =$J24*BD24 -> 0 | BH24: 0 | BI24: =$K24*BH24 -> 0 | BJ24: =$I24*BH24 -> 0 | BK24: =$J24*BH24 -> 0 | BL24: 0 | BM24: =$K24*BL24 -> 0 | BN24: =$I24*BL24 -> 0 | BO24: =$J24*BL24 -> 0 | BP24: 0 | BQ24: =$K24*BP24 -> 0 | BR24: =$I24*BP24 -> 0 | BS24: =$J24*BP24 -> 0 | BT24: 0 | BU24: =$K24*BT24 -> 0 | BV24: =$I24*BT24 -> 0 | BW24: =$J24*BT24 -> 0 | BX24: 0 | BY24: =$K24*BX24 -> 0 | BZ24: =$I24*BX24 -> 0 | CA24: =$J24*BX24 -> 0 | CB24: 0 | CC24: =$K24*CB24 -> 0 | CD24: =$I24*CB24 -> 0 | CE24: =$J24*CB24 -> 0 | CF24: 0 | CG24: =$K24*CF24 -> 0 | CH24: =$I24*CF24 -> 0 | CI24: =$J24*CF24 -> 0 | CJ24: 0 | CK24: =$K24*CJ24 -> 0 | CL24: =$I24*CJ24 -> 0 | CM24: =$J24*CJ24 -> 0 | CN24: 0 | CO24: =$K24*CN24 -> 0 | CP24: =$I24*CN24 -> 0 | CQ24: =$J24*CN24 -> 0 | CR24: 0 | CS24: =$K24*CR24 -> 0 | CT24: =$I24*CR24 -> 0 | CU24: =$J24*CR24 -> 0 | CV24: 0 | CW24: =$K24*CV24 -> 0 | CX24: =$I24*CV24 -> 0 | CY24: =$J24*CV24 -> 0 | CZ24: 0 | DA24: =$K24*CZ24 -> 0 | DB24: =$I24*CZ24 -> 0 | DC24: =$J24*CZ24 -> 0 | DD24: 0 | DE24: =$K24*DD24 -> 0 | DF24: =$I24*DD24 -> 0 | DG24: =$J24*DD24 -> 0 | DH24: 0 | DI24: =$K24*DH24 -> 0 | DJ24: =$I24*DH24 -> 0 | DK24: =$J24*DH24 -> 0 | DM24: =L24+P24+T24+X24+AB24+AF24+AJ24+AN24+AR24+AV24+AZ24+BD24+BH24+BL24+BP24+BT24+BX24+CB24+CF24+CJ24+CN24+CR24+CV24+CZ24+DD24+DH24 -> 0 | DN24: =M24+Q24+U24+Y24+AC24+AG24+AK24+AO24+AS24+AW24+BA24+BE24+BI24+BM24+BQ24+BU24+BY24+CC24+CG24+CK24+CO24+CS24+CW24+DA24+DE24+DI24 -> 0 | DO24: =DN24-K24 -> 0
F25: =E25*12 -> 0 | G25: =IF(C25="",0,IF(C25="50000",$G$4,IF(C25="50010",$G$5,IF(C25="50020",$G$6,IF(C25="50030",$G$7,IF(C25="50040",$G$8,IF(C25="50050",$G$9,IF(C25="50060",$G$10,IF(C25="50090",$G$11,IF(C25="50100",$G$12,IF(C25="50110",$G$13))))))))))) -> 0 | H25: 0 | I25: =F25*H25 -> 0 | J25: =F25*G25*H25 -> 0 | K25: =F25*(1+G25)*H25 -> 0 | L25: 0 | M25: =$K25*L25 -> 0 | N25: =$I25*L25 -> 0 | O25: =$J25*L25 -> 0 | P25: 0 | Q25: =$K25*P25 -> 0 | R25: =$I25*P25 -> 0 | S25: =$J25*P25 -> 0 | T25: 0 | U25: =$K25*T25 -> 0 | V25: =$I25*T25 -> 0 | W25: =$J25*T25 -> 0 | X25: 0 | Y25: =$K25*X25 -> 0 | Z25: =$I25*X25 -> 0 | AA25: =$J25*X25 -> 0 | AB25: 0 | AC25: =$K25*AB25 -> 0 | AD25: =$I25*AB25 -> 0 | AE25: =$J25*AB25 -> 0 | AF25: 0 | AG25: =$K25*AF25 -> 0 | AH25: =$I25*AF25 -> 0 | AI25: =$J25*AF25 -> 0 | AJ25: 0 | AK25: =$K25*AJ25 -> 0 | AL25: =$I25*AJ25 -> 0 | AM25: =$J25*AJ25 -> 0 | AN25: 0 | AO25: =$K25*AN25 -> 0 | AP25: =$I25*AN25 -> 0 | AQ25: =$J25*AN25 -> 0 | AR25: 0 | AS25: =$K25*AR25 -> 0 | AT25: =$I25*AR25 -> 0 | AU25: =$J25*AR25 -> 0 | AV25: 0 | AW25: =$K25*AV25 -> 0 | AX25: =$I25*AV25 -> 0 | AY25: =$J25*AV25 -> 0 | AZ25: 0 | BA25: =$K25*AZ25 -> 0 | BB25: =$I25*AZ25 -> 0 | BC25: =$J25*AZ25 -> 0 | BD25: 0 | BE25: =$K25*BD25 -> 0 | BF25: =$I25*BD25 -> 0 | BG25: =$J25*BD25 -> 0 | BH25: 0 | BI25: =$K25*BH25 -> 0 | BJ25: =$I25*BH25 -> 0 | BK25: =$J25*BH25 -> 0 | BL25: 0 | BM25: =$K25*BL25 -> 0 | BN25: =$I25*BL25 -> 0 | BO25: =$J25*BL25 -> 0 | BP25: 0 | BQ25: =$K25*BP25 -> 0 | BR25: =$I25*BP25 -> 0 | BS25: =$J25*BP25 -> 0 | BT25: 0 | BU25: =$K25*BT25 -> 0 | BV25: =$I25*BT25 -> 0 | BW25: =$J25*BT25 -> 0 | BX25: 0 | BY25: =$K25*BX25 -> 0 | BZ25: =$I25*BX25 -> 0 | CA25: =$J25*BX25 -> 0 | CB25: 0 | CC25: =$K25*CB25 -> 0 | CD25: =$I25*CB25 -> 0 | CE25: =$J25*CB25 -> 0 | CF25: 0 | CG25: =$K25*CF25 -> 0 | CH25: =$I25*CF25 -> 0 | CI25: =$J25*CF25 -> 0 | CJ25: 0 | CK25: =$K25*CJ25 -> 0 | CL25: =$I25*CJ25 -> 0 | CM25: =$J25*CJ25 -> 0 | CN25: 0 | CO25: =$K25*CN25 -> 0 | CP25: =$I25*CN25 -> 0 | CQ25: =$J25*CN25 -> 0 | CR25: 0 | CS25: =$K25*CR25 -> 0 | CT25: =$I25*CR25 -> 0 | CU25: =$J25*CR25 -> 0 | CV25: 0 | CW25: =$K25*CV25 -> 0 | CX25: =$I25*CV25 -> 0 | CY25: =$J25*CV25 -> 0 | CZ25: 0 | DA25: =$K25*CZ25 -> 0 | DB25: =$I25*CZ25 -> 0 | DC25: =$J25*CZ25 -> 0 | DD25: 0 | DE25: =$K25*DD25 -> 0 | DF25: =$I25*DD25 -> 0 | DG25: =$J25*DD25 -> 0 | DH25: 0 | DI25: =$K25*DH25 -> 0 | DJ25: =$I25*DH25 -> 0 | DK25: =$J25*DH25 -> 0 | DM25: =L25+P25+T25+X25+AB25+AF25+AJ25+AN25+AR25+AV25+AZ25+BD25+BH25+BL25+BP25+BT25+BX25+CB25+CF25+CJ25+CN25+CR25+CV25+CZ25+DD25+DH25 -> 0 | DN25: =M25+Q25+U25+Y25+AC25+AG25+AK25+AO25+AS25+AW25+BA25+BE25+BI25+BM25+BQ25+BU25+BY25+CC25+CG25+CK25+CO25+CS25+CW25+DA25+DE25+DI25 -> 0 | DO25: =DN25-K25 -> 0
F26: =E26*12 -> 0 | G26: =IF(C26="",0,IF(C26="50000",$G$4,IF(C26="50010",$G$5,IF(C26="50020",$G$6,IF(C26="50030",$G$7,IF(C26="50040",$G$8,IF(C26="50050",$G$9,IF(C26="50060",$G$10,IF(C26="50090",$G$11,IF(C26="50100",$G$12,IF(C26="50110",$G$13))))))))))) -> 0 | H26: 0 | I26: =F26*H26 -> 0 | J26: =F26*G26*H26 -> 0 | K26: =F26*(1+G26)*H26 -> 0 | L26: 0 | M26: =$K26*L26 -> 0 | N26: =$I26*L26 -> 0 | O26: =$J26*L26 -> 0 | P26: 0 | Q26: =$K26*P26 -> 0 | R26: =$I26*P26 -> 0 | S26: =$J26*P26 -> 0 | T26: 0 | U26: =$K26*T26 -> 0 | V26: =$I26*T26 -> 0 | W26: =$J26*T26 -> 0 | X26: 0 | Y26: =$K26*X26 -> 0 | Z26: =$I26*X26 -> 0 | AA26: =$J26*X26 -> 0 | AB26: 0 | AC26: =$K26*AB26 -> 0 | AD26: =$I26*AB26 -> 0 | AE26: =$J26*AB26 -> 0 | AF26: 0 | AG26: =$K26*AF26 -> 0 | AH26: =$I26*AF26 -> 0 | AI26: =$J26*AF26 -> 0 | AJ26: 0 | AK26: =$K26*AJ26 -> 0 | AL26: =$I26*AJ26 -> 0 | AM26: =$J26*AJ26 -> 0 | AN26: 0 | AO26: =$K26*AN26 -> 0 | AP26: =$I26*AN26 -> 0 | AQ26: =$J26*AN26 -> 0 | AR26: 0 | AS26: =$K26*AR26 -> 0 | AT26: =$I26*AR26 -> 0 | AU26: =$J26*AR26 -> 0 | AV26: 0 | AW26: =$K26*AV26 -> 0 | AX26: =$I26*AV26 -> 0 | AY26: =$J26*AV26 -> 0 | AZ26: 0 | BA26: =$K26*AZ26 -> 0 | BB26: =$I26*AZ26 -> 0 | BC26: =$J26*AZ26 -> 0 | BD26: 0 | BE26: =$K26*BD26 -> 0 | BF26: =$I26*BD26 -> 0 | BG26: =$J26*BD26 -> 0 | BH26: 0 | BI26: =$K26*BH26 -> 0 | BJ26: =$I26*BH26 -> 0 | BK26: =$J26*BH26 -> 0 | BL26: 0 | BM26: =$K26*BL26 -> 0 | BN26: =$I26*BL26 -> 0 | BO26: =$J26*BL26 -> 0 | BP26: 0 | BQ26: =$K26*BP26 -> 0 | BR26: =$I26*BP26 -> 0 | BS26: =$J26*BP26 -> 0 | BT26: 0 | BU26: =$K26*BT26 -> 0 | BV26: =$I26*BT26 -> 0 | BW26: =$J26*BT26 -> 0 | BX26: 0 | BY26: =$K26*BX26 -> 0 | BZ26: =$I26*BX26 -> 0 | CA26: =$J26*BX26 -> 0 | CB26: 0 | CC26: =$K26*CB26 -> 0 | CD26: =$I26*CB26 -> 0 | CE26: =$J26*CB26 -> 0 | CF26: 0 | CG26: =$K26*CF26 -> 0 | CH26: =$I26*CF26 -> 0 | CI26: =$J26*CF26 -> 0 | CJ26: 0 | CK26: =$K26*CJ26 -> 0 | CL26: =$I26*CJ26 -> 0 | CM26: =$J26*CJ26 -> 0 | CN26: 0 | CO26: =$K26*CN26 -> 0 | CP26: =$I26*CN26 -> 0 | CQ26: =$J26*CN26 -> 0 | CR26: 0 | CS26: =$K26*CR26 -> 0 | CT26: =$I26*CR26 -> 0 | CU26: =$J26*CR26 -> 0 | CV26: 0 | CW26: =$K26*CV26 -> 0 | CX26: =$I26*CV26 -> 0 | CY26: =$J26*CV26 -> 0 | CZ26: 0 | DA26: =$K26*CZ26 -> 0 | DB26: =$I26*CZ26 -> 0 | DC26: =$J26*CZ26 -> 0 | DD26: 0 | DE26: =$K26*DD26 -> 0 | DF26: =$I26*DD26 -> 0 | DG26: =$J26*DD26 -> 0 | DH26: 0 | DI26: =$K26*DH26 -> 0 | DJ26: =$I26*DH26 -> 0 | DK26: =$J26*DH26 -> 0 | DM26: =L26+P26+T26+X26+AB26+AF26+AJ26+AN26+AR26+AV26+AZ26+BD26+BH26+BL26+BP26+BT26+BX26+CB26+CF26+CJ26+CN26+CR26+CV26+CZ26+DD26+DH26 -> 0 | DN26: =M26+Q26+U26+Y26+AC26+AG26+AK26+AO26+AS26+AW26+BA26+BE26+BI26+BM26+BQ26+BU26+BY26+CC26+CG26+CK26+CO26+CS26+CW26+DA26+DE26+DI26 -> 0 | DO26: =DN26-K26 -> 0
F27: =E27*12 -> 0 | G27: =IF(C27="",0,IF(C27="50000",$G$4,IF(C27="50010",$G$5,IF(C27="50020",$G$6,IF(C27="50030",$G$7,IF(C27="50040",$G$8,IF(C27="50050",$G$9,IF(C27="50060",$G$10,IF(C27="50090",$G$11,IF(C27="50100",$G$12,IF(C27="50110",$G$13))))))))))) -> 0 | H27: 0 | I27: =F27*H27 -> 0 | J27: =F27*G27*H27 -> 0 | K27: =F27*(1+G27)*H27 -> 0 | L27: 0 | M27: =$K27*L27 -> 0 | N27: =$I27*L27 -> 0 | O27: =$J27*L27 -> 0 | P27: 0 | Q27: =$K27*P27 -> 0 | R27: =$I27*P27 -> 0 | S27: =$J27*P27 -> 0 | T27: 0 | U27: =$K27*T27 -> 0 | V27: =$I27*T27 -> 0 | W27: =$J27*T27 -> 0 | X27: 0 | Y27: =$K27*X27 -> 0 | Z27: =$I27*X27 -> 0 | AA27: =$J27*X27 -> 0 | AB27: 0 | AC27: =$K27*AB27 -> 0 | AD27: =$I27*AB27 -> 0 | AE27: =$J27*AB27 -> 0 | AF27: 0 | AG27: =$K27*AF27 -> 0 | AH27: =$I27*AF27 -> 0 | AI27: =$J27*AF27 -> 0 | AJ27: 0 | AK27: =$K27*AJ27 -> 0 | AL27: =$I27*AJ27 -> 0 | AM27: =$J27*AJ27 -> 0 | AN27: 0 | AO27: =$K27*AN27 -> 0 | AP27: =$I27*AN27 -> 0 | AQ27: =$J27*AN27 -> 0 | AR27: 0 | AS27: =$K27*AR27 -> 0 | AT27: =$I27*AR27 -> 0 | AU27: =$J27*AR27 -> 0 | AV27: 0 | AW27: =$K27*AV27 -> 0 | AX27: =$I27*AV27 -> 0 | AY27: =$J27*AV27 -> 0 | AZ27: 0 | BA27: =$K27*AZ27 -> 0 | BB27: =$I27*AZ27 -> 0 | BC27: =$J27*AZ27 -> 0 | BD27: 0 | BE27: =$K27*BD27 -> 0 | BF27: =$I27*BD27 -> 0 | BG27: =$J27*BD27 -> 0 | BH27: 0 | BI27: =$K27*BH27 -> 0 | BJ27: =$I27*BH27 -> 0 | BK27: =$J27*BH27 -> 0 | BL27: 0 | BM27: =$K27*BL27 -> 0 | BN27: =$I27*BL27 -> 0 | BO27: =$J27*BL27 -> 0 | BP27: 0 | BQ27: =$K27*BP27 -> 0 | BR27: =$I27*BP27 -> 0 | BS27: =$J27*BP27 -> 0 | BT27: 0 | BU27: =$K27*BT27 -> 0 | BV27: =$I27*BT27 -> 0 | BW27: =$J27*BT27 -> 0 | BX27: 0 | BY27: =$K27*BX27 -> 0 | BZ27: =$I27*BX27 -> 0 | CA27: =$J27*BX27 -> 0 | CB27: 0 | CC27: =$K27*CB27 -> 0 | CD27: =$I27*CB27 -> 0 | CE27: =$J27*CB27 -> 0 | CF27: 0 | CG27: =$K27*CF27 -> 0 | CH27: =$I27*CF27 -> 0 | CI27: =$J27*CF27 -> 0 | CJ27: 0 | CK27: =$K27*CJ27 -> 0 | CL27: =$I27*CJ27 -> 0 | CM27: =$J27*CJ27 -> 0 | CN27: 0 | CO27: =$K27*CN27 -> 0 | CP27: =$I27*CN27 -> 0 | CQ27: =$J27*CN27 -> 0 | CR27: 0 | CS27: =$K27*CR27 -> 0 | CT27: =$I27*CR27 -> 0 | CU27: =$J27*CR27 -> 0 | CV27: 0 | CW27: =$K27*CV27 -> 0 | CX27: =$I27*CV27 -> 0 | CY27: =$J27*CV27 -> 0 | CZ27: 0 | DA27: =$K27*CZ27 -> 0 | DB27: =$I27*CZ27 -> 0 | DC27: =$J27*CZ27 -> 0 | DD27: 0 | DE27: =$K27*DD27 -> 0 | DF27: =$I27*DD27 -> 0 | DG27: =$J27*DD27 -> 0 | DH27: 0 | DI27: =$K27*DH27 -> 0 | DJ27: =$I27*DH27 -> 0 | DK27: =$J27*DH27 -> 0 | DM27: =L27+P27+T27+X27+AB27+AF27+AJ27+AN27+AR27+AV27+AZ27+BD27+BH27+BL27+BP27+BT27+BX27+CB27+CF27+CJ27+CN27+CR27+CV27+CZ27+DD27+DH27 -> 0 | DN27: =M27+Q27+U27+Y27+AC27+AG27+AK27+AO27+AS27+AW27+BA27+BE27+BI27+BM27+BQ27+BU27+BY27+CC27+CG27+CK27+CO27+CS27+CW27+DA27+DE27+DI27 -> 0 | DO27: =DN27-K27 -> 0
F28: =E28*12 -> 0 | G28: =IF(C28="",0,IF(C28="50000",$G$4,IF(C28="50010",$G$5,IF(C28="50020",$G$6,IF(C28="50030",$G$7,IF(C28="50040",$G$8,IF(C28="50050",$G$9,IF(C28="50060",$G$10,IF(C28="50090",$G$11,IF(C28="50100",$G$12,IF(C28="50110",$G$13))))))))))) -> 0 | H28: 0 | I28: =F28*H28 -> 0 | J28: =F28*G28*H28 -> 0 | K28: =F28*(1+G28)*H28 -> 0 | L28: 0 | M28: =$K28*L28 -> 0 | N28: =$I28*L28 -> 0 | O28: =$J28*L28 -> 0 | P28: 0 | Q28: =$K28*P28 -> 0 | R28: =$I28*P28 -> 0 | S28: =$J28*P28 -> 0 | T28: 0 | U28: =$K28*T28 -> 0 | V28: =$I28*T28 -> 0 | W28: =$J28*T28 -> 0 | X28: 0 | Y28: =$K28*X28 -> 0 | Z28: =$I28*X28 -> 0 | AA28: =$J28*X28 -> 0 | AB28: 0 | AC28: =$K28*AB28 -> 0 | AD28: =$I28*AB28 -> 0 | AE28: =$J28*AB28 -> 0 | AF28: 0 | AG28: =$K28*AF28 -> 0 | AH28: =$I28*AF28 -> 0 | AI28: =$J28*AF28 -> 0 | AJ28: 0 | AK28: =$K28*AJ28 -> 0 | AL28: =$I28*AJ28 -> 0 | AM28: =$J28*AJ28 -> 0 | AN28: 0 | AO28: =$K28*AN28 -> 0 | AP28: =$I28*AN28 -> 0 | AQ28: =$J28*AN28 -> 0 | AR28: 0 | AS28: =$K28*AR28 -> 0 | AT28: =$I28*AR28 -> 0 | AU28: =$J28*AR28 -> 0 | AV28: 0 | AW28: =$K28*AV28 -> 0 | AX28: =$I28*AV28 -> 0 | AY28: =$J28*AV28 -> 0 | AZ28: 0 | BA28: =$K28*AZ28 -> 0 | BB28: =$I28*AZ28 -> 0 | BC28: =$J28*AZ28 -> 0 | BD28: 0 | BE28: =$K28*BD28 -> 0 | BF28: =$I28*BD28 -> 0 | BG28: =$J28*BD28 -> 0 | BH28: 0 | BI28: =$K28*BH28 -> 0 | BJ28: =$I28*BH28 -> 0 | BK28: =$J28*BH28 -> 0 | BL28: 0 | BM28: =$K28*BL28 -> 0 | BN28: =$I28*BL28 -> 0 | BO28: =$J28*BL28 -> 0 | BP28: 0 | BQ28: =$K28*BP28 -> 0 | BR28: =$I28*BP28 -> 0 | BS28: =$J28*BP28 -> 0 | BT28: 0 | BU28: =$K28*BT28 -> 0 | BV28: =$I28*BT28 -> 0 | BW28: =$J28*BT28 -> 0 | BX28: 0 | BY28: =$K28*BX28 -> 0 | BZ28: =$I28*BX28 -> 0 | CA28: =$J28*BX28 -> 0 | CB28: 0 | CC28: =$K28*CB28 -> 0 | CD28: =$I28*CB28 -> 0 | CE28: =$J28*CB28 -> 0 | CF28: 0 | CG28: =$K28*CF28 -> 0 | CH28: =$I28*CF28 -> 0 | CI28: =$J28*CF28 -> 0 | CJ28: 0 | CK28: =$K28*CJ28 -> 0 | CL28: =$I28*CJ28 -> 0 | CM28: =$J28*CJ28 -> 0 | CN28: 0 | CO28: =$K28*CN28 -> 0 | CP28: =$I28*CN28 -> 0 | CQ28: =$J28*CN28 -> 0 | CR28: 0 | CS28: =$K28*CR28 -> 0 | CT28: =$I28*CR28 -> 0 | CU28: =$J28*CR28 -> 0 | CV28: 0 | CW28: =$K28*CV28 -> 0 | CX28: =$I28*CV28 -> 0 | CY28: =$J28*CV28 -> 0 | CZ28: 0 | DA28: =$K28*CZ28 -> 0 | DB28: =$I28*CZ28 -> 0 | DC28: =$J28*CZ28 -> 0 | DD28: 0 | DE28: =$K28*DD28 -> 0 | DF28: =$I28*DD28 -> 0 | DG28: =$J28*DD28 -> 0 | DH28: 0 | DI28: =$K28*DH28 -> 0 | DJ28: =$I28*DH28 -> 0 | DK28: =$J28*DH28 -> 0 | DM28: =L28+P28+T28+X28+AB28+AF28+AJ28+AN28+AR28+AV28+AZ28+BD28+BH28+BL28+BP28+BT28+BX28+CB28+CF28+CJ28+CN28+CR28+CV28+CZ28+DD28+DH28 -> 0 | DN28: =M28+Q28+U28+Y28+AC28+AG28+AK28+AO28+AS28+AW28+BA28+BE28+BI28+BM28+BQ28+BU28+BY28+CC28+CG28+CK28+CO28+CS28+CW28+DA28+DE28+DI28 -> 0 | DO28: =DN28-K28 -> 0
F29: =E29*12 -> 0 | G29: =IF(C29="",0,IF(C29="50000",$G$4,IF(C29="50010",$G$5,IF(C29="50020",$G$6,IF(C29="50030",$G$7,IF(C29="50040",$G$8,IF(C29="50050",$G$9,IF(C29="50060",$G$10,IF(C29="50090",$G$11,IF(C29="50100",$G$12,IF(C29="50110",$G$13))))))))))) -> 0 | H29: 0 | I29: =F29*H29 -> 0 | J29: =F29*G29*H29 -> 0 | K29: =F29*(1+G29)*H29 -> 0 | L29: 0 | M29: =$K29*L29 -> 0 | N29: =$I29*L29 -> 0 | O29: =$J29*L29 -> 0 | P29: 0 | Q29: =$K29*P29 -> 0 | R29: =$I29*P29 -> 0 | S29: =$J29*P29 -> 0 | T29: 0 | U29: =$K29*T29 -> 0 | V29: =$I29*T29 -> 0 | W29: =$J29*T29 -> 0 | X29: 0 | Y29: =$K29*X29 -> 0 | Z29: =$I29*X29 -> 0 | AA29: =$J29*X29 -> 0 | AB29: 0 | AC29: =$K29*AB29 -> 0 | AD29: =$I29*AB29 -> 0 | AE29: =$J29*AB29 -> 0 | AF29: 0 | AG29: =$K29*AF29 -> 0 | AH29: =$I29*AF29 -> 0 | AI29: =$J29*AF29 -> 0 | AJ29: 0 | AK29: =$K29*AJ29 -> 0 | AL29: =$I29*AJ29 -> 0 | AM29: =$J29*AJ29 -> 0 | AN29: 0 | AO29: =$K29*AN29 -> 0 | AP29: =$I29*AN29 -> 0 | AQ29: =$J29*AN29 -> 0 | AR29: 0 | AS29: =$K29*AR29 -> 0 | AT29: =$I29*AR29 -> 0 | AU29: =$J29*AR29 -> 0 | AV29: 0 | AW29: =$K29*AV29 -> 0 | AX29: =$I29*AV29 -> 0 | AY29: =$J29*AV29 -> 0 | AZ29: 0 | BA29: =$K29*AZ29 -> 0 | BB29: =$I29*AZ29 -> 0 | BC29: =$J29*AZ29 -> 0 | BD29: 0 | BE29: =$K29*BD29 -> 0 | BF29: =$I29*BD29 -> 0 | BG29: =$J29*BD29 -> 0 | BH29: 0 | BI29: =$K29*BH29 -> 0 | BJ29: =$I29*BH29 -> 0 | BK29: =$J29*BH29 -> 0 | BL29: 0 | BM29: =$K29*BL29 -> 0 | BN29: =$I29*BL29 -> 0 | BO29: =$J29*BL29 -> 0 | BP29: 0 | BQ29: =$K29*BP29 -> 0 | BR29: =$I29*BP29 -> 0 | BS29: =$J29*BP29 -> 0 | BT29: 0 | BU29: =$K29*BT29 -> 0 | BV29: =$I29*BT29 -> 0 | BW29: =$J29*BT29 -> 0 | BX29: 0 | BY29: =$K29*BX29 -> 0 | BZ29: =$I29*BX29 -> 0 | CA29: =$J29*BX29 -> 0 | CB29: 0 | CC29: =$K29*CB29 -> 0 | CD29: =$I29*CB29 -> 0 | CE29: =$J29*CB29 -> 0 | CF29: 0 | CG29: =$K29*CF29 -> 0 | CH29: =$I29*CF29 -> 0 | CI29: =$J29*CF29 -> 0 | CJ29: 0 | CK29: =$K29*CJ29 -> 0 | CL29: =$I29*CJ29 -> 0 | CM29: =$J29*CJ29 -> 0 | CN29: 0 | CO29: =$K29*CN29 -> 0 | CP29: =$I29*CN29 -> 0 | CQ29: =$J29*CN29 -> 0 | CR29: 0 | CS29: =$K29*CR29 -> 0 | CT29: =$I29*CR29 -> 0 | CU29: =$J29*CR29 -> 0 | CV29: 0 | CW29: =$K29*CV29 -> 0 | CX29: =$I29*CV29 -> 0 | CY29: =$J29*CV29 -> 0 | CZ29: 0 | DA29: =$K29*CZ29 -> 0 | DB29: =$I29*CZ29 -> 0 | DC29: =$J29*CZ29 -> 0 | DD29: 0 | DE29: =$K29*DD29 -> 0 | DF29: =$I29*DD29 -> 0 | DG29: =$J29*DD29 -> 0 | DH29: 0 | DI29: =$K29*DH29 -> 0 | DJ29: =$I29*DH29 -> 0 | DK29: =$J29*DH29 -> 0 | DM29: =L29+P29+T29+X29+AB29+AF29+AJ29+AN29+AR29+AV29+AZ29+BD29+BH29+BL29+BP29+BT29+BX29+CB29+CF29+CJ29+CN29+CR29+CV29+CZ29+DD29+DH29 -> 0 | DN29: =M29+Q29+U29+Y29+AC29+AG29+AK29+AO29+AS29+AW29+BA29+BE29+BI29+BM29+BQ29+BU29+BY29+CC29+CG29+CK29+CO29+CS29+CW29+DA29+DE29+DI29 -> 0 | DO29: =DN29-K29 -> 0
F30: =E30*12 -> 0 | G30: =IF(C30="",0,IF(C30="50000",$G$4,IF(C30="50010",$G$5,IF(C30="50020",$G$6,IF(C30="50030",$G$7,IF(C30="50040",$G$8,IF(C30="50050",$G$9,IF(C30="50060",$G$10,IF(C30="50090",$G$11,IF(C30="50100",$G$12,IF(C30="50110",$G$13))))))))))) -> 0 | H30: 0 | I30: =F30*H30 -> 0 | J30: =F30*G30*H30 -> 0 | K30: =F30*(1+G30)*H30 -> 0 | L30: 0 | M30: =$K30*L30 -> 0 | N30: =$I30*L30 -> 0 | O30: =$J30*L30 -> 0 | P30: 0 | Q30: =$K30*P30 -> 0 | R30: =$I30*P30 -> 0 | S30: =$J30*P30 -> 0 | T30: 0 | U30: =$K30*T30 -> 0 | V30: =$I30*T30 -> 0 | W30: =$J30*T30 -> 0 | X30: 0 | Y30: =$K30*X30 -> 0 | Z30: =$I30*X30 -> 0 | AA30: =$J30*X30 -> 0 | AB30: 0 | AC30: =$K30*AB30 -> 0 | AD30: =$I30*AB30 -> 0 | AE30: =$J30*AB30 -> 0 | AF30: 0 | AG30: =$K30*AF30 -> 0 | AH30: =$I30*AF30 -> 0 | AI30: =$J30*AF30 -> 0 | AJ30: 0 | AK30: =$K30*AJ30 -> 0 | AL30: =$I30*AJ30 -> 0 | AM30: =$J30*AJ30 -> 0 | AN30: 0 | AO30: =$K30*AN30 -> 0 | AP30: =$I30*AN30 -> 0 | AQ30: =$J30*AN30 -> 0 | AR30: 0 | AS30: =$K30*AR30 -> 0 | AT30: =$I30*AR30 -> 0 | AU30: =$J30*AR30 -> 0 | AV30: 0 | AW30: =$K30*AV30 -> 0 | AX30: =$I30*AV30 -> 0 | AY30: =$J30*AV30 -> 0 | AZ30: 0 | BA30: =$K30*AZ30 -> 0 | BB30: =$I30*AZ30 -> 0 | BC30: =$J30*AZ30 -> 0 | BD30: 0 | BE30: =$K30*BD30 -> 0 | BF30: =$I30*BD30 -> 0 | BG30: =$J30*BD30 -> 0 | BH30: 0 | BI30: =$K30*BH30 -> 0 | BJ30: =$I30*BH30 -> 0 | BK30: =$J30*BH30 -> 0 | BL30: 0 | BM30: =$K30*BL30 -> 0 | BN30: =$I30*BL30 -> 0 | BO30: =$J30*BL30 -> 0 | BP30: 0 | BQ30: =$K30*BP30 -> 0 | BR30: =$I30*BP30 -> 0 | BS30: =$J30*BP30 -> 0 | BT30: 0 | BU30: =$K30*BT30 -> 0 | BV30: =$I30*BT30 -> 0 | BW30: =$J30*BT30 -> 0 | BX30: 0 | BY30: =$K30*BX30 -> 0 | BZ30: =$I30*BX30 -> 0 | CA30: =$J30*BX30 -> 0 | CB30: 0 | CC30: =$K30*CB30 -> 0 | CD30: =$I30*CB30 -> 0 | CE30: =$J30*CB30 -> 0 | CF30: 0 | CG30: =$K30*CF30 -> 0 | CH30: =$I30*CF30 -> 0 | CI30: =$J30*CF30 -> 0 | CJ30: 0 | CK30: =$K30*CJ30 -> 0 | CL30: =$I30*CJ30 -> 0 | CM30: =$J30*CJ30 -> 0 | CN30: 0 | CO30: =$K30*CN30 -> 0 | CP30: =$I30*CN30 -> 0 | CQ30: =$J30*CN30 -> 0 | CR30: 0 | CS30: =$K30*CR30 -> 0 | CT30: =$I30*CR30 -> 0 | CU30: =$J30*CR30 -> 0 | CV30: 0 | CW30: =$K30*CV30 -> 0 | CX30: =$I30*CV30 -> 0 | CY30: =$J30*CV30 -> 0 | CZ30: 0 | DA30: =$K30*CZ30 -> 0 | DB30: =$I30*CZ30 -> 0 | DC30: =$J30*CZ30 -> 0 | DD30: 0 | DE30: =$K30*DD30 -> 0 | DF30: =$I30*DD30 -> 0 | DG30: =$J30*DD30 -> 0 | DH30: 0 | DI30: =$K30*DH30 -> 0 | DJ30: =$I30*DH30 -> 0 | DK30: =$J30*DH30 -> 0 | DM30: =L30+P30+T30+X30+AB30+AF30+AJ30+AN30+AR30+AV30+AZ30+BD30+BH30+BL30+BP30+BT30+BX30+CB30+CF30+CJ30+CN30+CR30+CV30+CZ30+DD30+DH30 -> 0 | DN30: =M30+Q30+U30+Y30+AC30+AG30+AK30+AO30+AS30+AW30+BA30+BE30+BI30+BM30+BQ30+BU30+BY30+CC30+CG30+CK30+CO30+CS30+CW30+DA30+DE30+DI30 -> 0 | DO30: =DN30-K30 -> 0
F31: =E31*12 -> 0 | G31: =IF(C31="",0,IF(C31="50000",$G$4,IF(C31="50010",$G$5,IF(C31="50020",$G$6,IF(C31="50030",$G$7,IF(C31="50040",$G$8,IF(C31="50050",$G$9,IF(C31="50060",$G$10,IF(C31="50090",$G$11,IF(C31="50100",$G$12,IF(C31="50110",$G$13))))))))))) -> 0 | H31: 0 | I31: =F31*H31 -> 0 | J31: =F31*G31*H31 -> 0 | K31: =F31*(1+G31)*H31 -> 0 | L31: 0 | M31: =$K31*L31 -> 0 | N31: =$I31*L31 -> 0 | O31: =$J31*L31 -> 0 | P31: 0 | Q31: =$K31*P31 -> 0 | R31: =$I31*P31 -> 0 | S31: =$J31*P31 -> 0 | T31: 0 | U31: =$K31*T31 -> 0 | V31: =$I31*T31 -> 0 | W31: =$J31*T31 -> 0 | X31: 0 | Y31: =$K31*X31 -> 0 | Z31: =$I31*X31 -> 0 | AA31: =$J31*X31 -> 0 | AB31: 0 | AC31: =$K31*AB31 -> 0 | AD31: =$I31*AB31 -> 0 | AE31: =$J31*AB31 -> 0 | AF31: 0 | AG31: =$K31*AF31 -> 0 | AH31: =$I31*AF31 -> 0 | AI31: =$J31*AF31 -> 0 | AJ31: 0 | AK31: =$K31*AJ31 -> 0 | AL31: =$I31*AJ31 -> 0 | AM31: =$J31*AJ31 -> 0 | AN31: 0 | AO31: =$K31*AN31 -> 0 | AP31: =$I31*AN31 -> 0 | AQ31: =$J31*AN31 -> 0 | AR31: 0 | AS31: =$K31*AR31 -> 0 | AT31: =$I31*AR31 -> 0 | AU31: =$J31*AR31 -> 0 | AV31: 0 | AW31: =$K31*AV31 -> 0 | AX31: =$I31*AV31 -> 0 | AY31: =$J31*AV31 -> 0 | AZ31: 0 | BA31: =$K31*AZ31 -> 0 | BB31: =$I31*AZ31 -> 0 | BC31: =$J31*AZ31 -> 0 | BD31: 0 | BE31: =$K31*BD31 -> 0 | BF31: =$I31*BD31 -> 0 | BG31: =$J31*BD31 -> 0 | BH31: 0 | BI31: =$K31*BH31 -> 0 | BJ31: =$I31*BH31 -> 0 | BK31: =$J31*BH31 -> 0 | BL31: 0 | BM31: =$K31*BL31 -> 0 | BN31: =$I31*BL31 -> 0 | BO31: =$J31*BL31 -> 0 | BP31: 0 | BQ31: =$K31*BP31 -> 0 | BR31: =$I31*BP31 -> 0 | BS31: =$J31*BP31 -> 0 | BT31: 0 | BU31: =$K31*BT31 -> 0 | BV31: =$I31*BT31 -> 0 | BW31: =$J31*BT31 -> 0 | BX31: 0 | BY31: =$K31*BX31 -> 0 | BZ31: =$I31*BX31 -> 0 | CA31: =$J31*BX31 -> 0 | CB31: 0 | CC31: =$K31*CB31 -> 0 | CD31: =$I31*CB31 -> 0 | CE31: =$J31*CB31 -> 0 | CF31: 0 | CG31: =$K31*CF31 -> 0 | CH31: =$I31*CF31 -> 0 | CI31: =$J31*CF31 -> 0 | CJ31: 0 | CK31: =$K31*CJ31 -> 0 | CL31: =$I31*CJ31 -> 0 | CM31: =$J31*CJ31 -> 0 | CN31: 0 | CO31: =$K31*CN31 -> 0 | CP31: =$I31*CN31 -> 0 | CQ31: =$J31*CN31 -> 0 | CR31: 0 | CS31: =$K31*CR31 -> 0 | CT31: =$I31*CR31 -> 0 | CU31: =$J31*CR31 -> 0 | CV31: 0 | CW31: =$K31*CV31 -> 0 | CX31: =$I31*CV31 -> 0 | CY31: =$J31*CV31 -> 0 | CZ31: 0 | DA31: =$K31*CZ31 -> 0 | DB31: =$I31*CZ31 -> 0 | DC31: =$J31*CZ31 -> 0 | DD31: 0 | DE31: =$K31*DD31 -> 0 | DF31: =$I31*DD31 -> 0 | DG31: =$J31*DD31 -> 0 | DH31: 0 | DI31: =$K31*DH31 -> 0 | DJ31: =$I31*DH31 -> 0 | DK31: =$J31*DH31 -> 0 | DM31: =L31+P31+T31+X31+AB31+AF31+AJ31+AN31+AR31+AV31+AZ31+BD31+BH31+BL31+BP31+BT31+BX31+CB31+CF31+CJ31+CN31+CR31+CV31+CZ31+DD31+DH31 -> 0 | DN31: =M31+Q31+U31+Y31+AC31+AG31+AK31+AO31+AS31+AW31+BA31+BE31+BI31+BM31+BQ31+BU31+BY31+CC31+CG31+CK31+CO31+CS31+CW31+DA31+DE31+DI31 -> 0 | DO31: =DN31-K31 -> 0
... F50: =E50*12 -> 0 | G50: =IF(C50="",0,IF(C50="50000",$G$4,IF(C50="50010",$G$5,IF(C50="50020",$G$6,IF(C50="50030",$G$7,IF(C50="50040",$G$8,IF(C50="50050",$G$9,IF(C50="50060",$G$10,IF(C50="50090",$G$11,IF(C50="50100",$G$12,IF(C50="50110",$G$13))))))))))) -> 0 | H50: 0 | I50: =F50*H50 -> 0 | J50: =F50*G50*H50 -> 0 | K50: =F50*(1+G50)*H50 -> 0 | L50: 0 | M50: =$K50*L50 -> 0 | N50: =$I50*L50 -> 0 | O50: =$J50*L50 -> 0 | P50: 0 | Q50: =$K50*P50 -> 0 | R50: =$I50*P50 -> 0 | S50: =$J50*P50 -> 0 | T50: 0 | U50: =$K50*T50 -> 0 | V50: =$I50*T50 -> 0 | W50: =$J50*T50 -> 0 | X50: 0 | Y50: =$K50*X50 -> 0 | Z50: =$I50*X50 -> 0 | AA50: =$J50*X50 -> 0 | AB50: 0 | AC50: =$K50*AB50 -> 0 | AD50: =$I50*AB50 -> 0 | AE50: =$J50*AB50 -> 0 | AF50: 0 | AG50: =$K50*AF50 -> 0 | AH50: =$I50*AF50 -> 0 | AI50: =$J50*AF50 -> 0 | AJ50: 0 | AK50: =$K50*AJ50 -> 0 | AL50: =$I50*AJ50 -> 0 | AM50: =$J50*AJ50 -> 0 | AN50: 0 | AO50: =$K50*AN50 -> 0 | AP50: =$I50*AN50 -> 0 | AQ50: =$J50*AN50 -> 0 | AR50: 0 | AS50: =$K50*AR50 -> 0 | AT50: =$I50*AR50 -> 0 | AU50: =$J50*AR50 -> 0 | AV50: 0 | AW50: =$K50*AV50 -> 0 | AX50: =$I50*AV50 -> 0 | AY50: =$J50*AV50 -> 0 | AZ50: 0 | BA50: =$K50*AZ50 -> 0 | BB50: =$I50*AZ50 -> 0 | BC50: =$J50*AZ50 -> 0 | BD50: 0 | BE50: =$K50*BD50 -> 0 | BF50: =$I50*BD50 -> 0 | BG50: =$J50*BD50 -> 0 | BH50: 0 | BI50: =$K50*BH50 -> 0 | BJ50: =$I50*BH50 -> 0 | BK50: =$J50*BH50 -> 0 | BL50: 0 | BM50: =$K50*BL50 -> 0 | BN50: =$I50*BL50 -> 0 | BO50: =$J50*BL50 -> 0 | BP50: 0 | BQ50: =$K50*BP50 -> 0 | BR50: =$I50*BP50 -> 0 | BS50: =$J50*BP50 -> 0 | BT50: 0 | BU50: =$K50*BT50 -> 0 | BV50: =$I50*BT50 -> 0 | BW50: =$J50*BT50 -> 0 | BX50: 0 | BY50: =$K50*BX50 -> 0 | BZ50: =$I50*BX50 -> 0 | CA50: =$J50*BX50 -> 0 | CB50: 0 | CC50: =$K50*CB50 -> 0 | CD50: =$I50*CB50 -> 0 | CE50: =$J50*CB50 -> 0 | CF50: 0 | CG50: =$K50*CF50 -> 0 | CH50: =$I50*CF50 -> 0 | CI50: =$J50*CF50 -> 0 | CJ50: 0 | CK50: =$K50*CJ50 -> 0 | CL50: =$I50*CJ50 -> 0 | CM50: =$J50*CJ50 -> 0 | CN50: 0 | CO50: =$K50*CN50 -> 0 | CP50: =$I50*CN50 -> 0 | CQ50: =$J50*CN50 -> 0 | CR50: 0 | CS50: =$K50*CR50 -> 0 | CT50: =$I50*CR50 -> 0 | CU50: =$J50*CR50 -> 0 | CV50: 0 | CW50: =$K50*CV50 -> 0 | CX50: =$I50*CV50 -> 0 | CY50: =$J50*CV50 -> 0 | CZ50: 0 | DA50: =$K50*CZ50 -> 0 | DB50: =$I50*CZ50 -> 0 | DC50: =$J50*CZ50 -> 0 | DD50: 0 | DE50: =$K50*DD50 -> 0 | DF50: =$I50*DD50 -> 0 | DG50: =$J50*DD50 -> 0 | DH50: 0 | DI50: =$K50*DH50 -> 0 | DJ50: =$I50*DH50 -> 0 | DK50: =$J50*DH50 -> 0 | DM50: =L50+P50+T50+X50+AB50+AF50+AJ50+AN50+AR50+AV50+AZ50+BD50+BH50+BL50+BP50+BT50+BX50+CB50+CF50+CJ50+CN50+CR50+CV50+CZ50+DD50+DH50 -> 0 | DN50: =M50+Q50+U50+Y50+AC50+AG50+AK50+AO50+AS50+AW50+BA50+BE50+BI50+BM50+BQ50+BU50+BY50+CC50+CG50+CK50+CO50+CS50+CW50+DA50+DE50+DI50 -> 0 | DO50: =DN50-K50 -> 0
A52: Direct Salaries-Faculty and Staff | F52: =SUM(F20:F50) -> 0 | I52: =SUM(I20:I50) -> 0 | J52: =SUM(J20:J50) -> 0 | K52: =SUM(K20:K50) -> 0 | M52: =SUM(M20:M50) -> 0 | N52: =SUM(N20:N50) -> 0 | O52: =SUM(O20:O50) -> 0 | Q52: =SUM(Q20:Q50) -> 0 | R52: =SUM(R20:R50) -> 0 | S52: =SUM(S20:S50) -> 0 | U52: =SUM(U20:U50) -> 0 | V52: =SUM(V20:V50) -> 0 | W52: =SUM(W20:W50) -> 0 | Y52: =SUM(Y20:Y50) -> 0 | Z52: =SUM(Z20:Z50) -> 0 | AA52: =SUM(AA20:AA50) -> 0 | AC52: =SUM(AC20:AC50) -> 0 | AD52: =SUM(AD20:AD50) -> 0 | AE52: =SUM(AE20:AE50) -> 0 | AG52: =SUM(AG20:AG50) -> 0 | AH52: =SUM(AH20:AH50) -> 0 | AI52: =SUM(AI20:AI50) -> 0 | AK52: =SUM(AK20:AK50) -> 0 | AL52: =SUM(AL20:AL50) -> 0 | AM52: =SUM(AM20:AM50) -> 0 | AO52: =SUM(AO20:AO50) -> 0 | AP52: =SUM(AP20:AP50) -> 0 | AQ52: =SUM(AQ20:AQ50) -> 0 | AS52: =SUM(AS20:AS50) -> 0 | AT52: =SUM(AT20:AT50) -> 0 | AU52: =SUM(AU20:AU50) -> 0 | AW52: =SUM(AW20:AW50) -> 0 | AX52: =SUM(AX20:AX50) -> 0 | AY52: =SUM(AY20:AY50) -> 0 | BA52: =SUM(BA20:BA50) -> 0 | BB52: =SUM(BB20:BB50) -> 0 | BC52: =SUM(BC20:BC50) -> 0 | BE52: =SUM(BE20:BE50) -> 0 | BF52: =SUM(BF20:BF50) -> 0 | BG52: =SUM(BG20:BG50) -> 0 | BI52: =SUM(BI20:BI50) -> 0 | BJ52: =SUM(BJ20:BJ50) -> 0 | BK52: =SUM(BK20:BK50) -> 0 | BM52: =SUM(BM20:BM50) -> 0 | BN52: =SUM(BN20:BN50) -> 0 | BO52: =SUM(BO20:BO50) -> 0 | BQ52: =SUM(BQ20:BQ50) -> 0 | BR52: =SUM(BR20:BR50) -> 0 | BS52: =SUM(BS20:BS50) -> 0 | BU52: =SUM(BU20:BU50) -> 0 | BV52: =SUM(BV20:BV50) -> 0 | BW52: =SUM(BW20:BW50) -> 0 | BY52: =SUM(BY20:BY50) -> 0 | BZ52: =SUM(BZ20:BZ50) -> 0 | CA52: =SUM(CA20:CA50) -> 0 | CC52: =SUM(CC20:CC50) -> 0 | CD52: =SUM(CD20:CD50) -> 0 | CE52: =SUM(CE20:CE50) -> 0 | CG52: =SUM(CG20:CG50) -> 0 | CH52: =SUM(CH20:CH50) -> 0 | CI52: =SUM(CI20:CI50) -> 0 | CK52: =SUM(CK20:CK50) -> 0 | CL52: =SUM(CL20:CL50) -> 0 | CM52: =SUM(CM20:CM50) -> 0 | CO52: =SUM(CO20:CO50) -> 0 | CP52: =SUM(CP20:CP50) -> 0 | CQ52: =SUM(CQ20:CQ50) -> 0 | CS52: =SUM(CS20:CS50) -> 0 | CT52: =SUM(CT20:CT50) -> 0 | CU52: =SUM(CU20:CU50) -> 0 | CW52: =SUM(CW20:CW50) -> 0 | CX52: =SUM(CX20:CX50) -> 0 | CY52: =SUM(CY20:CY50) -> 0 | DA52: =SUM(DA20:DA50) -> 0 | DB52: =SUM(DB20:DB50) -> 0 | DC52: =SUM(DC20:DC50) -> 0 | DE52: =SUM(DE20:DE50) -> 0 | DF52: =SUM(DF20:DF50) -> 0 | DG52: =SUM(DG20:DG50) -> 0 | DI52: =SUM(DI20:DI50) -> 0 | DJ52: =SUM(DJ20:DJ50) -> 0 | DK52: =SUM(DK20:DK50) -> 0 | DN52: =M52+Q52+U52+Y52+AC52+AG52+AK52+AO52+AS52+AW52+BA52+BE52+BI52+BM52+BQ52+BU52+BY52+CC52+CG52+CK52+CO52+CS52+CW52+DA52+DE52+DI52 -> 0 | DO52: =DN52-K52 -> 0
A54: FTE Per Rate (for cost proposal information only) | H54: =SUM(H20:H50) -> 0 | L54: =($H$20*L20)+($H$21*L21)+($H$22*L22)+($H$23*L23)+($H$24*L24)+($H$25*L25)+($H$26*L26)+($H$27*L27)+($H$28*L28)+($H$29*L29)+($H$30*L30)+($H$31*L31)+($H$32*L32)+($H$33*L33)+($H$34*L34)+($H$35*L35)+($H$36*L36)+($H$37*L37)+($H$38*L38)+($H$39*L39)+($H$40*L40)+($H$41*L41)+($H$42*L42)+($H$43*L43)+($H$44*L44)+($H$45*L45)+($H$46*L46)+($H$47*L47)+($H$48*L48)+($H$49*L49)+($H$50*L50) -> 0 | P54: =($H$20*P20)+($H$21*P21)+($H$22*P22)+($H$23*P23)+($H$24*P24)+($H$25*P25)+($H$26*P26)+($H$27*P27)+($H$28*P28)+($H$29*P29)+($H$30*P30)+($H$31*P31)+($H$32*P32)+($H$33*P33)+($H$34*P34)+($H$35*P35)+($H$36*P36)+($H$37*P37)+($H$38*P38)+($H$39*P39)+($H$40*P40)+($H$41*P41)+($H$42*P42)+($H$43*P43)+($H$44*P44)+($H$45*P45)+($H$46*P46)+($H$47*P47)+($H$48*P48)+($H$49*P49)+($H$50*P50) -> 0 | T54: =($H$20*T20)+($H$21*T21)+($H$22*T22)+($H$23*T23)+($H$24*T24)+($H$25*T25)+($H$26*T26)+($H$27*T27)+($H$28*T28)+($H$29*T29)+($H$30*T30)+($H$31*T31)+($H$32*T32)+($H$33*T33)+($H$34*T34)+($H$35*T35)+($H$36*T36)+($H$37*T37)+($H$38*T38)+($H$39*T39)+($H$40*T40)+($H$41*T41)+($H$42*T42)+($H$43*T43)+($H$44*T44)+($H$45*T45)+($H$46*T46)+($H$47*T47)+($H$48*T48)+($H$49*T49)+($H$50*T50) -> 0 | X54: =($H$20*X20)+($H$21*X21)+($H$22*X22)+($H$23*X23)+($H$24*X24)+($H$25*X25)+($H$26*X26)+($H$27*X27)+($H$28*X28)+($H$29*X29)+($H$30*X30)+($H$31*X31)+($H$32*X32)+($H$33*X33)+($H$34*X34)+($H$35*X35)+($H$36*X36)+($H$37*X37)+($H$38*X38)+($H$39*X39)+($H$40*X40)+($H$41*X41)+($H$42*X42)+($H$43*X43)+($H$44*X44)+($H$45*X45)+($H$46*X46)+($H$47*X47)+($H$48*X48)+($H$49*X49)+($H$50*X50) -> 0 | AB54: =($H$20*AB20)+($H$21*AB21)+($H$22*AB22)+($H$23*AB23)+($H$24*AB24)+($H$25*AB25)+($H$26*AB26)+($H$27*AB27)+($H$28*AB28)+($H$29*AB29)+($H$30*AB30)+($H$31*AB31)+($H$32*AB32)+($H$33*AB33)+($H$34*AB34)+($H$35*AB35)+($H$36*AB36)+($H$37*AB37)+($H$38*AB38)+($H$39*AB39)+($H$40*AB40)+($H$41*AB41)+($H$42*AB42)+($H$43*AB43)+($H$44*AB44)+($H$45*AB45)+($H$46*AB46)+($H$47*AB47)+($H$48*AB48)+($H$49*AB49)+($H$50*AB50) -> 0 | AF54: =($H$20*AF20)+($H$21*AF21)+($H$22*AF22)+($H$23*AF23)+($H$24*AF24)+($H$25*AF25)+($H$26*AF26)+($H$27*AF27)+($H$28*AF28)+($H$29*AF29)+($H$30*AF30)+($H$31*AF31)+($H$32*AF32)+($H$33*AF33)+($H$34*AF34)+($H$35*AF35)+($H$36*AF36)+($H$37*AF37)+($H$38*AF38)+($H$39*AF39)+($H$40*AF40)+($H$41*AF41)+($H$42*AF42)+($H$43*AF43)+($H$44*AF44)+($H$45*AF45)+($H$46*AF46)+($H$47*AF47)+($H$48*AF48)+($H$49*AF49)+($H$50*AF50) -> 0 | AJ54: =($H$20*AJ20)+($H$21*AJ21)+($H$22*AJ22)+($H$23*AJ23)+($H$24*AJ24)+($H$25*AJ25)+($H$26*AJ26)+($H$27*AJ27)+($H$28*AJ28)+($H$29*AJ29)+($H$30*AJ30)+($H$31*AJ31)+($H$32*AJ32)+($H$33*AJ33)+($H$34*AJ34)+($H$35*AJ35)+($H$36*AJ36)+($H$37*AJ37)+($H$38*AJ38)+($H$39*AJ39)+($H$40*AJ40)+($H$41*AJ41)+($H$42*AJ42)+($H$43*AJ43)+($H$44*AJ44)+($H$45*AJ45)+($H$46*AJ46)+($H$47*AJ47)+($H$48*AJ48)+($H$49*AJ49)+($H$50*AJ50) -> 0 | AN54: =($H$20*AN20)+($H$21*AN21)+($H$22*AN22)+($H$23*AN23)+($H$24*AN24)+($H$25*AN25)+($H$26*AN26)+($H$27*AN27)+($H$28*AN28)+($H$29*AN29)+($H$30*AN30)+($H$31*AN31)+($H$32*AN32)+($H$33*AN33)+($H$34*AN34)+($H$35*AN35)+($H$36*AN36)+($H$37*AN37)+($H$38*AN38)+($H$39*AN39)+($H$40*AN40)+($H$41*AN41)+($H$42*AN42)+($H$43*AN43)+($H$44*AN44)+($H$45*AN45)+($H$46*AN46)+($H$47*AN47)+($H$48*AN48)+($H$49*AN49)+($H$50*AN50) -> 0 | AR54: =($H$20*AR20)+($H$21*AR21)+($H$22*AR22)+($H$23*AR23)+($H$24*AR24)+($H$25*AR25)+($H$26*AR26)+($H$27*AR27)+($H$28*AR28)+($H$29*AR29)+($H$30*AR30)+($H$31*AR31)+($H$32*AR32)+($H$33*AR33)+($H$34*AR34)+($H$35*AR35)+($H$36*AR36)+($H$37*AR37)+($H$38*AR38)+($H$39*AR39)+($H$40*AR40)+($H$41*AR41)+($H$42*AR42)+($H$43*AR43)+($H$44*AR44)+($H$45*AR45)+($H$46*AR46)+($H$47*AR47)+($H$48*AR48)+($H$49*AR49)+($H$50*AR50) -> 0 | AV54: =($H$20*AV20)+($H$21*AV21)+($H$22*AV22)+($H$23*AV23)+($H$24*AV24)+($H$25*AV25)+($H$26*AV26)+($H$27*AV27)+($H$28*AV28)+($H$29*AV29)+($H$30*AV30)+($H$31*AV31)+($H$32*AV32)+($H$33*AV33)+($H$34*AV34)+($H$35*AV35)+($H$36*AV36)+($H$37*AV37)+($H$38*AV38)+($H$39*AV39)+($H$40*AV40)+($H$41*AV41)+($H$42*AV42)+($H$43*AV43)+($H$44*AV44)+($H$45*AV45)+($H$46*AV46)+($H$47*AV47)+($H$48*AV48)+($H$49*AV49)+($H$50*AV50) -> 0 | AZ54: =($H$20*AZ20)+($H$21*AZ21)+($H$22*AZ22)+($H$23*AZ23)+($H$24*AZ24)+($H$25*AZ25)+($H$26*AZ26)+($H$27*AZ27)+($H$28*AZ28)+($H$29*AZ29)+($H$30*AZ30)+($H$31*AZ31)+($H$32*AZ32)+($H$33*AZ33)+($H$34*AZ34)+($H$35*AZ35)+($H$36*AZ36)+($H$37*AZ37)+($H$38*AZ38)+($H$39*AZ39)+($H$40*AZ40)+($H$41*AZ41)+($H$42*AZ42)+($H$43*AZ43)+($H$44*AZ44)+($H$45*AZ45)+($H$46*AZ46)+($H$47*AZ47)+($H$48*AZ48)+($H$49*AZ49)+($H$50*AZ50) -> 0 | BD54: =($H$20*BD20)+($H$21*BD21)+($H$22*BD22)+($H$23*BD23)+($H$24*BD24)+($H$25*BD25)+($H$26*BD26)+($H$27*BD27)+($H$28*BD28)+($H$29*BD29)+($H$30*BD30)+($H$31*BD31)+($H$32*BD32)+($H$33*BD33)+($H$34*BD34)+($H$35*BD35)+($H$36*BD36)+($H$37*BD37)+($H$38*BD38)+($H$39*BD39)+($H$40*BD40)+($H$41*BD41)+($H$42*BD42)+($H$43*BD43)+($H$44*BD44)+($H$45*BD45)+($H$46*BD46)+($H$47*BD47)+($H$48*BD48)+($H$49*BD49)+($H$50*BD50) -> 0 | BH54: =($H$20*BH20)+($H$21*BH21)+($H$22*BH22)+($H$23*BH23)+($H$24*BH24)+($H$25*BH25)+($H$26*BH26)+($H$27*BH27)+($H$28*BH28)+($H$29*BH29)+($H$30*BH30)+($H$31*BH31)+($H$32*BH32)+($H$33*BH33)+($H$34*BH34)+($H$35*BH35)+($H$36*BH36)+($H$37*BH37)+($H$38*BH38)+($H$39*BH39)+($H$40*BH40)+($H$41*BH41)+($H$42*BH42)+($H$43*BH43)+($H$44*BH44)+($H$45*BH45)+($H$46*BH46)+($H$47*BH47)+($H$48*BH48)+($H$49*BH49)+($H$50*BH50) -> 0 | BL54: =($H$20*BL20)+($H$21*BL21)+($H$22*BL22)+($H$23*BL23)+($H$24*BL24)+($H$25*BL25)+($H$26*BL26)+($H$27*BL27)+($H$28*BL28)+($H$29*BL29)+($H$30*BL30)+($H$31*BL31)+($H$32*BL32)+($H$33*BL33)+($H$34*BL34)+($H$35*BL35)+($H$36*BL36)+($H$37*BL37)+($H$38*BL38)+($H$39*BL39)+($H$40*BL40)+($H$41*BL41)+($H$42*BL42)+($H$43*BL43)+($H$44*BL44)+($H$45*BL45)+($H$46*BL46)+($H$47*BL47)+($H$48*BL48)+($H$49*BL49)+($H$50*BL50) -> 0 | BP54: =($H$20*BP20)+($H$21*BP21)+($H$22*BP22)+($H$23*BP23)+($H$24*BP24)+($H$25*BP25)+($H$26*BP26)+($H$27*BP27)+($H$28*BP28)+($H$29*BP29)+($H$30*BP30)+($H$31*BP31)+($H$32*BP32)+($H$33*BP33)+($H$34*BP34)+($H$35*BP35)+($H$36*BP36)+($H$37*BP37)+($H$38*BP38)+($H$39*BP39)+($H$40*BP40)+($H$41*BP41)+($H$42*BP42)+($H$43*BP43)+($H$44*BP44)+($H$45*BP45)+($H$46*BP46)+($H$47*BP47)+($H$48*BP48)+($H$49*BP49)+($H$50*BP50) -> 0 | BT54: =($H$20*BT20)+($H$21*BT21)+($H$22*BT22)+($H$23*BT23)+($H$24*BT24)+($H$25*BT25)+($H$26*BT26)+($H$27*BT27)+($H$28*BT28)+($H$29*BT29)+($H$30*BT30)+($H$31*BT31)+($H$32*BT32)+($H$33*BT33)+($H$34*BT34)+($H$35*BT35)+($H$36*BT36)+($H$37*BT37)+($H$38*BT38)+($H$39*BT39)+($H$40*BT40)+($H$41*BT41)+($H$42*BT42)+($H$43*BT43)+($H$44*BT44)+($H$45*BT45)+($H$46*BT46)+($H$47*BT47)+($H$48*BT48)+($H$49*BT49)+($H$50*BT50) -> 0 | BX54: =($H$20*BX20)+($H$21*BX21)+($H$22*BX22)+($H$23*BX23)+($H$24*BX24)+($H$25*BX25)+($H$26*BX26)+($H$27*BX27)+($H$28*BX28)+($H$29*BX29)+($H$30*BX30)+($H$31*BX31)+($H$32*BX32)+($H$33*BX33)+($H$34*BX34)+($H$35*BX35)+($H$36*BX36)+($H$37*BX37)+($H$38*BX38)+($H$39*BX39)+($H$40*BX40)+($H$41*BX41)+($H$42*BX42)+($H$43*BX43)+($H$44*BX44)+($H$45*BX45)+($H$46*BX46)+($H$47*BX47)+($H$48*BX48)+($H$49*BX49)+($H$50*BX50) -> 0 | CB54: =($H$20*CB20)+($H$21*CB21)+($H$22*CB22)+($H$23*CB23)+($H$24*CB24)+($H$25*CB25)+($H$26*CB26)+($H$27*CB27)+($H$28*CB28)+($H$29*CB29)+($H$30*CB30)+($H$31*CB31)+($H$32*CB32)+($H$33*CB33)+($H$34*CB34)+($H$35*CB35)+($H$36*CB36)+($H$37*CB37)+($H$38*CB38)+($H$39*CB39)+($H$40*CB40)+($H$41*CB41)+($H$42*CB42)+($H$43*CB43)+($H$44*CB44)+($H$45*CB45)+($H$46*CB46)+($H$47*CB47)+($H$48*CB48)+($H$49*CB49)+($H$50*CB50) -> 0 | CF54: =($H$20*CF20)+($H$21*CF21)+($H$22*CF22)+($H$23*CF23)+($H$24*CF24)+($H$25*CF25)+($H$26*CF26)+($H$27*CF27)+($H$28*CF28)+($H$29*CF29)+($H$30*CF30)+($H$31*CF31)+($H$32*CF32)+($H$33*CF33)+($H$34*CF34)+($H$35*CF35)+($H$36*CF36)+($H$37*CF37)+($H$38*CF38)+($H$39*CF39)+($H$40*CF40)+($H$41*CF41)+($H$42*CF42)+($H$43*CF43)+($H$44*CF44)+($H$45*CF45)+($H$46*CF46)+($H$47*CF47)+($H$48*CF48)+($H$49*CF49)+($H$50*CF50) -> 0 | CJ54: =($H$20*CJ20)+($H$21*CJ21)+($H$22*CJ22)+($H$23*CJ23)+($H$24*CJ24)+($H$25*CJ25)+($H$26*CJ26)+($H$27*CJ27)+($H$28*CJ28)+($H$29*CJ29)+($H$30*CJ30)+($H$31*CJ31)+($H$32*CJ32)+($H$33*CJ33)+($H$34*CJ34)+($H$35*CJ35)+($H$36*CJ36)+($H$37*CJ37)+($H$38*CJ38)+($H$39*CJ39)+($H$40*CJ40)+($H$41*CJ41)+($H$42*CJ42)+($H$43*CJ43)+($H$44*CJ44)+($H$45*CJ45)+($H$46*CJ46)+($H$47*CJ47)+($H$48*CJ48)+($H$49*CJ49)+($H$50*CJ50) -> 0 | CN54: =($H$20*CN20)+($H$21*CN21)+($H$22*CN22)+($H$23*CN23)+($H$24*CN24)+($H$25*CN25)+($H$26*CN26)+($H$27*CN27)+($H$28*CN28)+($H$29*CN29)+($H$30*CN30)+($H$31*CN31)+($H$32*CN32)+($H$33*CN33)+($H$34*CN34)+($H$35*CN35)+($H$36*CN36)+($H$37*CN37)+($H$38*CN38)+($H$39*CN39)+($H$40*CN40)+($H$41*CN41)+($H$42*CN42)+($H$43*CN43)+($H$44*CN44)+($H$45*CN45)+($H$46*CN46)+($H$47*CN47)+($H$48*CN48)+($H$49*CN49)+($H$50*CN50) -> 0 | CR54: =($H$20*CR20)+($H$21*CR21)+($H$22*CR22)+($H$23*CR23)+($H$24*CR24)+($H$25*CR25)+($H$26*CR26)+($H$27*CR27)+($H$28*CR28)+($H$29*CR29)+($H$30*CR30)+($H$31*CR31)+($H$32*CR32)+($H$33*CR33)+($H$34*CR34)+($H$35*CR35)+($H$36*CR36)+($H$37*CR37)+($H$38*CR38)+($H$39*CR39)+($H$40*CR40)+($H$41*CR41)+($H$42*CR42)+($H$43*CR43)+($H$44*CR44)+($H$45*CR45)+($H$46*CR46)+($H$47*CR47)+($H$48*CR48)+($H$49*CR49)+($H$50*CR50) -> 0 | CV54: =($H$20*CV20)+($H$21*CV21)+($H$22*CV22)+($H$23*CV23)+($H$24*CV24)+($H$25*CV25)+($H$26*CV26)+($H$27*CV27)+($H$28*CV28)+($H$29*CV29)+($H$30*CV30)+($H$31*CV31)+($H$32*CV32)+($H$33*CV33)+($H$34*CV34)+($H$35*CV35)+($H$36*CV36)+($H$37*CV37)+($H$38*CV38)+($H$39*CV39)+($H$40*CV40)+($H$41*CV41)+($H$42*CV42)+($H$43*CV43)+($H$44*CV44)+($H$45*CV45)+($H$46*CV46)+($H$47*CV47)+($H$48*CV48)+($H$49*CV49)+($H$50*CV50) -> 0 | CZ54: =($H$20*CZ20)+($H$21*CZ21)+($H$22*CZ22)+($H$23*CZ23)+($H$24*CZ24)+($H$25*CZ25)+($H$26*CZ26)+($H$27*CZ27)+($H$28*CZ28)+($H$29*CZ29)+($H$30*CZ30)+($H$31*CZ31)+($H$32*CZ32)+($H$33*CZ33)+($H$34*CZ34)+($H$35*CZ35)+($H$36*CZ36)+($H$37*CZ37)+($H$38*CZ38)+($H$39*CZ39)+($H$40*CZ40)+($H$41*CZ41)+($H$42*CZ42)+($H$43*CZ43)+($H$44*CZ44)+($H$45*CZ45)+($H$46*CZ46)+($H$47*CZ47)+($H$48*CZ48)+($H$49*CZ49)+($H$50*CZ50) -> 0 | DD54: =($H$20*DD20)+($H$21*DD21)+($H$22*DD22)+($H$23*DD23)+($H$24*DD24)+($H$25*DD25)+($H$26*DD26)+($H$27*DD27)+($H$28*DD28)+($H$29*DD29)+($H$30*DD30)+($H$31*DD31)+($H$32*DD32)+($H$33*DD33)+($H$34*DD34)+($H$35*DD35)+($H$36*DD36)+($H$37*DD37)+($H$38*DD38)+($H$39*DD39)+($H$40*DD40)+($H$41*DD41)+($H$42*DD42)+($H$43*DD43)+($H$44*DD44)+($H$45*DD45)+($H$46*DD46)+($H$47*DD47)+($H$48*DD48)+($H$49*DD49)+($H$50*DD50) -> 0 | DH54: =($H$20*DH20)+($H$21*DH21)+($H$22*DH22)+($H$23*DH23)+($H$24*DH24)+($H$25*DH25)+($H$26*DH26)+($H$27*DH27)+($H$28*DH28)+($H$29*DH29)+($H$30*DH30)+($H$31*DH31)+($H$32*DH32)+($H$33*DH33)+($H$34*DH34)+($H$35*DH35)+($H$36*DH36)+($H$37*DH37)+($H$38*DH38)+($H$39*DH39)+($H$40*DH40)+($H$41*DH41)+($H$42*DH42)+($H$43*DH43)+($H$44*DH44)+($H$45*DH45)+($H$46*DH46)+($H$47*DH47)+($H$48*DH48)+($H$49*DH49)+($H$50*DH50) -> 0
A57: NAME | B57: EMPLOYEE ID NUMBER | C57: Ledger | D57: TITLE | E57: MONTHLY SALARY | F57: BASE SALARY (AT 100% FTE) | G57: BEN % | H57: FTE ON CENTER | I57: TOTAL SALARY | J57: TOTAL BENEFITS | K57: TOTAL SAL & BEN ON CTR | L57: Center Overhead Yr. 1 | P57: Rate 1 Yr. 1 | T57: Rate 2 Yr. 1 | X57: Rate 3 Yr. 1 | AB57: Rate 4 Yr. 1 | AF57: Rate 5 Yr. 1 | AJ57: Rate 6 Yr. 1 | AN57: Rate 7 Yr. 1 | AR57: Rate 8 Yr. 1 | AV57: Rate 9 Yr. 1 | AZ57: Rate 10 Yr. 1 | BD57: Rate 11 Yr. 1 | BH57: Rate 12 Yr. 1 | BL57: Rate 13 Yr. 1 | BP57: Rate 14 Yr. 1 | BT57: Rate 15 Yr. 1 | BX57: Rate 16 Yr. 1 | CB57: Rate 17 Yr. 1 | CF57: Rate 18 Yr. 1 | CJ57: Rate 19 Yr. 1 | CN57: Rate 20 Yr. 1 | CR57: Rate 21 Yr. 1 | CV57: Rate 22 Yr. 1 | CZ57: Rate 23 Yr. 1 | DD57: Rate 24 Yr. 1 | DH57: Rate 25 Yr. 1 | DM57: Percent Check | DN57: Dollar Check | DO57: Difference between allocated dollar and total dollar
L58: =IF(Usage!$B$8=0, "", Usage!$B$8) -> Center Overhead | P58: =IF(Usage!$B$9=0, "", Usage!$B$9) | T58: =IF(Usage!$B$10=0, "", Usage!$B$10) | X58: =IF(Usage!$B$11=0, "", Usage!$B$11) | AB58: =IF(Usage!$B$12=0, "", Usage!$B$12) | AF58: =IF(Usage!$B$13=0, "", Usage!$B$13) | AJ58: =IF(Usage!$B$14=0, "", Usage!$B$14) | AN58: =IF(Usage!$B$15=0, "", Usage!$B$15) | AR58: =IF(Usage!$B$16=0, "", Usage!$B$16) | AV58: =IF(Usage!$B$17=0, "", Usage!$B$17) | AZ58: =IF(Usage!$B$18=0, "", Usage!$B$18) | BD58: =IF(Usage!$B$19=0, "", Usage!$B$19) | BH58: =IF(Usage!$B$20=0, "", Usage!$B$20) | BL58: =IF(Usage!$B$21=0, "", Usage!$B$21) | BP58: =IF(Usage!$B$22=0, "", Usage!$B$22) | BT58: =IF(Usage!$B$23=0, "", Usage!$B$23) | BX58: =IF(Usage!$B$24=0, "", Usage!$B$24) | CB58: =IF(Usage!$B$25=0, "", Usage!$B$25) | CF58: =IF(Usage!$B$26=0, "", Usage!$B$26) | CJ58: =IF(Usage!$B$27=0, "", Usage!$B$27) | CN58: =IF(Usage!$B$28=0, "", Usage!$B$28) | CR58: =IF(Usage!$B$29=0, "", Usage!$B$29) | CV58: =IF(Usage!$B$30=0, "", Usage!$B$30) | CZ58: =IF(Usage!$B$31=0, "", Usage!$B$31) | DD58: =IF(Usage!$B$32=0, "", Usage!$B$32) | DH58: =IF(Usage!$B$33=0, "", Usage!$B$33) | DM58: (should add up to 100%)
A59: Salaries of Graduate Students, Students, and Hourly Employees | L59: FTE % | M59: Amount | N59: Sal | O59: Ben | P59: FTE % | Q59: Amount | R59: Sal | S59: Ben | T59: FTE % | U59: Amount | V59: Sal | W59: Ben | X59: FTE % | Y59: Amount | Z59: Sal | AA59: Ben | AB59: FTE % | AC59: Amount | AD59: Sal | AE59: Ben | AF59: FTE % | AG59: Amount | AH59: Sal | AI59: Ben | AJ59: FTE % | AK59: Amount | AL59: Sal | AM59: Ben | AN59: FTE % | AO59: Amount | AP59: Sal | AQ59: Ben | AR59: FTE % | AS59: Amount | AT59: Sal | AU59: Ben | AV59: FTE % | AW59: Amount | AX59: Sal | AY59: Ben | AZ59: FTE % | BA59: Amount | BB59: Sal | BC59: Ben | BD59: FTE % | BE59: Amount | BF59: Sal | BG59: Ben | BH59: FTE % | BI59: Amount | BJ59: Sal | BK59: Ben | BL59: FTE % | BM59: Amount | BN59: Sal | BO59: Ben | BP59: FTE % | BQ59: Amount | BR59: Sal | BS59: Ben | BT59: FTE % | BU59: Amount | BV59: Sal | BW59: Ben | BX59: FTE % | BY59: Amount | BZ59: Sal | CA59: Ben | CB59: FTE % | CC59: Amount | CD59: Sal | CE59: Ben | CF59: FTE % | CG59: Amount | CH59: Sal | CI59: Ben | CJ59: FTE % | CK59: Amount | CL59: Sal | CM59: Ben | CN59: FTE % | CO59: Amount | CP59: Sal | CQ59: Ben | CR59: FTE % | CS59: Amount | CT59: Sal | CU59: Ben | CV59: FTE % | CW59: Amount | CX59: Sal | CY59: Ben | CZ59: FTE % | DA59: Amount | DB59: Sal | DC59: Ben | DD59: FTE % | DE59: Amount | DF59: Sal | DG59: Ben | DH59: FTE % | DI59: Amount | DJ59: Sal | DK59: Ben
F60: =E60*12 -> 0 | G60: =IF(C60="",0,IF(C60="50000",$G$4,IF(C60="50010",$G$5,IF(C60="50020",$G$6,IF(C60="50030",$G$7,IF(C60="50040",$G$8,IF(C60="50050",$G$9,IF(C60="50060",$G$10,IF(C60="50090",$G$11,IF(C60="50100",$G$12,IF(C60="50110",$G$13))))))))))) -> 0 | H60: 0 | I60: =F60*H60 -> 0 | J60: =F60*G60*H60 -> 0 | K60: =F60*(1+G60)*H60 -> 0 | L60: 0 | M60: =$K60*L60 -> 0 | N60: =$I60*L60 -> 0 | O60: =$J60*L60 -> 0 | P60: 0 | Q60: =$K60*P60 -> 0 | R60: =$I60*P60 -> 0 | S60: =$J60*P60 -> 0 | T60: 0 | U60: =$K60*T60 -> 0 | V60: =$I60*T60 -> 0 | W60: =$J60*T60 -> 0 | X60: 0 | Y60: =$K60*X60 -> 0 | Z60: =$I60*X60 -> 0 | AA60: =$J60*X60 -> 0 | AB60: 0 | AC60: =$K60*AB60 -> 0 | AD60: =$I60*AB60 -> 0 | AE60: =$J60*AB60 -> 0 | AF60: 0 | AG60: =$K60*AF60 -> 0 | AH60: =$I60*AF60 -> 0 | AI60: =$J60*AF60 -> 0 | AJ60: 0 | AK60: =$K60*AJ60 -> 0 | AL60: =$I60*AJ60 -> 0 | AM60: =$J60*AJ60 -> 0 | AN60: 0 | AO60: =$K60*AN60 -> 0 | AP60: =$I60*AN60 -> 0 | AQ60: =$J60*AN60 -> 0 | AR60: 0 | AS60: =$K60*AR60 -> 0 | AT60: =$I60*AR60 -> 0 | AU60: =$J60*AR60 -> 0 | AV60: 0 | AW60: =$K60*AV60 -> 0 | AX60: =$I60*AV60 -> 0 | AY60: =$J60*AV60 -> 0 | AZ60: 0 | BA60: =$K60*AZ60 -> 0 | BB60: =$I60*AZ60 -> 0 | BC60: =$J60*AZ60 -> 0 | BD60: 0 | BE60: =$K60*BD60 -> 0 | BF60: =$I60*BD60 -> 0 | BG60: =$J60*BD60 -> 0 | BH60: 0 | BI60: =$K60*BH60 -> 0 | BJ60: =$I60*BH60 -> 0 | BK60: =$J60*BH60 -> 0 | BL60: 0 | BM60: =$K60*BL60 -> 0 | BN60: =$I60*BL60 -> 0 | BO60: =$J60*BL60 -> 0 | BP60: 0 | BQ60: =$K60*BP60 -> 0 | BR60: =$I60*BP60 -> 0 | BS60: =$J60*BP60 -> 0 | BT60: 0 | BU60: =$K60*BT60 -> 0 | BV60: =$I60*BT60 -> 0 | BW60: =$J60*BT60 -> 0 | BX60: 0 | BY60: =$K60*BX60 -> 0 | BZ60: =$I60*BX60 -> 0 | CA60: =$J60*BX60 -> 0 | CB60: 0 | CC60: =$K60*CB60 -> 0 | CD60: =$I60*CB60 -> 0 | CE60: =$J60*CB60 -> 0 | CF60: 0 | CG60: =$K60*CF60 -> 0 | CH60: =$I60*CF60 -> 0 | CI60: =$J60*CF60 -> 0 | CJ60: 0 | CK60: =$K60*CJ60 -> 0 | CL60: =$I60*CJ60 -> 0 | CM60: =$J60*CJ60 -> 0 | CN60: 0 | CO60: =$K60*CN60 -> 0 | CP60: =$I60*CN60 -> 0 | CQ60: =$J60*CN60 -> 0 | CR60: 0 | CS60: =$K60*CR60 -> 0 | CT60: =$I60*CR60 -> 0 | CU60: =$J60*CR60 -> 0 | CV60: 0 | CW60: =$K60*CV60 -> 0 | CX60: =$I60*CV60 -> 0 | CY60: =$J60*CV60 -> 0 | CZ60: 0 | DA60: =$K60*CZ60 -> 0 | DB60: =$I60*CZ60 -> 0 | DC60: =$J60*CZ60 -> 0 | DD60: 0 | DE60: =$K60*DD60 -> 0 | DF60: =$I60*DD60 -> 0 | DG60: =$J60*DD60 -> 0 | DH60: 0 | DI60: =$K60*DH60 -> 0 | DJ60: =$I60*DH60 -> 0 | DK60: =$J60*DH60 -> 0 | DM60: =L60+P60+T60+X60+AB60+AF60+AJ60+AN60+AR60+AV60+AZ60+BD60+BH60+BL60+BP60+BT60+BX60+CB60+CF60+CJ60+CN60+CR60+CV60+CZ60+DD60+DH60 -> 0 | DN60: =M60+Q60+U60+Y60+AC60+AG60+AK60+AO60+AS60+AW60+BA60+BE60+BI60+BM60+BQ60+BU60+BY60+CC60+CG60+CK60+CO60+CS60+CW60+DA60+DE60+DI60 -> 0 | DO60: =DN60-K60 -> 0
F61: =E61*12 -> 0 | G61: =IF(C61="",0,IF(C61="50000",$G$4,IF(C61="50010",$G$5,IF(C61="50020",$G$6,IF(C61="50030",$G$7,IF(C61="50040",$G$8,IF(C61="50050",$G$9,IF(C61="50060",$G$10,IF(C61="50090",$G$11,IF(C61="50100",$G$12,IF(C61="50110",$G$13))))))))))) -> 0 | H61: 0 | I61: =F61*H61 -> 0 | J61: =F61*G61*H61 -> 0 | K61: =F61*(1+G61)*H61 -> 0 | L61: 0 | M61: =$K61*L61 -> 0 | N61: =$I61*L61 -> 0 | O61: =$J61*L61 -> 0 | P61: 0 | Q61: =$K61*P61 -> 0 | R61: =$I61*P61 -> 0 | S61: =$J61*P61 -> 0 | T61: 0 | U61: =$K61*T61 -> 0 | V61: =$I61*T61 -> 0 | W61: =$J61*T61 -> 0 | X61: 0 | Y61: =$K61*X61 -> 0 | Z61: =$I61*X61 -> 0 | AA61: =$J61*X61 -> 0 | AB61: 0 | AC61: =$K61*AB61 -> 0 | AD61: =$I61*AB61 -> 0 | AE61: =$J61*AB61 -> 0 | AF61: 0 | AG61: =$K61*AF61 -> 0 | AH61: =$I61*AF61 -> 0 | AI61: =$J61*AF61 -> 0 | AJ61: 0 | AK61: =$K61*AJ61 -> 0 | AL61: =$I61*AJ61 -> 0 | AM61: =$J61*AJ61 -> 0 | AN61: 0 | AO61: =$K61*AN61 -> 0 | AP61: =$I61*AN61 -> 0 | AQ61: =$J61*AN61 -> 0 | AR61: 0 | AS61: =$K61*AR61 -> 0 | AT61: =$I61*AR61 -> 0 | AU61: =$J61*AR61 -> 0 | AV61: 0 | AW61: =$K61*AV61 -> 0 | AX61: =$I61*AV61 -> 0 | AY61: =$J61*AV61 -> 0 | AZ61: 0 | BA61: =$K61*AZ61 -> 0 | BB61: =$I61*AZ61 -> 0 | BC61: =$J61*AZ61 -> 0 | BD61: 0 | BE61: =$K61*BD61 -> 0 | BF61: =$I61*BD61 -> 0 | BG61: =$J61*BD61 -> 0 | BH61: 0 | BI61: =$K61*BH61 -> 0 | BJ61: =$I61*BH61 -> 0 | BK61: =$J61*BH61 -> 0 | BL61: 0 | BM61: =$K61*BL61 -> 0 | BN61: =$I61*BL61 -> 0 | BO61: =$J61*BL61 -> 0 | BP61: 0 | BQ61: =$K61*BP61 -> 0 | BR61: =$I61*BP61 -> 0 | BS61: =$J61*BP61 -> 0 | BT61: 0 | BU61: =$K61*BT61 -> 0 | BV61: =$I61*BT61 -> 0 | BW61: =$J61*BT61 -> 0 | BX61: 0 | BY61: =$K61*BX61 -> 0 | BZ61: =$I61*BX61 -> 0 | CA61: =$J61*BX61 -> 0 | CB61: 0 | CC61: =$K61*CB61 -> 0 | CD61: =$I61*CB61 -> 0 | CE61: =$J61*CB61 -> 0 | CF61: 0 | CG61: =$K61*CF61 -> 0 | CH61: =$I61*CF61 -> 0 | CI61: =$J61*CF61 -> 0 | CJ61: 0 | CK61: =$K61*CJ61 -> 0 | CL61: =$I61*CJ61 -> 0 | CM61: =$J61*CJ61 -> 0 | CN61: 0 | CO61: =$K61*CN61 -> 0 | CP61: =$I61*CN61 -> 0 | CQ61: =$J61*CN61 -> 0 | CR61: 0 | CS61: =$K61*CR61 -> 0 | CT61: =$I61*CR61 -> 0 | CU61: =$J61*CR61 -> 0 | CV61: 0 | CW61: =$K61*CV61 -> 0 | CX61: =$I61*CV61 -> 0 | CY61: =$J61*CV61 -> 0 | CZ61: 0 | DA61: =$K61*CZ61 -> 0 | DB61: =$I61*CZ61 -> 0 | DC61: =$J61*CZ61 -> 0 | DD61: 0 | DE61: =$K61*DD61 -> 0 | DF61: =$I61*DD61 -> 0 | DG61: =$J61*DD61 -> 0 | DH61: 0 | DI61: =$K61*DH61 -> 0 | DJ61: =$I61*DH61 -> 0 | DK61: =$J61*DH61 -> 0 | DM61: =L61+P61+T61+X61+AB61+AF61+AJ61+AN61+AR61+AV61+AZ61+BD61+BH61+BL61+BP61+BT61+BX61+CB61+CF61+CJ61+CN61+CR61+CV61+CZ61+DD61+DH61 -> 0 | DN61: =M61+Q61+U61+Y61+AC61+AG61+AK61+AO61+AS61+AW61+BA61+BE61+BI61+BM61+BQ61+BU61+BY61+CC61+CG61+CK61+CO61+CS61+CW61+DA61+DE61+DI61 -> 0 | DO61: =DN61-K61 -> 0
F62: =E62*12 -> 0 | G62: =IF(C62="",0,IF(C62="50000",$G$4,IF(C62="50010",$G$5,IF(C62="50020",$G$6,IF(C62="50030",$G$7,IF(C62="50040",$G$8,IF(C62="50050",$G$9,IF(C62="50060",$G$10,IF(C62="50090",$G$11,IF(C62="50100",$G$12,IF(C62="50110",$G$13))))))))))) -> 0 | H62: 0 | I62: =F62*H62 -> 0 | J62: =F62*G62*H62 -> 0 | K62: =F62*(1+G62)*H62 -> 0 | L62: 0 | M62: =$K62*L62 -> 0 | N62: =$I62*L62 -> 0 | O62: =$J62*L62 -> 0 | P62: 0 | Q62: =$K62*P62 -> 0 | R62: =$I62*P62 -> 0 | S62: =$J62*P62 -> 0 | T62: 0 | U62: =$K62*T62 -> 0 | V62: =$I62*T62 -> 0 | W62: =$J62*T62 -> 0 | X62: 0 | Y62: =$K62*X62 -> 0 | Z62: =$I62*X62 -> 0 | AA62: =$J62*X62 -> 0 | AB62: 0 | AC62: =$K62*AB62 -> 0 | AD62: =$I62*AB62 -> 0 | AE62: =$J62*AB62 -> 0 | AF62: 0 | AG62: =$K62*AF62 -> 0 | AH62: =$I62*AF62 -> 0 | AI62: =$J62*AF62 -> 0 | AJ62: 0 | AK62: =$K62*AJ62 -> 0 | AL62: =$I62*AJ62 -> 0 | AM62: =$J62*AJ62 -> 0 | AN62: 0 | AO62: =$K62*AN62 -> 0 | AP62: =$I62*AN62 -> 0 | AQ62: =$J62*AN62 -> 0 | AR62: 0 | AS62: =$K62*AR62 -> 0 | AT62: =$I62*AR62 -> 0 | AU62: =$J62*AR62 -> 0 | AV62: 0 | AW62: =$K62*AV62 -> 0 | AX62: =$I62*AV62 -> 0 | AY62: =$J62*AV62 -> 0 | AZ62: 0 | BA62: =$K62*AZ62 -> 0 | BB62: =$I62*AZ62 -> 0 | BC62: =$J62*AZ62 -> 0 | BD62: 0 | BE62: =$K62*BD62 -> 0 | BF62: =$I62*BD62 -> 0 | BG62: =$J62*BD62 -> 0 | BH62: 0 | BI62: =$K62*BH62 -> 0 | BJ62: =$I62*BH62 -> 0 | BK62: =$J62*BH62 -> 0 | BL62: 0 | BM62: =$K62*BL62 -> 0 | BN62: =$I62*BL62 -> 0 | BO62: =$J62*BL62 -> 0 | BP62: 0 | BQ62: =$K62*BP62 -> 0 | BR62: =$I62*BP62 -> 0 | BS62: =$J62*BP62 -> 0 | BT62: 0 | BU62: =$K62*BT62 -> 0 | BV62: =$I62*BT62 -> 0 | BW62: =$J62*BT62 -> 0 | BX62: 0 | BY62: =$K62*BX62 -> 0 | BZ62: =$I62*BX62 -> 0 | CA62: =$J62*BX62 -> 0 | CB62: 0 | CC62: =$K62*CB62 -> 0 | CD62: =$I62*CB62 -> 0 | CE62: =$J62*CB62 -> 0 | CF62: 0 | CG62: =$K62*CF62 -> 0 | CH62: =$I62*CF62 -> 0 | CI62: =$J62*CF62 -> 0 | CJ62: 0 | CK62: =$K62*CJ62 -> 0 | CL62: =$I62*CJ62 -> 0 | CM62: =$J62*CJ62 -> 0 | CN62: 0 | CO62: =$K62*CN62 -> 0 | CP62: =$I62*CN62 -> 0 | CQ62: =$J62*CN62 -> 0 | CR62: 0 | CS62: =$K62*CR62 -> 0 | CT62: =$I62*CR62 -> 0 | CU62: =$J62*CR62 -> 0 | CV62: 0 | CW62: =$K62*CV62 -> 0 | CX62: =$I62*CV62 -> 0 | CY62: =$J62*CV62 -> 0 | CZ62: 0 | DA62: =$K62*CZ62 -> 0 | DB62: =$I62*CZ62 -> 0 | DC62: =$J62*CZ62 -> 0 | DD62: 0 | DE62: =$K62*DD62 -> 0 | DF62: =$I62*DD62 -> 0 | DG62: =$J62*DD62 -> 0 | DH62: 0 | DI62: =$K62*DH62 -> 0 | DJ62: =$I62*DH62 -> 0 | DK62: =$J62*DH62 -> 0 | DM62: =L62+P62+T62+X62+AB62+AF62+AJ62+AN62+AR62+AV62+AZ62+BD62+BH62+BL62+BP62+BT62+BX62+CB62+CF62+CJ62+CN62+CR62+CV62+CZ62+DD62+DH62 -> 0 | DN62: =M62+Q62+U62+Y62+AC62+AG62+AK62+AO62+AS62+AW62+BA62+BE62+BI62+BM62+BQ62+BU62+BY62+CC62+CG62+CK62+CO62+CS62+CW62+DA62+DE62+DI62 -> 0 | DO62: =DN62-K62 -> 0
F63: =E63*12 -> 0 | G63: =IF(C63="",0,IF(C63="50000",$G$4,IF(C63="50010",$G$5,IF(C63="50020",$G$6,IF(C63="50030",$G$7,IF(C63="50040",$G$8,IF(C63="50050",$G$9,IF(C63="50060",$G$10,IF(C63="50090",$G$11,IF(C63="50100",$G$12,IF(C63="50110",$G$13))))))))))) -> 0 | H63: 0 | I63: =F63*H63 -> 0 | J63: =F63*G63*H63 -> 0 | K63: =F63*(1+G63)*H63 -> 0 | L63: 0 | M63: =$K63*L63 -> 0 | N63: =$I63*L63 -> 0 | O63: =$J63*L63 -> 0 | P63: 0 | Q63: =$K63*P63 -> 0 | R63: =$I63*P63 -> 0 | S63: =$J63*P63 -> 0 | T63: 0 | U63: =$K63*T63 -> 0 | V63: =$I63*T63 -> 0 | W63: =$J63*T63 -> 0 | X63: 0 | Y63: =$K63*X63 -> 0 | Z63: =$I63*X63 -> 0 | AA63: =$J63*X63 -> 0 | AB63: 0 | AC63: =$K63*AB63 -> 0 | AD63: =$I63*AB63 -> 0 | AE63: =$J63*AB63 -> 0 | AF63: 0 | AG63: =$K63*AF63 -> 0 | AH63: =$I63*AF63 -> 0 | AI63: =$J63*AF63 -> 0 | AJ63: 0 | AK63: =$K63*AJ63 -> 0 | AL63: =$I63*AJ63 -> 0 | AM63: =$J63*AJ63 -> 0 | AN63: 0 | AO63: =$K63*AN63 -> 0 | AP63: =$I63*AN63 -> 0 | AQ63: =$J63*AN63 -> 0 | AR63: 0 | AS63: =$K63*AR63 -> 0 | AT63: =$I63*AR63 -> 0 | AU63: =$J63*AR63 -> 0 | AV63: 0 | AW63: =$K63*AV63 -> 0 | AX63: =$I63*AV63 -> 0 | AY63: =$J63*AV63 -> 0 | AZ63: 0 | BA63: =$K63*AZ63 -> 0 | BB63: =$I63*AZ63 -> 0 | BC63: =$J63*AZ63 -> 0 | BD63: 0 | BE63: =$K63*BD63 -> 0 | BF63: =$I63*BD63 -> 0 | BG63: =$J63*BD63 -> 0 | BH63: 0 | BI63: =$K63*BH63 -> 0 | BJ63: =$I63*BH63 -> 0 | BK63: =$J63*BH63 -> 0 | BL63: 0 | BM63: =$K63*BL63 -> 0 | BN63: =$I63*BL63 -> 0 | BO63: =$J63*BL63 -> 0 | BP63: 0 | BQ63: =$K63*BP63 -> 0 | BR63: =$I63*BP63 -> 0 | BS63: =$J63*BP63 -> 0 | BT63: 0 | BU63: =$K63*BT63 -> 0 | BV63: =$I63*BT63 -> 0 | BW63: =$J63*BT63 -> 0 | BX63: 0 | BY63: =$K63*BX63 -> 0 | BZ63: =$I63*BX63 -> 0 | CA63: =$J63*BX63 -> 0 | CB63: 0 | CC63: =$K63*CB63 -> 0 | CD63: =$I63*CB63 -> 0 | CE63: =$J63*CB63 -> 0 | CF63: 0 | CG63: =$K63*CF63 -> 0 | CH63: =$I63*CF63 -> 0 | CI63: =$J63*CF63 -> 0 | CJ63: 0 | CK63: =$K63*CJ63 -> 0 | CL63: =$I63*CJ63 -> 0 | CM63: =$J63*CJ63 -> 0 | CN63: 0 | CO63: =$K63*CN63 -> 0 | CP63: =$I63*CN63 -> 0 | CQ63: =$J63*CN63 -> 0 | CR63: 0 | CS63: =$K63*CR63 -> 0 | CT63: =$I63*CR63 -> 0 | CU63: =$J63*CR63 -> 0 | CV63: 0 | CW63: =$K63*CV63 -> 0 | CX63: =$I63*CV63 -> 0 | CY63: =$J63*CV63 -> 0 | CZ63: 0 | DA63: =$K63*CZ63 -> 0 | DB63: =$I63*CZ63 -> 0 | DC63: =$J63*CZ63 -> 0 | DD63: 0 | DE63: =$K63*DD63 -> 0 | DF63: =$I63*DD63 -> 0 | DG63: =$J63*DD63 -> 0 | DH63: 0 | DI63: =$K63*DH63 -> 0 | DJ63: =$I63*DH63 -> 0 | DK63: =$J63*DH63 -> 0 | DM63: =L63+P63+T63+X63+AB63+AF63+AJ63+AN63+AR63+AV63+AZ63+BD63+BH63+BL63+BP63+BT63+BX63+CB63+CF63+CJ63+CN63+CR63+CV63+CZ63+DD63+DH63 -> 0 | DN63: =M63+Q63+U63+Y63+AC63+AG63+AK63+AO63+AS63+AW63+BA63+BE63+BI63+BM63+BQ63+BU63+BY63+CC63+CG63+CK63+CO63+CS63+CW63+DA63+DE63+DI63 -> 0 | DO63: =DN63-K63 -> 0
F64: =E64*12 -> 0 | G64: =IF(C64="",0,IF(C64="50000",$G$4,IF(C64="50010",$G$5,IF(C64="50020",$G$6,IF(C64="50030",$G$7,IF(C64="50040",$G$8,IF(C64="50050",$G$9,IF(C64="50060",$G$10,IF(C64="50090",$G$11,IF(C64="50100",$G$12,IF(C64="50110",$G$13))))))))))) -> 0 | H64: 0 | I64: =F64*H64 -> 0 | J64: =F64*G64*H64 -> 0 | K64: =F64*(1+G64)*H64 -> 0 | L64: 0 | M64: =$K64*L64 -> 0 | N64: =$I64*L64 -> 0 | O64: =$J64*L64 -> 0 | P64: 0 | Q64: =$K64*P64 -> 0 | R64: =$I64*P64 -> 0 | S64: =$J64*P64 -> 0 | T64: 0 | U64: =$K64*T64 -> 0 | V64: =$I64*T64 -> 0 | W64: =$J64*T64 -> 0 | X64: 0 | Y64: =$K64*X64 -> 0 | Z64: =$I64*X64 -> 0 | AA64: =$J64*X64 -> 0 | AB64: 0 | AC64: =$K64*AB64 -> 0 | AD64: =$I64*AB64 -> 0 | AE64: =$J64*AB64 -> 0 | AF64: 0 | AG64: =$K64*AF64 -> 0 | AH64: =$I64*AF64 -> 0 | AI64: =$J64*AF64 -> 0 | AJ64: 0 | AK64: =$K64*AJ64 -> 0 | AL64: =$I64*AJ64 -> 0 | AM64: =$J64*AJ64 -> 0 | AN64: 0 | AO64: =$K64*AN64 -> 0 | AP64: =$I64*AN64 -> 0 | AQ64: =$J64*AN64 -> 0 | AR64: 0 | AS64: =$K64*AR64 -> 0 | AT64: =$I64*AR64 -> 0 | AU64: =$J64*AR64 -> 0 | AV64: 0 | AW64: =$K64*AV64 -> 0 | AX64: =$I64*AV64 -> 0 | AY64: =$J64*AV64 -> 0 | AZ64: 0 | BA64: =$K64*AZ64 -> 0 | BB64: =$I64*AZ64 -> 0 | BC64: =$J64*AZ64 -> 0 | BD64: 0 | BE64: =$K64*BD64 -> 0 | BF64: =$I64*BD64 -> 0 | BG64: =$J64*BD64 -> 0 | BH64: 0 | BI64: =$K64*BH64 -> 0 | BJ64: =$I64*BH64 -> 0 | BK64: =$J64*BH64 -> 0 | BL64: 0 | BM64: =$K64*BL64 -> 0 | BN64: =$I64*BL64 -> 0 | BO64: =$J64*BL64 -> 0 | BP64: 0 | BQ64: =$K64*BP64 -> 0 | BR64: =$I64*BP64 -> 0 | BS64: =$J64*BP64 -> 0 | BT64: 0 | BU64: =$K64*BT64 -> 0 | BV64: =$I64*BT64 -> 0 | BW64: =$J64*BT64 -> 0 | BX64: 0 | BY64: =$K64*BX64 -> 0 | BZ64: =$I64*BX64 -> 0 | CA64: =$J64*BX64 -> 0 | CB64: 0 | CC64: =$K64*CB64 -> 0 | CD64: =$I64*CB64 -> 0 | CE64: =$J64*CB64 -> 0 | CF64: 0 | CG64: =$K64*CF64 -> 0 | CH64: =$I64*CF64 -> 0 | CI64: =$J64*CF64 -> 0 | CJ64: 0 | CK64: =$K64*CJ64 -> 0 | CL64: =$I64*CJ64 -> 0 | CM64: =$J64*CJ64 -> 0 | CN64: 0 | CO64: =$K64*CN64 -> 0 | CP64: =$I64*CN64 -> 0 | CQ64: =$J64*CN64 -> 0 | CR64: 0 | CS64: =$K64*CR64 -> 0 | CT64: =$I64*CR64 -> 0 | CU64: =$J64*CR64 -> 0 | CV64: 0 | CW64: =$K64*CV64 -> 0 | CX64: =$I64*CV64 -> 0 | CY64: =$J64*CV64 -> 0 | CZ64: 0 | DA64: =$K64*CZ64 -> 0 | DB64: =$I64*CZ64 -> 0 | DC64: =$J64*CZ64 -> 0 | DD64: 0 | DE64: =$K64*DD64 -> 0 | DF64: =$I64*DD64 -> 0 | DG64: =$J64*DD64 -> 0 | DH64: 0 | DI64: =$K64*DH64 -> 0 | DJ64: =$I64*DH64 -> 0 | DK64: =$J64*DH64 -> 0 | DM64: =L64+P64+T64+X64+AB64+AF64+AJ64+AN64+AR64+AV64+AZ64+BD64+BH64+BL64+BP64+BT64+BX64+CB64+CF64+CJ64+CN64+CR64+CV64+CZ64+DD64+DH64 -> 0 | DN64: =M64+Q64+U64+Y64+AC64+AG64+AK64+AO64+AS64+AW64+BA64+BE64+BI64+BM64+BQ64+BU64+BY64+CC64+CG64+CK64+CO64+CS64+CW64+DA64+DE64+DI64 -> 0 | DO64: =DN64-K64 -> 0
F65: =E65*12 -> 0 | G65: =IF(C65="",0,IF(C65="50000",$G$4,IF(C65="50010",$G$5,IF(C65="50020",$G$6,IF(C65="50030",$G$7,IF(C65="50040",$G$8,IF(C65="50050",$G$9,IF(C65="50060",$G$10,IF(C65="50090",$G$11,IF(C65="50100",$G$12,IF(C65="50110",$G$13))))))))))) -> 0 | H65: 0 | I65: =F65*H65 -> 0 | J65: =F65*G65*H65 -> 0 | K65: =F65*(1+G65)*H65 -> 0 | L65: 0 | M65: =$K65*L65 -> 0 | N65: =$I65*L65 -> 0 | O65: =$J65*L65 -> 0 | P65: 0 | Q65: =$K65*P65 -> 0 | R65: =$I65*P65 -> 0 | S65: =$J65*P65 -> 0 | T65: 0 | U65: =$K65*T65 -> 0 | V65: =$I65*T65 -> 0 | W65: =$J65*T65 -> 0 | X65: 0 | Y65: =$K65*X65 -> 0 | Z65: =$I65*X65 -> 0 | AA65: =$J65*X65 -> 0 | AB65: 0 | AC65: =$K65*AB65 -> 0 | AD65: =$I65*AB65 -> 0 | AE65: =$J65*AB65 -> 0 | AF65: 0 | AG65: =$K65*AF65 -> 0 | AH65: =$I65*AF65 -> 0 | AI65: =$J65*AF65 -> 0 | AJ65: 0 | AK65: =$K65*AJ65 -> 0 | AL65: =$I65*AJ65 -> 0 | AM65: =$J65*AJ65 -> 0 | AN65: 0 | AO65: =$K65*AN65 -> 0 | AP65: =$I65*AN65 -> 0 | AQ65: =$J65*AN65 -> 0 | AR65: 0 | AS65: =$K65*AR65 -> 0 | AT65: =$I65*AR65 -> 0 | AU65: =$J65*AR65 -> 0 | AV65: 0 | AW65: =$K65*AV65 -> 0 | AX65: =$I65*AV65 -> 0 | AY65: =$J65*AV65 -> 0 | AZ65: 0 | BA65: =$K65*AZ65 -> 0 | BB65: =$I65*AZ65 -> 0 | BC65: =$J65*AZ65 -> 0 | BD65: 0 | BE65: =$K65*BD65 -> 0 | BF65: =$I65*BD65 -> 0 | BG65: =$J65*BD65 -> 0 | BH65: 0 | BI65: =$K65*BH65 -> 0 | BJ65: =$I65*BH65 -> 0 | BK65: =$J65*BH65 -> 0 | BL65: 0 | BM65: =$K65*BL65 -> 0 | BN65: =$I65*BL65 -> 0 | BO65: =$J65*BL65 -> 0 | BP65: 0 | BQ65: =$K65*BP65 -> 0 | BR65: =$I65*BP65 -> 0 | BS65: =$J65*BP65 -> 0 | BT65: 0 | BU65: =$K65*BT65 -> 0 | BV65: =$I65*BT65 -> 0 | BW65: =$J65*BT65 -> 0 | BX65: 0 | BY65: =$K65*BX65 -> 0 | BZ65: =$I65*BX65 -> 0 | CA65: =$J65*BX65 -> 0 | CB65: 0 | CC65: =$K65*CB65 -> 0 | CD65: =$I65*CB65 -> 0 | CE65: =$J65*CB65 -> 0 | CF65: 0 | CG65: =$K65*CF65 -> 0 | CH65: =$I65*CF65 -> 0 | CI65: =$J65*CF65 -> 0 | CJ65: 0 | CK65: =$K65*CJ65 -> 0 | CL65: =$I65*CJ65 -> 0 | CM65: =$J65*CJ65 -> 0 | CN65: 0 | CO65: =$K65*CN65 -> 0 | CP65: =$I65*CN65 -> 0 | CQ65: =$J65*CN65 -> 0 | CR65: 0 | CS65: =$K65*CR65 -> 0 | CT65: =$I65*CR65 -> 0 | CU65: =$J65*CR65 -> 0 | CV65: 0 | CW65: =$K65*CV65 -> 0 | CX65: =$I65*CV65 -> 0 | CY65: =$J65*CV65 -> 0 | CZ65: 0 | DA65: =$K65*CZ65 -> 0 | DB65: =$I65*CZ65 -> 0 | DC65: =$J65*CZ65 -> 0 | DD65: 0 | DE65: =$K65*DD65 -> 0 | DF65: =$I65*DD65 -> 0 | DG65: =$J65*DD65 -> 0 | DH65: 0 | DI65: =$K65*DH65 -> 0 | DJ65: =$I65*DH65 -> 0 | DK65: =$J65*DH65 -> 0 | DM65: =L65+P65+T65+X65+AB65+AF65+AJ65+AN65+AR65+AV65+AZ65+BD65+BH65+BL65+BP65+BT65+BX65+CB65+CF65+CJ65+CN65+CR65+CV65+CZ65+DD65+DH65 -> 0 | DN65: =M65+Q65+U65+Y65+AC65+AG65+AK65+AO65+AS65+AW65+BA65+BE65+BI65+BM65+BQ65+BU65+BY65+CC65+CG65+CK65+CO65+CS65+CW65+DA65+DE65+DI65 -> 0 | DO65: =DN65-K65 -> 0
F66: =E66*12 -> 0 | G66: =IF(C66="",0,IF(C66="50000",$G$4,IF(C66="50010",$G$5,IF(C66="50020",$G$6,IF(C66="50030",$G$7,IF(C66="50040",$G$8,IF(C66="50050",$G$9,IF(C66="50060",$G$10,IF(C66="50090",$G$11,IF(C66="50100",$G$12,IF(C66="50110",$G$13))))))))))) -> 0 | H66: 0 | I66: =F66*H66 -> 0 | J66: =F66*G66*H66 -> 0 | K66: =F66*(1+G66)*H66 -> 0 | L66: 0 | M66: =$K66*L66 -> 0 | N66: =$I66*L66 -> 0 | O66: =$J66*L66 -> 0 | P66: 0 | Q66: =$K66*P66 -> 0 | R66: =$I66*P66 -> 0 | S66: =$J66*P66 -> 0 | T66: 0 | U66: =$K66*T66 -> 0 | V66: =$I66*T66 -> 0 | W66: =$J66*T66 -> 0 | X66: 0 | Y66: =$K66*X66 -> 0 | Z66: =$I66*X66 -> 0 | AA66: =$J66*X66 -> 0 | AB66: 0 | AC66: =$K66*AB66 -> 0 | AD66: =$I66*AB66 -> 0 | AE66: =$J66*AB66 -> 0 | AF66: 0 | AG66: =$K66*AF66 -> 0 | AH66: =$I66*AF66 -> 0 | AI66: =$J66*AF66 -> 0 | AJ66: 0 | AK66: =$K66*AJ66 -> 0 | AL66: =$I66*AJ66 -> 0 | AM66: =$J66*AJ66 -> 0 | AN66: 0 | AO66: =$K66*AN66 -> 0 | AP66: =$I66*AN66 -> 0 | AQ66: =$J66*AN66 -> 0 | AR66: 0 | AS66: =$K66*AR66 -> 0 | AT66: =$I66*AR66 -> 0 | AU66: =$J66*AR66 -> 0 | AV66: 0 | AW66: =$K66*AV66 -> 0 | AX66: =$I66*AV66 -> 0 | AY66: =$J66*AV66 -> 0 | AZ66: 0 | BA66: =$K66*AZ66 -> 0 | BB66: =$I66*AZ66 -> 0 | BC66: =$J66*AZ66 -> 0 | BD66: 0 | BE66: =$K66*BD66 -> 0 | BF66: =$I66*BD66 -> 0 | BG66: =$J66*BD66 -> 0 | BH66: 0 | BI66: =$K66*BH66 -> 0 | BJ66: =$I66*BH66 -> 0 | BK66: =$J66*BH66 -> 0 | BL66: 0 | BM66: =$K66*BL66 -> 0 | BN66: =$I66*BL66 -> 0 | BO66: =$J66*BL66 -> 0 | BP66: 0 | BQ66: =$K66*BP66 -> 0 | BR66: =$I66*BP66 -> 0 | BS66: =$J66*BP66 -> 0 | BT66: 0 | BU66: =$K66*BT66 -> 0 | BV66: =$I66*BT66 -> 0 | BW66: =$J66*BT66 -> 0 | BX66: 0 | BY66: =$K66*BX66 -> 0 | BZ66: =$I66*BX66 -> 0 | CA66: =$J66*BX66 -> 0 | CB66: 0 | CC66: =$K66*CB66 -> 0 | CD66: =$I66*CB66 -> 0 | CE66: =$J66*CB66 -> 0 | CF66: 0 | CG66: =$K66*CF66 -> 0 | CH66: =$I66*CF66 -> 0 | CI66: =$J66*CF66 -> 0 | CJ66: 0 | CK66: =$K66*CJ66 -> 0 | CL66: =$I66*CJ66 -> 0 | CM66: =$J66*CJ66 -> 0 | CN66: 0 | CO66: =$K66*CN66 -> 0 | CP66: =$I66*CN66 -> 0 | CQ66: =$J66*CN66 -> 0 | CR66: 0 | CS66: =$K66*CR66 -> 0 | CT66: =$I66*CR66 -> 0 | CU66: =$J66*CR66 -> 0 | CV66: 0 | CW66: =$K66*CV66 -> 0 | CX66: =$I66*CV66 -> 0 | CY66: =$J66*CV66 -> 0 | CZ66: 0 | DA66: =$K66*CZ66 -> 0 | DB66: =$I66*CZ66 -> 0 | DC66: =$J66*CZ66 -> 0 | DD66: 0 | DE66: =$K66*DD66 -> 0 | DF66: =$I66*DD66 -> 0 | DG66: =$J66*DD66 -> 0 | DH66: 0 | DI66: =$K66*DH66 -> 0 | DJ66: =$I66*DH66 -> 0 | DK66: =$J66*DH66 -> 0 | DM66: =L66+P66+T66+X66+AB66+AF66+AJ66+AN66+AR66+AV66+AZ66+BD66+BH66+BL66+BP66+BT66+BX66+CB66+CF66+CJ66+CN66+CR66+CV66+CZ66+DD66+DH66 -> 0 | DN66: =M66+Q66+U66+Y66+AC66+AG66+AK66+AO66+AS66+AW66+BA66+BE66+BI66+BM66+BQ66+BU66+BY66+CC66+CG66+CK66+CO66+CS66+CW66+DA66+DE66+DI66 -> 0 | DO66: =DN66-K66 -> 0
F67: =E67*12 -> 0 | G67: =IF(C67="",0,IF(C67="50000",$G$4,IF(C67="50010",$G$5,IF(C67="50020",$G$6,IF(C67="50030",$G$7,IF(C67="50040",$G$8,IF(C67="50050",$G$9,IF(C67="50060",$G$10,IF(C67="50090",$G$11,IF(C67="50100",$G$12,IF(C67="50110",$G$13))))))))))) -> 0 | H67: 0 | I67: =F67*H67 -> 0 | J67: =F67*G67*H67 -> 0 | K67: =F67*(1+G67)*H67 -> 0 | L67: 0 | M67: =$K67*L67 -> 0 | N67: =$I67*L67 -> 0 | O67: =$J67*L67 -> 0 | P67: 0 | Q67: =$K67*P67 -> 0 | R67: =$I67*P67 -> 0 | S67: =$J67*P67 -> 0 | T67: 0 | U67: =$K67*T67 -> 0 | V67: =$I67*T67 -> 0 | W67: =$J67*T67 -> 0 | X67: 0 | Y67: =$K67*X67 -> 0 | Z67: =$I67*X67 -> 0 | AA67: =$J67*X67 -> 0 | AB67: 0 | AC67: =$K67*AB67 -> 0 | AD67: =$I67*AB67 -> 0 | AE67: =$J67*AB67 -> 0 | AF67: 0 | AG67: =$K67*AF67 -> 0 | AH67: =$I67*AF67 -> 0 | AI67: =$J67*AF67 -> 0 | AJ67: 0 | AK67: =$K67*AJ67 -> 0 | AL67: =$I67*AJ67 -> 0 | AM67: =$J67*AJ67 -> 0 | AN67: 0 | AO67: =$K67*AN67 -> 0 | AP67: =$I67*AN67 -> 0 | AQ67: =$J67*AN67 -> 0 | AR67: 0 | AS67: =$K67*AR67 -> 0 | AT67: =$I67*AR67 -> 0 | AU67: =$J67*AR67 -> 0 | AV67: 0 | AW67: =$K67*AV67 -> 0 | AX67: =$I67*AV67 -> 0 | AY67: =$J67*AV67 -> 0 | AZ67: 0 | BA67: =$K67*AZ67 -> 0 | BB67: =$I67*AZ67 -> 0 | BC67: =$J67*AZ67 -> 0 | BD67: 0 | BE67: =$K67*BD67 -> 0 | BF67: =$I67*BD67 -> 0 | BG67: =$J67*BD67 -> 0 | BH67: 0 | BI67: =$K67*BH67 -> 0 | BJ67: =$I67*BH67 -> 0 | BK67: =$J67*BH67 -> 0 | BL67: 0 | BM67: =$K67*BL67 -> 0 | BN67: =$I67*BL67 -> 0 | BO67: =$J67*BL67 -> 0 | BP67: 0 | BQ67: =$K67*BP67 -> 0 | BR67: =$I67*BP67 -> 0 | BS67: =$J67*BP67 -> 0 | BT67: 0 | BU67: =$K67*BT67 -> 0 | BV67: =$I67*BT67 -> 0 | BW67: =$J67*BT67 -> 0 | BX67: 0 | BY67: =$K67*BX67 -> 0 | BZ67: =$I67*BX67 -> 0 | CA67: =$J67*BX67 -> 0 | CB67: 0 | CC67: =$K67*CB67 -> 0 | CD67: =$I67*CB67 -> 0 | CE67: =$J67*CB67 -> 0 | CF67: 0 | CG67: =$K67*CF67 -> 0 | CH67: =$I67*CF67 -> 0 | CI67: =$J67*CF67 -> 0 | CJ67: 0 | CK67: =$K67*CJ67 -> 0 | CL67: =$I67*CJ67 -> 0 | CM67: =$J67*CJ67 -> 0 | CN67: 0 | CO67: =$K67*CN67 -> 0 | CP67: =$I67*CN67 -> 0 | CQ67: =$J67*CN67 -> 0 | CR67: 0 | CS67: =$K67*CR67 -> 0 | CT67: =$I67*CR67 -> 0 | CU67: =$J67*CR67 -> 0 | CV67: 0 | CW67: =$K67*CV67 -> 0 | CX67: =$I67*CV67 -> 0 | CY67: =$J67*CV67 -> 0 | CZ67: 0 | DA67: =$K67*CZ67 -> 0 | DB67: =$I67*CZ67 -> 0 | DC67: =$J67*CZ67 -> 0 | DD67: 0 | DE67: =$K67*DD67 -> 0 | DF67: =$I67*DD67 -> 0 | DG67: =$J67*DD67 -> 0 | DH67: 0 | DI67: =$K67*DH67 -> 0 | DJ67: =$I67*DH67 -> 0 | DK67: =$J67*DH67 -> 0 | DM67: =L67+P67+T67+X67+AB67+AF67+AJ67+AN67+AR67+AV67+AZ67+BD67+BH67+BL67+BP67+BT67+BX67+CB67+CF67+CJ67+CN67+CR67+CV67+CZ67+DD67+DH67 -> 0 | DN67: =M67+Q67+U67+Y67+AC67+AG67+AK67+AO67+AS67+AW67+BA67+BE67+BI67+BM67+BQ67+BU67+BY67+CC67+CG67+CK67+CO67+CS67+CW67+DA67+DE67+DI67 -> 0 | DO67: =DN67-K67 -> 0
F68: =E68*12 -> 0 | G68: =IF(C68="",0,IF(C68="50000",$G$4,IF(C68="50010",$G$5,IF(C68="50020",$G$6,IF(C68="50030",$G$7,IF(C68="50040",$G$8,IF(C68="50050",$G$9,IF(C68="50060",$G$10,IF(C68="50090",$G$11,IF(C68="50100",$G$12,IF(C68="50110",$G$13))))))))))) -> 0 | H68: 0 | I68: =F68*H68 -> 0 | J68: =F68*G68*H68 -> 0 | K68: =F68*(1+G68)*H68 -> 0 | L68: 0 | M68: =$K68*L68 -> 0 | N68: =$I68*L68 -> 0 | O68: =$J68*L68 -> 0 | P68: 0 | Q68: =$K68*P68 -> 0 | R68: =$I68*P68 -> 0 | S68: =$J68*P68 -> 0 | T68: 0 | U68: =$K68*T68 -> 0 | V68: =$I68*T68 -> 0 | W68: =$J68*T68 -> 0 | X68: 0 | Y68: =$K68*X68 -> 0 | Z68: =$I68*X68 -> 0 | AA68: =$J68*X68 -> 0 | AB68: 0 | AC68: =$K68*AB68 -> 0 | AD68: =$I68*AB68 -> 0 | AE68: =$J68*AB68 -> 0 | AF68: 0 | AG68: =$K68*AF68 -> 0 | AH68: =$I68*AF68 -> 0 | AI68: =$J68*AF68 -> 0 | AJ68: 0 | AK68: =$K68*AJ68 -> 0 | AL68: =$I68*AJ68 -> 0 | AM68: =$J68*AJ68 -> 0 | AN68: 0 | AO68: =$K68*AN68 -> 0 | AP68: =$I68*AN68 -> 0 | AQ68: =$J68*AN68 -> 0 | AR68: 0 | AS68: =$K68*AR68 -> 0 | AT68: =$I68*AR68 -> 0 | AU68: =$J68*AR68 -> 0 | AV68: 0 | AW68: =$K68*AV68 -> 0 | AX68: =$I68*AV68 -> 0 | AY68: =$J68*AV68 -> 0 | AZ68: 0 | BA68: =$K68*AZ68 -> 0 | BB68: =$I68*AZ68 -> 0 | BC68: =$J68*AZ68 -> 0 | BD68: 0 | BE68: =$K68*BD68 -> 0 | BF68: =$I68*BD68 -> 0 | BG68: =$J68*BD68 -> 0 | BH68: 0 | BI68: =$K68*BH68 -> 0 | BJ68: =$I68*BH68 -> 0 | BK68: =$J68*BH68 -> 0 | BL68: 0 | BM68: =$K68*BL68 -> 0 | BN68: =$I68*BL68 -> 0 | BO68: =$J68*BL68 -> 0 | BP68: 0 | BQ68: =$K68*BP68 -> 0 | BR68: =$I68*BP68 -> 0 | BS68: =$J68*BP68 -> 0 | BT68: 0 | BU68: =$K68*BT68 -> 0 | BV68: =$I68*BT68 -> 0 | BW68: =$J68*BT68 -> 0 | BX68: 0 | BY68: =$K68*BX68 -> 0 | BZ68: =$I68*BX68 -> 0 | CA68: =$J68*BX68 -> 0 | CB68: 0 | CC68: =$K68*CB68 -> 0 | CD68: =$I68*CB68 -> 0 | CE68: =$J68*CB68 -> 0 | CF68: 0 | CG68: =$K68*CF68 -> 0 | CH68: =$I68*CF68 -> 0 | CI68: =$J68*CF68 -> 0 | CJ68: 0 | CK68: =$K68*CJ68 -> 0 | CL68: =$I68*CJ68 -> 0 | CM68: =$J68*CJ68 -> 0 | CN68: 0 | CO68: =$K68*CN68 -> 0 | CP68: =$I68*CN68 -> 0 | CQ68: =$J68*CN68 -> 0 | CR68: 0 | CS68: =$K68*CR68 -> 0 | CT68: =$I68*CR68 -> 0 | CU68: =$J68*CR68 -> 0 | CV68: 0 | CW68: =$K68*CV68 -> 0 | CX68: =$I68*CV68 -> 0 | CY68: =$J68*CV68 -> 0 | CZ68: 0 | DA68: =$K68*CZ68 -> 0 | DB68: =$I68*CZ68 -> 0 | DC68: =$J68*CZ68 -> 0 | DD68: 0 | DE68: =$K68*DD68 -> 0 | DF68: =$I68*DD68 -> 0 | DG68: =$J68*DD68 -> 0 | DH68: 0 | DI68: =$K68*DH68 -> 0 | DJ68: =$I68*DH68 -> 0 | DK68: =$J68*DH68 -> 0 | DM68: =L68+P68+T68+X68+AB68+AF68+AJ68+AN68+AR68+AV68+AZ68+BD68+BH68+BL68+BP68+BT68+BX68+CB68+CF68+CJ68+CN68+CR68+CV68+CZ68+DD68+DH68 -> 0 | DN68: =M68+Q68+U68+Y68+AC68+AG68+AK68+AO68+AS68+AW68+BA68+BE68+BI68+BM68+BQ68+BU68+BY68+CC68+CG68+CK68+CO68+CS68+CW68+DA68+DE68+DI68 -> 0 | DO68: =DN68-K68 -> 0
F69: =E69*12 -> 0 | G69: =IF(C69="",0,IF(C69="50000",$G$4,IF(C69="50010",$G$5,IF(C69="50020",$G$6,IF(C69="50030",$G$7,IF(C69="50040",$G$8,IF(C69="50050",$G$9,IF(C69="50060",$G$10,IF(C69="50090",$G$11,IF(C69="50100",$G$12,IF(C69="50110",$G$13))))))))))) -> 0 | H69: 0 | I69: =F69*H69 -> 0 | J69: =F69*G69*H69 -> 0 | K69: =F69*(1+G69)*H69 -> 0 | L69: 0 | M69: =$K69*L69 -> 0 | N69: =$I69*L69 -> 0 | O69: =$J69*L69 -> 0 | P69: 0 | Q69: =$K69*P69 -> 0 | R69: =$I69*P69 -> 0 | S69: =$J69*P69 -> 0 | T69: 0 | U69: =$K69*T69 -> 0 | V69: =$I69*T69 -> 0 | W69: =$J69*T69 -> 0 | X69: 0 | Y69: =$K69*X69 -> 0 | Z69: =$I69*X69 -> 0 | AA69: =$J69*X69 -> 0 | AB69: 0 | AC69: =$K69*AB69 -> 0 | AD69: =$I69*AB69 -> 0 | AE69: =$J69*AB69 -> 0 | AF69: 0 | AG69: =$K69*AF69 -> 0 | AH69: =$I69*AF69 -> 0 | AI69: =$J69*AF69 -> 0 | AJ69: 0 | AK69: =$K69*AJ69 -> 0 | AL69: =$I69*AJ69 -> 0 | AM69: =$J69*AJ69 -> 0 | AN69: 0 | AO69: =$K69*AN69 -> 0 | AP69: =$I69*AN69 -> 0 | AQ69: =$J69*AN69 -> 0 | AR69: 0 | AS69: =$K69*AR69 -> 0 | AT69: =$I69*AR69 -> 0 | AU69: =$J69*AR69 -> 0 | AV69: 0 | AW69: =$K69*AV69 -> 0 | AX69: =$I69*AV69 -> 0 | AY69: =$J69*AV69 -> 0 | AZ69: 0 | BA69: =$K69*AZ69 -> 0 | BB69: =$I69*AZ69 -> 0 | BC69: =$J69*AZ69 -> 0 | BD69: 0 | BE69: =$K69*BD69 -> 0 | BF69: =$I69*BD69 -> 0 | BG69: =$J69*BD69 -> 0 | BH69: 0 | BI69: =$K69*BH69 -> 0 | BJ69: =$I69*BH69 -> 0 | BK69: =$J69*BH69 -> 0 | BL69: 0 | BM69: =$K69*BL69 -> 0 | BN69: =$I69*BL69 -> 0 | BO69: =$J69*BL69 -> 0 | BP69: 0 | BQ69: =$K69*BP69 -> 0 | BR69: =$I69*BP69 -> 0 | BS69: =$J69*BP69 -> 0 | BT69: 0 | BU69: =$K69*BT69 -> 0 | BV69: =$I69*BT69 -> 0 | BW69: =$J69*BT69 -> 0 | BX69: 0 | BY69: =$K69*BX69 -> 0 | BZ69: =$I69*BX69 -> 0 | CA69: =$J69*BX69 -> 0 | CB69: 0 | CC69: =$K69*CB69 -> 0 | CD69: =$I69*CB69 -> 0 | CE69: =$J69*CB69 -> 0 | CF69: 0 | CG69: =$K69*CF69 -> 0 | CH69: =$I69*CF69 -> 0 | CI69: =$J69*CF69 -> 0 | CJ69: 0 | CK69: =$K69*CJ69 -> 0 | CL69: =$I69*CJ69 -> 0 | CM69: =$J69*CJ69 -> 0 | CN69: 0 | CO69: =$K69*CN69 -> 0 | CP69: =$I69*CN69 -> 0 | CQ69: =$J69*CN69 -> 0 | CR69: 0 | CS69: =$K69*CR69 -> 0 | CT69: =$I69*CR69 -> 0 | CU69: =$J69*CR69 -> 0 | CV69: 0 | CW69: =$K69*CV69 -> 0 | CX69: =$I69*CV69 -> 0 | CY69: =$J69*CV69 -> 0 | CZ69: 0 | DA69: =$K69*CZ69 -> 0 | DB69: =$I69*CZ69 -> 0 | DC69: =$J69*CZ69 -> 0 | DD69: 0 | DE69: =$K69*DD69 -> 0 | DF69: =$I69*DD69 -> 0 | DG69: =$J69*DD69 -> 0 | DH69: 0 | DI69: =$K69*DH69 -> 0 | DJ69: =$I69*DH69 -> 0 | DK69: =$J69*DH69 -> 0 | DM69: =L69+P69+T69+X69+AB69+AF69+AJ69+AN69+AR69+AV69+AZ69+BD69+BH69+BL69+BP69+BT69+BX69+CB69+CF69+CJ69+CN69+CR69+CV69+CZ69+DD69+DH69 -> 0 | DN69: =M69+Q69+U69+Y69+AC69+AG69+AK69+AO69+AS69+AW69+BA69+BE69+BI69+BM69+BQ69+BU69+BY69+CC69+CG69+CK69+CO69+CS69+CW69+DA69+DE69+DI69 -> 0 | DO69: =DN69-K69 -> 0
F70: =E70*12 -> 0 | G70: =IF(C70="",0,IF(C70="50000",$G$4,IF(C70="50010",$G$5,IF(C70="50020",$G$6,IF(C70="50030",$G$7,IF(C70="50040",$G$8,IF(C70="50050",$G$9,IF(C70="50060",$G$10,IF(C70="50090",$G$11,IF(C70="50100",$G$12,IF(C70="50110",$G$13))))))))))) -> 0 | H70: 0 | I70: =F70*H70 -> 0 | J70: =F70*G70*H70 -> 0 | K70: =F70*(1+G70)*H70 -> 0 | L70: 0 | M70: =$K70*L70 -> 0 | N70: =$I70*L70 -> 0 | O70: =$J70*L70 -> 0 | P70: 0 | Q70: =$K70*P70 -> 0 | R70: =$I70*P70 -> 0 | S70: =$J70*P70 -> 0 | T70: 0 | U70: =$K70*T70 -> 0 | V70: =$I70*T70 -> 0 | W70: =$J70*T70 -> 0 | X70: 0 | Y70: =$K70*X70 -> 0 | Z70: =$I70*X70 -> 0 | AA70: =$J70*X70 -> 0 | AB70: 0 | AC70: =$K70*AB70 -> 0 | AD70: =$I70*AB70 -> 0 | AE70: =$J70*AB70 -> 0 | AF70: 0 | AG70: =$K70*AF70 -> 0 | AH70: =$I70*AF70 -> 0 | AI70: =$J70*AF70 -> 0 | AJ70: 0 | AK70: =$K70*AJ70 -> 0 | AL70: =$I70*AJ70 -> 0 | AM70: =$J70*AJ70 -> 0 | AN70: 0 | AO70: =$K70*AN70 -> 0 | AP70: =$I70*AN70 -> 0 | AQ70: =$J70*AN70 -> 0 | AR70: 0 | AS70: =$K70*AR70 -> 0 | AT70: =$I70*AR70 -> 0 | AU70: =$J70*AR70 -> 0 | AV70: 0 | AW70: =$K70*AV70 -> 0 | AX70: =$I70*AV70 -> 0 | AY70: =$J70*AV70 -> 0 | AZ70: 0 | BA70: =$K70*AZ70 -> 0 | BB70: =$I70*AZ70 -> 0 | BC70: =$J70*AZ70 -> 0 | BD70: 0 | BE70: =$K70*BD70 -> 0 | BF70: =$I70*BD70 -> 0 | BG70: =$J70*BD70 -> 0 | BH70: 0 | BI70: =$K70*BH70 -> 0 | BJ70: =$I70*BH70 -> 0 | BK70: =$J70*BH70 -> 0 | BL70: 0 | BM70: =$K70*BL70 -> 0 | BN70: =$I70*BL70 -> 0 | BO70: =$J70*BL70 -> 0 | BP70: 0 | BQ70: =$K70*BP70 -> 0 | BR70: =$I70*BP70 -> 0 | BS70: =$J70*BP70 -> 0 | BT70: 0 | BU70: =$K70*BT70 -> 0 | BV70: =$I70*BT70 -> 0 | BW70: =$J70*BT70 -> 0 | BX70: 0 | BY70: =$K70*BX70 -> 0 | BZ70: =$I70*BX70 -> 0 | CA70: =$J70*BX70 -> 0 | CB70: 0 | CC70: =$K70*CB70 -> 0 | CD70: =$I70*CB70 -> 0 | CE70: =$J70*CB70 -> 0 | CF70: 0 | CG70: =$K70*CF70 -> 0 | CH70: =$I70*CF70 -> 0 | CI70: =$J70*CF70 -> 0 | CJ70: 0 | CK70: =$K70*CJ70 -> 0 | CL70: =$I70*CJ70 -> 0 | CM70: =$J70*CJ70 -> 0 | CN70: 0 | CO70: =$K70*CN70 -> 0 | CP70: =$I70*CN70 -> 0 | CQ70: =$J70*CN70 -> 0 | CR70: 0 | CS70: =$K70*CR70 -> 0 | CT70: =$I70*CR70 -> 0 | CU70: =$J70*CR70 -> 0 | CV70: 0 | CW70: =$K70*CV70 -> 0 | CX70: =$I70*CV70 -> 0 | CY70: =$J70*CV70 -> 0 | CZ70: 0 | DA70: =$K70*CZ70 -> 0 | DB70: =$I70*CZ70 -> 0 | DC70: =$J70*CZ70 -> 0 | DD70: 0 | DE70: =$K70*DD70 -> 0 | DF70: =$I70*DD70 -> 0 | DG70: =$J70*DD70 -> 0 | DH70: 0 | DI70: =$K70*DH70 -> 0 | DJ70: =$I70*DH70 -> 0 | DK70: =$J70*DH70 -> 0 | DM70: =L70+P70+T70+X70+AB70+AF70+AJ70+AN70+AR70+AV70+AZ70+BD70+BH70+BL70+BP70+BT70+BX70+CB70+CF70+CJ70+CN70+CR70+CV70+CZ70+DD70+DH70 -> 0 | DN70: =M70+Q70+U70+Y70+AC70+AG70+AK70+AO70+AS70+AW70+BA70+BE70+BI70+BM70+BQ70+BU70+BY70+CC70+CG70+CK70+CO70+CS70+CW70+DA70+DE70+DI70 -> 0 | DO70: =DN70-K70 -> 0
F71: =E71*12 -> 0 | G71: =IF(C71="",0,IF(C71="50000",$G$4,IF(C71="50010",$G$5,IF(C71="50020",$G$6,IF(C71="50030",$G$7,IF(C71="50040",$G$8,IF(C71="50050",$G$9,IF(C71="50060",$G$10,IF(C71="50090",$G$11,IF(C71="50100",$G$12,IF(C71="50110",$G$13))))))))))) -> 0 | H71: 0 | I71: =F71*H71 -> 0 | J71: =F71*G71*H71 -> 0 | K71: =F71*(1+G71)*H71 -> 0 | L71: 0 | M71: =$K71*L71 -> 0 | N71: =$I71*L71 -> 0 | O71: =$J71*L71 -> 0 | P71: 0 | Q71: =$K71*P71 -> 0 | R71: =$I71*P71 -> 0 | S71: =$J71*P71 -> 0 | T71: 0 | U71: =$K71*T71 -> 0 | V71: =$I71*T71 -> 0 | W71: =$J71*T71 -> 0 | X71: 0 | Y71: =$K71*X71 -> 0 | Z71: =$I71*X71 -> 0 | AA71: =$J71*X71 -> 0 | AB71: 0 | AC71: =$K71*AB71 -> 0 | AD71: =$I71*AB71 -> 0 | AE71: =$J71*AB71 -> 0 | AF71: 0 | AG71: =$K71*AF71 -> 0 | AH71: =$I71*AF71 -> 0 | AI71: =$J71*AF71 -> 0 | AJ71: 0 | AK71: =$K71*AJ71 -> 0 | AL71: =$I71*AJ71 -> 0 | AM71: =$J71*AJ71 -> 0 | AN71: 0 | AO71: =$K71*AN71 -> 0 | AP71: =$I71*AN71 -> 0 | AQ71: =$J71*AN71 -> 0 | AR71: 0 | AS71: =$K71*AR71 -> 0 | AT71: =$I71*AR71 -> 0 | AU71: =$J71*AR71 -> 0 | AV71: 0 | AW71: =$K71*AV71 -> 0 | AX71: =$I71*AV71 -> 0 | AY71: =$J71*AV71 -> 0 | AZ71: 0 | BA71: =$K71*AZ71 -> 0 | BB71: =$I71*AZ71 -> 0 | BC71: =$J71*AZ71 -> 0 | BD71: 0 | BE71: =$K71*BD71 -> 0 | BF71: =$I71*BD71 -> 0 | BG71: =$J71*BD71 -> 0 | BH71: 0 | BI71: =$K71*BH71 -> 0 | BJ71: =$I71*BH71 -> 0 | BK71: =$J71*BH71 -> 0 | BL71: 0 | BM71: =$K71*BL71 -> 0 | BN71: =$I71*BL71 -> 0 | BO71: =$J71*BL71 -> 0 | BP71: 0 | BQ71: =$K71*BP71 -> 0 | BR71: =$I71*BP71 -> 0 | BS71: =$J71*BP71 -> 0 | BT71: 0 | BU71: =$K71*BT71 -> 0 | BV71: =$I71*BT71 -> 0 | BW71: =$J71*BT71 -> 0 | BX71: 0 | BY71: =$K71*BX71 -> 0 | BZ71: =$I71*BX71 -> 0 | CA71: =$J71*BX71 -> 0 | CB71: 0 | CC71: =$K71*CB71 -> 0 | CD71: =$I71*CB71 -> 0 | CE71: =$J71*CB71 -> 0 | CF71: 0 | CG71: =$K71*CF71 -> 0 | CH71: =$I71*CF71 -> 0 | CI71: =$J71*CF71 -> 0 | CJ71: 0 | CK71: =$K71*CJ71 -> 0 | CL71: =$I71*CJ71 -> 0 | CM71: =$J71*CJ71 -> 0 | CN71: 0 | CO71: =$K71*CN71 -> 0 | CP71: =$I71*CN71 -> 0 | CQ71: =$J71*CN71 -> 0 | CR71: 0 | CS71: =$K71*CR71 -> 0 | CT71: =$I71*CR71 -> 0 | CU71: =$J71*CR71 -> 0 | CV71: 0 | CW71: =$K71*CV71 -> 0 | CX71: =$I71*CV71 -> 0 | CY71: =$J71*CV71 -> 0 | CZ71: 0 | DA71: =$K71*CZ71 -> 0 | DB71: =$I71*CZ71 -> 0 | DC71: =$J71*CZ71 -> 0 | DD71: 0 | DE71: =$K71*DD71 -> 0 | DF71: =$I71*DD71 -> 0 | DG71: =$J71*DD71 -> 0 | DH71: 0 | DI71: =$K71*DH71 -> 0 | DJ71: =$I71*DH71 -> 0 | DK71: =$J71*DH71 -> 0 | DM71: =L71+P71+T71+X71+AB71+AF71+AJ71+AN71+AR71+AV71+AZ71+BD71+BH71+BL71+BP71+BT71+BX71+CB71+CF71+CJ71+CN71+CR71+CV71+CZ71+DD71+DH71 -> 0 | DN71: =M71+Q71+U71+Y71+AC71+AG71+AK71+AO71+AS71+AW71+BA71+BE71+BI71+BM71+BQ71+BU71+BY71+CC71+CG71+CK71+CO71+CS71+CW71+DA71+DE71+DI71 -> 0 | DO71: =DN71-K71 -> 0
... F75: =E75*12 -> 0 | G75: =IF(C75="",0,IF(C75="50000",$G$4,IF(C75="50010",$G$5,IF(C75="50020",$G$6,IF(C75="50030",$G$7,IF(C75="50040",$G$8,IF(C75="50050",$G$9,IF(C75="50060",$G$10,IF(C75="50090",$G$11,IF(C75="50100",$G$12,IF(C75="50110",$G$13))))))))))) -> 0 | H75: 0 | I75: =F75*H75 -> 0 | J75: =F75*G75*H75 -> 0 | K75: =F75*(1+G75)*H75 -> 0 | L75: 0 | M75: =$K75*L75 -> 0 | N75: =$I75*L75 -> 0 | O75: =$J75*L75 -> 0 | P75: 0 | Q75: =$K75*P75 -> 0 | R75: =$I75*P75 -> 0 | S75: =$J75*P75 -> 0 | T75: 0 | U75: =$K75*T75 -> 0 | V75: =$I75*T75 -> 0 | W75: =$J75*T75 -> 0 | X75: 0 | Y75: =$K75*X75 -> 0 | Z75: =$I75*X75 -> 0 | AA75: =$J75*X75 -> 0 | AB75: 0 | AC75: =$K75*AB75 -> 0 | AD75: =$I75*AB75 -> 0 | AE75: =$J75*AB75 -> 0 | AF75: 0 | AG75: =$K75*AF75 -> 0 | AH75: =$I75*AF75 -> 0 | AI75: =$J75*AF75 -> 0 | AJ75: 0 | AK75: =$K75*AJ75 -> 0 | AL75: =$I75*AJ75 -> 0 | AM75: =$J75*AJ75 -> 0 | AN75: 0 | AO75: =$K75*AN75 -> 0 | AP75: =$I75*AN75 -> 0 | AQ75: =$J75*AN75 -> 0 | AR75: 0 | AS75: =$K75*AR75 -> 0 | AT75: =$I75*AR75 -> 0 | AU75: =$J75*AR75 -> 0 | AV75: 0 | AW75: =$K75*AV75 -> 0 | AX75: =$I75*AV75 -> 0 | AY75: =$J75*AV75 -> 0 | AZ75: 0 | BA75: =$K75*AZ75 -> 0 | BB75: =$I75*AZ75 -> 0 | BC75: =$J75*AZ75 -> 0 | BD75: 0 | BE75: =$K75*BD75 -> 0 | BF75: =$I75*BD75 -> 0 | BG75: =$J75*BD75 -> 0 | BH75: 0 | BI75: =$K75*BH75 -> 0 | BJ75: =$I75*BH75 -> 0 | BK75: =$J75*BH75 -> 0 | BL75: 0 | BM75: =$K75*BL75 -> 0 | BN75: =$I75*BL75 -> 0 | BO75: =$J75*BL75 -> 0 | BP75: 0 | BQ75: =$K75*BP75 -> 0 | BR75: =$I75*BP75 -> 0 | BS75: =$J75*BP75 -> 0 | BT75: 0 | BU75: =$K75*BT75 -> 0 | BV75: =$I75*BT75 -> 0 | BW75: =$J75*BT75 -> 0 | BX75: 0 | BY75: =$K75*BX75 -> 0 | BZ75: =$I75*BX75 -> 0 | CA75: =$J75*BX75 -> 0 | CB75: 0 | CC75: =$K75*CB75 -> 0 | CD75: =$I75*CB75 -> 0 | CE75: =$J75*CB75 -> 0 | CF75: 0 | CG75: =$K75*CF75 -> 0 | CH75: =$I75*CF75 -> 0 | CI75: =$J75*CF75 -> 0 | CJ75: 0 | CK75: =$K75*CJ75 -> 0 | CL75: =$I75*CJ75 -> 0 | CM75: =$J75*CJ75 -> 0 | CN75: 0 | CO75: =$K75*CN75 -> 0 | CP75: =$I75*CN75 -> 0 | CQ75: =$J75*CN75 -> 0 | CR75: 0 | CS75: =$K75*CR75 -> 0 | CT75: =$I75*CR75 -> 0 | CU75: =$J75*CR75 -> 0 | CV75: 0 | CW75: =$K75*CV75 -> 0 | CX75: =$I75*CV75 -> 0 | CY75: =$J75*CV75 -> 0 | CZ75: 0 | DA75: =$K75*CZ75 -> 0 | DB75: =$I75*CZ75 -> 0 | DC75: =$J75*CZ75 -> 0 | DD75: 0 | DE75: =$K75*DD75 -> 0 | DF75: =$I75*DD75 -> 0 | DG75: =$J75*DD75 -> 0 | DH75: 0 | DI75: =$K75*DH75 -> 0 | DJ75: =$I75*DH75 -> 0 | DK75: =$J75*DH75 -> 0 | DM75: =L75+P75+T75+X75+AB75+AF75+AJ75+AN75+AR75+AV75+AZ75+BD75+BH75+BL75+BP75+BT75+BX75+CB75+CF75+CJ75+CN75+CR75+CV75+CZ75+DD75+DH75 -> 0 | DN75: =M75+Q75+U75+Y75+AC75+AG75+AK75+AO75+AS75+AW75+BA75+BE75+BI75+BM75+BQ75+BU75+BY75+CC75+CG75+CK75+CO75+CS75+CW75+DA75+DE75+DI75 -> 0 | DO75: =DN75-K75 -> 0
A77: Direct Salaries-Faculty and Staff | F77: =SUM(F60:F75) -> 0 | I77: =SUM(I60:I75) -> 0 | J77: =SUM(J60:J75) -> 0 | K77: =SUM(K60:K75) -> 0 | M77: =SUM(M60:M75) -> 0 | N77: =SUM(N60:N75) -> 0 | O77: =SUM(O60:O75) -> 0 | Q77: =SUM(Q60:Q75) -> 0 | R77: =SUM(R60:R75) -> 0 | S77: =SUM(S60:S75) -> 0 | U77: =SUM(U60:U75) -> 0 | V77: =SUM(V60:V75) -> 0 | W77: =SUM(W60:W75) -> 0 | Y77: =SUM(Y60:Y75) -> 0 | Z77: =SUM(Z60:Z75) -> 0 | AA77: =SUM(AA60:AA75) -> 0 | AC77: =SUM(AC60:AC75) -> 0 | AD77: =SUM(AD60:AD75) -> 0 | AE77: =SUM(AE60:AE75) -> 0 | AG77: =SUM(AG60:AG75) -> 0 | AH77: =SUM(AH60:AH75) -> 0 | AI77: =SUM(AI60:AI75) -> 0 | AK77: =SUM(AK60:AK75) -> 0 | AL77: =SUM(AL60:AL75) -> 0 | AM77: =SUM(AM60:AM75) -> 0 | AO77: =SUM(AO60:AO75) -> 0 | AP77: =SUM(AP60:AP75) -> 0 | AQ77: =SUM(AQ60:AQ75) -> 0 | AS77: =SUM(AS60:AS75) -> 0 | AT77: =SUM(AT60:AT75) -> 0 | AU77: =SUM(AU60:AU75) -> 0 | AW77: =SUM(AW60:AW75) -> 0 | AX77: =SUM(AX60:AX75) -> 0 | AY77: =SUM(AY60:AY75) -> 0 | BA77: =SUM(BA60:BA75) -> 0 | BB77: =SUM(BB60:BB75) -> 0 | BC77: =SUM(BC60:BC75) -> 0 | BE77: =SUM(BE60:BE75) -> 0 | BF77: =SUM(BF60:BF75) -> 0 | BG77: =SUM(BG60:BG75) -> 0 | BI77: =SUM(BI60:BI75) -> 0 | BJ77: =SUM(BJ60:BJ75) -> 0 | BK77: =SUM(BK60:BK75) -> 0 | BM77: =SUM(BM60:BM75) -> 0 | BN77: =SUM(BN60:BN75) -> 0 | BO77: =SUM(BO60:BO75) -> 0 | BQ77: =SUM(BQ60:BQ75) -> 0 | BR77: =SUM(BR60:BR75) -> 0 | BS77: =SUM(BS60:BS75) -> 0 | BU77: =SUM(BU60:BU75) -> 0 | BV77: =SUM(BV60:BV75) -> 0 | BW77: =SUM(BW60:BW75) -> 0 | BY77: =SUM(BY60:BY75) -> 0 | BZ77: =SUM(BZ60:BZ75) -> 0 | CA77: =SUM(CA60:CA75) -> 0 | CC77: =SUM(CC60:CC75) -> 0 | CD77: =SUM(CD60:CD75) -> 0 | CE77: =SUM(CE60:CE75) -> 0 | CG77: =SUM(CG60:CG75) -> 0 | CH77: =SUM(CH60:CH75) -> 0 | CI77: =SUM(CI60:CI75) -> 0 | CK77: =SUM(CK60:CK75) -> 0 | CL77: =SUM(CL60:CL75) -> 0 | CM77: =SUM(CM60:CM75) -> 0 | CO77: =SUM(CO60:CO75) -> 0 | CP77: =SUM(CP60:CP75) -> 0 | CQ77: =SUM(CQ60:CQ75) -> 0 | CS77: =SUM(CS60:CS75) -> 0 | CT77: =SUM(CT60:CT75) -> 0 | CU77: =SUM(CU60:CU75) -> 0 | CW77: =SUM(CW60:CW75) -> 0 | CX77: =SUM(CX60:CX75) -> 0 | CY77: =SUM(CY60:CY75) -> 0 | DA77: =SUM(DA60:DA75) -> 0 | DB77: =SUM(DB60:DB75) -> 0 | DC77: =SUM(DC60:DC75) -> 0 | DE77: =SUM(DE60:DE75) -> 0 | DF77: =SUM(DF60:DF75) -> 0 | DG77: =SUM(DG60:DG75) -> 0 | DI77: =SUM(DI60:DI75) -> 0 | DJ77: =SUM(DJ60:DJ75) -> 0 | DK77: =SUM(DK60:DK75) -> 0 | DN77: =M77+Q77+U77+Y77+AC77+AG77+AK77+AO77+AS77+AW77+BA77+BE77+BI77+BM77+BQ77+BU77+BY77+CC77+CG77+CK77+CO77+CS77+CW77+DA77+DE77+DI77 -> 0 | DO77: =DN77-K77 -> 0
F80: Total Salaries Year 1 | I80: =I52+I77 -> 0 | J80: =J52+J77 -> 0 | K80: =K52+K77 -> 0 | M80: =M52+M77 -> 0 | N80: =N52+N77 -> 0 | O80: =O52+O77 -> 0 | Q80: =Q52+Q77 -> 0 | R80: =R52+R77 -> 0 | S80: =S52+S77 -> 0 | U80: =U52+U77 -> 0 | V80: =V52+V77 -> 0 | W80: =W52+W77 -> 0 | Y80: =Y52+Y77 -> 0 | Z80: =Z52+Z77 -> 0 | AA80: =AA52+AA77 -> 0 | AC80: =AC52+AC77 -> 0 | AD80: =AD52+AD77 -> 0 | AE80: =AE52+AE77 -> 0 | AG80: =AG52+AG77 -> 0 | AH80: =AH52+AH77 -> 0 | AI80: =AI52+AI77 -> 0 | AK80: =AK52+AK77 -> 0 | AL80: =AL52+AL77 -> 0 | AM80: =AM52+AM77 -> 0 | AO80: =AO52+AO77 -> 0 | AP80: =AP52+AP77 -> 0 | AQ80: =AQ52+AQ77 -> 0 | AS80: =AS52+AS77 -> 0 | AT80: =AT52+AT77 -> 0 | AU80: =AU52+AU77 -> 0 | AW80: =AW52+AW77 -> 0 | AX80: =AX52+AX77 -> 0 | AY80: =AY52+AY77 -> 0 | BA80: =BA52+BA77 -> 0 | BB80: =BB52+BB77 -> 0 | BC80: =BC52+BC77 -> 0 | BE80: =BE52+BE77 -> 0 | BF80: =BF52+BF77 -> 0 | BG80: =BG52+BG77 -> 0 | BI80: =BI52+BI77 -> 0 | BJ80: =BJ52+BJ77 -> 0 | BK80: =BK52+BK77 -> 0 | BM80: =BM52+BM77 -> 0 | BN80: =BN52+BN77 -> 0 | BO80: =BO52+BO77 -> 0 | BQ80: =BQ52+BQ77 -> 0 | BR80: =BR52+BR77 -> 0 | BS80: =BS52+BS77 -> 0 | BU80: =BU52+BU77 -> 0 | BV80: =BV52+BV77 -> 0 | BW80: =BW52+BW77 -> 0 | BY80: =BY52+BY77 -> 0 | BZ80: =BZ52+BZ77 -> 0 | CA80: =CA52+CA77 -> 0 | CC80: =CC52+CC77 -> 0 | CD80: =CD52+CD77 -> 0 | CE80: =CE52+CE77 -> 0 | CG80: =CG52+CG77 -> 0 | CH80: =CH52+CH77 -> 0 | CI80: =CI52+CI77 -> 0 | CK80: =CK52+CK77 -> 0 | CL80: =CL52+CL77 -> 0 | CM80: =CM52+CM77 -> 0 | CO80: =CO52+CO77 -> 0 | CP80: =CP52+CP77 -> 0 | CQ80: =CQ52+CQ77 -> 0 | CS80: =CS52+CS77 -> 0 | CT80: =CT52+CT77 -> 0 | CU80: =CU52+CU77 -> 0 | CW80: =CW52+CW77 -> 0 | CX80: =CX52+CX77 -> 0 | CY80: =CY52+CY77 -> 0 | DA80: =DA52+DA77 -> 0 | DB80: =DB52+DB77 -> 0 | DC80: =DC52+DC77 -> 0 | DE80: =DE52+DE77 -> 0 | DF80: =DF52+DF77 -> 0 | DG80: =DG52+DG77 -> 0 | DI80: =DI52+DI77 -> 0 | DJ80: =DJ52+DJ77 -> 0 | DK80: =DK52+DK77 -> 0
A83: Notes: | D83: Add additional lines as necessary
D84: If you have costs in the Center Overhead column please see the below note
D85: *Administrative and clerical salaries can be included in rates if they meet the following criteria:
D86: 1. There is an unlike circumstance and,
D87: 2. They were not included in the F&A rate proposal previously (contact MAA for more information).
D88: * Please include a description of the unlike circumstance

Sheet Salary Cap Worksheet
A1: Salary Cap Summary
A13: Link
A15: Directions: Identify salaries in rate over current cap
B16: Employee 1 | C16: Employee 2 | D16: Employee 3
A17: Annual Salary | B17: 250000
A18: Current Salary Cap | B18: 228000 | C18: 228000 | D18: 228000
A19: FTE on Center Rate | B19: 0.1
A20: Allowable Annual Salary on Rate Proposal | B20: =B18*B19 -> 22800 | C20: =C18*C19 -> 0 | D20: =D18*D19 -> 0
A21: Allowable Monthly Salary on Rate Proposal | B21: =B20/12 -> 1900 | C21: =C20/12 -> 0 | D21: =D20/12 -> 0

Sheet Depreciation
A1: Year 1 Depreciation | N1: Year 1 Allocation Schedule
A2: Purpose: Calculate depreciation for equipment that costs more than $5,000 per individual item. | N2: Purpose: Allocate depreciation to the different rates
N3: Center Overhead Yr. 1 | P3: Rate 1 Yr. 1 | R3: Rate 2 Yr. 1 | T3: Rate 3 Yr. 1 | V3: Rate 4 Yr. 1 | X3: Rate 5 Yr. 1 | Z3: Rate 6 Yr. 1 | AB3: Rate 7 Yr. 1 | AD3: Rate 8 Yr. 1 | AF3: Rate 9 Yr. 1 | AH3: Rate 10 Yr. 1 | AJ3: Rate 11 Yr. 1 | AL3: Rate 12 Yr. 1 | AN3: Rate 13 Yr. 1 | AP3: Rate 14 Yr. 1 | AR3: Rate 15 Yr. 1 | AT3: Rate 16 Yr. 1 | AV3: Rate 17 Yr. 1 | AX3: Rate 18 Yr. 1 | AZ3: Rate 19 Yr. 1 | BB3: Rate 20 Yr. 1 | BD3: Rate 21 Yr. 1 | BF3: Rate 22 Yr. 1 | BH3: Rate 23 Yr. 1 | BJ3: Rate 24 Yr. 1 | BL3: Rate 25 Yr. 1 | BO3: Percent Check | BP3: Dollar Check | BQ3: Difference between allocated dollar and total dollar
A4: =IF('General Information'!B7=0, "Please Enter Start Date On General Information Sheet", "Year 1: "&TEXT('General Information'!B7,"mm/dd/yy")&" to "&TEXT('General Information'!B8-365, "mm/dd/yy")) -> Please Enter Start Date On General Information Sheet | N4: =IF(Usage!$B$8=0, "", Usage!$B$8) -> Center Overhead | P4: =IF(Usage!$B$9=0, "", Usage!$B$9) | R4: =IF(Usage!$B$10=0, "", Usage!$B$10) | T4: =IF(Usage!$B$11=0, "", Usage!$B$11) | V4: =IF(Usage!$B$12=0, "", Usage!$B$12) | X4: =IF(Usage!$B$13=0, "", Usage!$B$13) | Z4: =IF(Usage!$B$14=0, "", Usage!$B$14) | AB4: =IF(Usage!$B$15=0, "", Usage!$B$15) | AD4: =IF(Usage!$B$16=0, "", Usage!$B$16) | AF4: =IF(Usage!$B$17=0, "", Usage!$B$17) | AH4: =IF(Usage!$B$18=0, "", Usage!$B$18) | AJ4: =IF(Usage!$B$19=0, "", Usage!$B$19) | AL4: =IF(Usage!$B$20=0, "", Usage!$B$20) | AN4: =IF(Usage!$B$21=0, "", Usage!$B$21) | AP4: =IF(Usage!$B$22=0, "", Usage!$B$22) | AR4: =IF(Usage!$B$23=0, "", Usage!$B$23) | AT4: =IF(Usage!$B$24=0, "", Usage!$B$24) | AV4: =IF(Usage!$B$25=0, "", Usage!$B$25) | AX4: =IF(Usage!$B$26=0, "", Usage!$B$26) | AZ4: =IF(Usage!$B$27=0, "", Usage!$B$27) | BB4: =IF(Usage!$B$28=0, "", Usage!$B$28) | BD4: =IF(Usage!$B$29=0, "", Usage!$B$29) | BF4: =IF(Usage!$B$30=0, "", Usage!$B$30) | BH4: =IF(Usage!$B$31=0, "", Usage!$B$31) | BJ4: =IF(Usage!$B$32=0, "", Usage!$B$32) | BL4: =IF(Usage!$B$33=0, "", Usage!$B$33) | BO4: (should add up to 100%)
A5: Desc./Type of Equipment | B5: Asset ID (UW Tag No.) | C5: Acquisition Cost Center (Budget No.) | D5: Status | E5: Title | F5: Date Received (Acquisition Date (UW)) | G5: Depr. Start Date | H5: Depr. End Date | I5: Acquisition Cost | J5: Amount Not Recoverable | K5: Total Recoverable Acquisition Cost | L5: Useful Life (years) | M5: Depr. In Proposal | N5: % | O5: Amount | P5: % | Q5: Amount | R5: % | S5: Amount | T5: % | U5: Amount | V5: % | W5: Amount | X5: % | Y5: Amount | Z5: % | AA5: Amount | AB5: % | AC5: Amount | AD5: % | AE5: Amount | AF5: % | AG5: Amount | AH5: % | AI5: Amount | AJ5: % | AK5: Amount | AL5: % | AM5: Amount | AN5: % | AO5: Amount | AP5: % | AQ5: Amount | AR5: % | AS5: Amount | AT5: % | AU5: Amount | AV5: % | AW5: Amount | AX5: % | AY5: Amount | AZ5: % | BA5: Amount | BB5: % | BC5: Amount | BD5: % | BE5: Amount | BF5: % | BG5: Amount | BH5: % | BI5: Amount | BJ5: % | BK5: Amount | BL5: % | BM5: Amount
K6: =I6-J6 -> 0 | L6: 0 | M6: =IF(L6<>0,K6/L6,0) -> 0 | N6: 0 | O6: =$M6*N6 -> 0 | P6: 0 | Q6: =$M6*P6 -> 0 | R6: 0 | S6: =$M6*R6 -> 0 | T6: 0 | U6: =$M6*T6 -> 0 | V6: 0 | W6: =$M6*V6 -> 0 | X6: 0 | Y6: =$M6*X6 -> 0 | Z6: 0 | AA6: =$M6*Z6 -> 0 | AB6: 0 | AC6: =$M6*AB6 -> 0 | AD6: 0 | AE6: =$M6*AD6 -> 0 | AF6: 0 | AG6: =$M6*AF6 -> 0 | AH6: 0 | AI6: =$M6*AH6 -> 0 | AJ6: 0 | AK6: =$M6*AJ6 -> 0 | AL6: 0 | AM6: =$M6*AL6 -> 0 | AN6: 0 | AO6: =$M6*AN6 -> 0 | AP6: 0 | AQ6: =$M6*AP6 -> 0 | AR6: 0 | AS6: =$M6*AR6 -> 0 | AT6: 0 | AU6: =$M6*AT6 -> 0 | AV6: 0 | AW6: =$M6*AV6 -> 0 | AX6: 0 | AY6: =$M6*AX6 -> 0 | AZ6: 0 | BA6: =$M6*AZ6 -> 0 | BB6: 0 | BC6: =$M6*BB6 -> 0 | BD6: 0 | BE6: =$M6*BD6 -> 0 | BF6: 0 | BG6: =$M6*BF6 -> 0 | BH6: 0 | BI6: =$M6*BH6 -> 0 | BJ6: 0 | BK6: =$M6*BJ6 -> 0 | BL6: 0 | BM6: =$M6*BL6 -> 0 | BO6: =N6+P6+R6+T6+V6+X6+Z6+AB6+AD6+AF6+AH6+AJ6+AL6+AN6+AP6+AR6+AT6+AV6+AX6+AZ6+BB6+BD6+BF6+BH6+BJ6+BL6 -> 0 | BP6: =O6+Q6+S6+U6+W6+Y6+AA6+AC6+AE6+AG6+AI6+AK6+AM6+AO6+AQ6+AS6+AU6+AW6+AY6+BA6+BC6+BE6+BG6+BI6+BK6+BM6 -> 0 | BQ6: =BP6-M6 -> 0
K7: =I7-J7 -> 0 | L7: 0 | M7: =IF(L7<>0,K7/L7,0) -> 0 | N7: 0 | O7: =$M7*N7 -> 0 | P7: 0 | Q7: =$M7*P7 -> 0 | R7: 0 | S7: =$M7*R7 -> 0 | T7: 0 | U7: =$M7*T7 -> 0 | V7: 0 | W7: =$M7*V7 -> 0 | X7: 0 | Y7: =$M7*X7 -> 0 | Z7: 0 | AA7: =$M7*Z7 -> 0 | AB7: 0 | AC7: =$M7*AB7 -> 0 | AD7: 0 | AE7: =$M7*AD7 -> 0 | AF7: 0 | AG7: =$M7*AF7 -> 0 | AH7: 0 | AI7: =$M7*AH7 -> 0 | AJ7: 0 | AK7: =$M7*AJ7 -> 0 | AL7: 0 | AM7: =$M7*AL7 -> 0 | AN7: 0 | AO7: =$M7*AN7 -> 0 | AP7: 0 | AQ7: =$M7*AP7 -> 0 | AR7: 0 | AS7: =$M7*AR7 -> 0 | AT7: 0 | AU7: =$M7*AT7 -> 0 | AV7: 0 | AW7: =$M7*AV7 -> 0 | AX7: 0 | AY7: =$M7*AX7 -> 0 | AZ7: 0 | BA7: =$M7*AZ7 -> 0 | BB7: 0 | BC7: =$M7*BB7 -> 0 | BD7: 0 | BE7: =$M7*BD7 -> 0 | BF7: 0 | BG7: =$M7*BF7 -> 0 | BH7: 0 | BI7: =$M7*BH7 -> 0 | BJ7: 0 | BK7: =$M7*BJ7 -> 0 | BL7: 0 | BM7: =$M7*BL7 -> 0 | BO7: =N7+P7+R7+T7+V7+X7+Z7+AB7+AD7+AF7+AH7+AJ7+AL7+AN7+AP7+AR7+AT7+AV7+AX7+AZ7+BB7+BD7+BF7+BH7+BJ7+BL7 -> 0 | BP7: =O7+Q7+S7+U7+W7+Y7+AA7+AC7+AE7+AG7+AI7+AK7+AM7+AO7+AQ7+AS7+AU7+AW7+AY7+BA7+BC7+BE7+BG7+BI7+BK7+BM7 -> 0 | BQ7: =BP7-M7 -> 0
K8: =I8-J8 -> 0 | L8: 0 | M8: =IF(L8<>0,K8/L8,0) -> 0 | N8: 0 | O8: =$M8*N8 -> 0 | P8: 0 | Q8: =$M8*P8 -> 0 | R8: 0 | S8: =$M8*R8 -> 0 | T8: 0 | U8: =$M8*T8 -> 0 | V8: 0 | W8: =$M8*V8 -> 0 | X8: 0 | Y8: =$M8*X8 -> 0 | Z8: 0 | AA8: =$M8*Z8 -> 0 | AB8: 0 | AC8: =$M8*AB8 -> 0 | AD8: 0 | AE8: =$M8*AD8 -> 0 | AF8: 0 | AG8: =$M8*AF8 -> 0 | AH8: 0 | AI8: =$M8*AH8 -> 0 | AJ8: 0 | AK8: =$M8*AJ8 -> 0 | AL8: 0 | AM8: =$M8*AL8 -> 0 | AN8: 0 | AO8: =$M8*AN8 -> 0 | AP8: 0 | AQ8: =$M8*AP8 -> 0 | AR8: 0 | AS8: =$M8*AR8 -> 0 | AT8: 0 | AU8: =$M8*AT8 -> 0 | AV8: 0 | AW8: =$M8*AV8 -> 0 | AX8: 0 | AY8: =$M8*AX8 -> 0 | AZ8: 0 | BA8: =$M8*AZ8 -> 0 | BB8: 0 | BC8: =$M8*BB8 -> 0 | BD8: 0 | BE8: =$M8*BD8 -> 0 | BF8: 0 | BG8: =$M8*BF8 -> 0 | BH8: 0 | BI8: =$M8*BH8 -> 0 | BJ8: 0 | BK8: =$M8*BJ8 -> 0 | BL8: 0 | BM8: =$M8*BL8 -> 0 | BO8: =N8+P8+R8+T8+V8+X8+Z8+AB8+AD8+AF8+AH8+AJ8+AL8+AN8+AP8+AR8+AT8+AV8+AX8+AZ8+BB8+BD8+BF8+BH8+BJ8+BL8 -> 0 | BP8: =O8+Q8+S8+U8+W8+Y8+AA8+AC8+AE8+AG8+AI8+AK8+AM8+AO8+AQ8+AS8+AU8+AW8+AY8+BA8+BC8+BE8+BG8+BI8+BK8+BM8 -> 0 | BQ8: =BP8-M8 -> 0
K9: =I9-J9 -> 0 | L9: 0 | M9: =IF(L9<>0,K9/L9,0) -> 0 | N9: 0 | O9: =$M9*N9 -> 0 | P9: 0 | Q9: =$M9*P9 -> 0 | R9: 0 | S9: =$M9*R9 -> 0 | T9: 0 | U9: =$M9*T9 -> 0 | V9: 0 | W9: =$M9*V9 -> 0 | X9: 0 | Y9: =$M9*X9 -> 0 | Z9: 0 | AA9: =$M9*Z9 -> 0 | AB9: 0 | AC9: =$M9*AB9 -> 0 | AD9: 0 | AE9: =$M9*AD9 -> 0 | AF9: 0 | AG9: =$M9*AF9 -> 0 | AH9: 0 | AI9: =$M9*AH9 -> 0 | AJ9: 0 | AK9: =$M9*AJ9 -> 0 | AL9: 0 | AM9: =$M9*AL9 -> 0 | AN9: 0 | AO9: =$M9*AN9 -> 0 | AP9: 0 | AQ9: =$M9*AP9 -> 0 | AR9: 0 | AS9: =$M9*AR9 -> 0 | AT9: 0 | AU9: =$M9*AT9 -> 0 | AV9: 0 | AW9: =$M9*AV9 -> 0 | AX9: 0 | AY9: =$M9*AX9 -> 0 | AZ9: 0 | BA9: =$M9*AZ9 -> 0 | BB9: 0 | BC9: =$M9*BB9 -> 0 | BD9: 0 | BE9: =$M9*BD9 -> 0 | BF9: 0 | BG9: =$M9*BF9 -> 0 | BH9: 0 | BI9: =$M9*BH9 -> 0 | BJ9: 0 | BK9: =$M9*BJ9 -> 0 | BL9: 0 | BM9: =$M9*BL9 -> 0 | BO9: =N9+P9+R9+T9+V9+X9+Z9+AB9+AD9+AF9+AH9+AJ9+AL9+AN9+AP9+AR9+AT9+AV9+AX9+AZ9+BB9+BD9+BF9+BH9+BJ9+BL9 -> 0 | BP9: =O9+Q9+S9+U9+W9+Y9+AA9+AC9+AE9+AG9+AI9+AK9+AM9+AO9+AQ9+AS9+AU9+AW9+AY9+BA9+BC9+BE9+BG9+BI9+BK9+BM9 -> 0 | BQ9: =BP9-M9 -> 0
K10: =I10-J10 -> 0 | L10: 0 | M10: =IF(L10<>0,K10/L10,0) -> 0 | N10: 0 | O10: =$M10*N10 -> 0 | P10: 0 | Q10: =$M10*P10 -> 0 | R10: 0 | S10: =$M10*R10 -> 0 | T10: 0 | U10: =$M10*T10 -> 0 | V10: 0 | W10: =$M10*V10 -> 0 | X10: 0 | Y10: =$M10*X10 -> 0 | Z10: 0 | AA10: =$M10*Z10 -> 0 | AB10: 0 | AC10: =$M10*AB10 -> 0 | AD10: 0 | AE10: =$M10*AD10 -> 0 | AF10: 0 | AG10: =$M10*AF10 -> 0 | AH10: 0 | AI10: =$M10*AH10 -> 0 | AJ10: 0 | AK10: =$M10*AJ10 -> 0 | AL10: 0 | AM10: =$M10*AL10 -> 0 | AN10: 0 | AO10: =$M10*AN10 -> 0 | AP10: 0 | AQ10: =$M10*AP10 -> 0 | AR10: 0 | AS10: =$M10*AR10 -> 0 | AT10: 0 | AU10: =$M10*AT10 -> 0 | AV10: 0 | AW10: =$M10*AV10 -> 0 | AX10: 0 | AY10: =$M10*AX10 -> 0 | AZ10: 0 | BA10: =$M10*AZ10 -> 0 | BB10: 0 | BC10: =$M10*BB10 -> 0 | BD10: 0 | BE10: =$M10*BD10 -> 0 | BF10: 0 | BG10: =$M10*BF10 -> 0 | BH10: 0 | BI10: =$M10*BH10 -> 0 | BJ10: 0 | BK10: =$M10*BJ10 -> 0 | BL10: 0 | BM10: =$M10*BL10 -> 0 | BO10: =N10+P10+R10+T10+V10+X10+Z10+AB10+AD10+AF10+AH10+AJ10+AL10+AN10+AP10+AR10+AT10+AV10+AX10+AZ10+BB10+BD10+BF10+BH10+BJ10+BL10 -> 0 | BP10: =O10+Q10+S10+U10+W10+Y10+AA10+AC10+AE10+AG10+AI10+AK10+AM10+AO10+AQ10+AS10+AU10+AW10+AY10+BA10+BC10+BE10+BG10+BI10+BK10+BM10 -> 0 | BQ10: =BP10-M10 -> 0
K11: =I11-J11 -> 0 | L11: 0 | M11: =IF(L11<>0,K11/L11,0) -> 0 | N11: 0 | O11: =$M11*N11 -> 0 | P11: 0 | Q11: =$M11*P11 -> 0 | R11: 0 | S11: =$M11*R11 -> 0 | T11: 0 | U11: =$M11*T11 -> 0 | V11: 0 | W11: =$M11*V11 -> 0 | X11: 0 | Y11: =$M11*X11 -> 0 | Z11: 0 | AA11: =$M11*Z11 -> 0 | AB11: 0 | AC11: =$M11*AB11 -> 0 | AD11: 0 | AE11: =$M11*AD11 -> 0 | AF11: 0 | AG11: =$M11*AF11 -> 0 | AH11: 0 | AI11: =$M11*AH11 -> 0 | AJ11: 0 | AK11: =$M11*AJ11 -> 0 | AL11: 0 | AM11: =$M11*AL11 -> 0 | AN11: 0 | AO11: =$M11*AN11 -> 0 | AP11: 0 | AQ11: =$M11*AP11 -> 0 | AR11: 0 | AS11: =$M11*AR11 -> 0 | AT11: 0 | AU11: =$M11*AT11 -> 0 | AV11: 0 | AW11: =$M11*AV11 -> 0 | AX11: 0 | AY11: =$M11*AX11 -> 0 | AZ11: 0 | BA11: =$M11*AZ11 -> 0 | BB11: 0 | BC11: =$M11*BB11 -> 0 | BD11: 0 | BE11: =$M11*BD11 -> 0 | BF11: 0 | BG11: =$M11*BF11 -> 0 | BH11: 0 | BI11: =$M11*BH11 -> 0 | BJ11: 0 | BK11: =$M11*BJ11 -> 0 | BL11: 0 | BM11: =$M11*BL11 -> 0 | BO11: =N11+P11+R11+T11+V11+X11+Z11+AB11+AD11+AF11+AH11+AJ11+AL11+AN11+AP11+AR11+AT11+AV11+AX11+AZ11+BB11+BD11+BF11+BH11+BJ11+BL11 -> 0 | BP11: =O11+Q11+S11+U11+W11+Y11+AA11+AC11+AE11+AG11+AI11+AK11+AM11+AO11+AQ11+AS11+AU11+AW11+AY11+BA11+BC11+BE11+BG11+BI11+BK11+BM11 -> 0 | BQ11: =BP11-M11 -> 0
K12: =I12-J12 -> 0 | L12: 0 | M12: =IF(L12<>0,K12/L12,0) -> 0 | N12: 0 | O12: =$M12*N12 -> 0 | P12: 0 | Q12: =$M12*P12 -> 0 | R12: 0 | S12: =$M12*R12 -> 0 | T12: 0 | U12: =$M12*T12 -> 0 | V12: 0 | W12: =$M12*V12 -> 0 | X12: 0 | Y12: =$M12*X12 -> 0 | Z12: 0 | AA12: =$M12*Z12 -> 0 | AB12: 0 | AC12: =$M12*AB12 -> 0 | AD12: 0 | AE12: =$M12*AD12 -> 0 | AF12: 0 | AG12: =$M12*AF12 -> 0 | AH12: 0 | AI12: =$M12*AH12 -> 0 | AJ12: 0 | AK12: =$M12*AJ12 -> 0 | AL12: 0 | AM12: =$M12*AL12 -> 0 | AN12: 0 | AO12: =$M12*AN12 -> 0 | AP12: 0 | AQ12: =$M12*AP12 -> 0 | AR12: 0 | AS12: =$M12*AR12 -> 0 | AT12: 0 | AU12: =$M12*AT12 -> 0 | AV12: 0 | AW12: =$M12*AV12 -> 0 | AX12: 0 | AY12: =$M12*AX12 -> 0 | AZ12: 0 | BA12: =$M12*AZ12 -> 0 | BB12: 0 | BC12: =$M12*BB12 -> 0 | BD12: 0 | BE12: =$M12*BD12 -> 0 | BF12: 0 | BG12: =$M12*BF12 -> 0 | BH12: 0 | BI12: =$M12*BH12 -> 0 | BJ12: 0 | BK12: =$M12*BJ12 -> 0 | BL12: 0 | BM12: =$M12*BL12 -> 0 | BO12: =N12+P12+R12+T12+V12+X12+Z12+AB12+AD12+AF12+AH12+AJ12+AL12+AN12+AP12+AR12+AT12+AV12+AX12+AZ12+BB12+BD12+BF12+BH12+BJ12+BL12 -> 0 | BP12: =O12+Q12+S12+U12+W12+Y12+AA12+AC12+AE12+AG12+AI12+AK12+AM12+AO12+AQ12+AS12+AU12+AW12+AY12+BA12+BC12+BE12+BG12+BI12+BK12+BM12 -> 0 | BQ12: =BP12-M12 -> 0
K13: =I13-J13 -> 0 | L13: 0 | M13: =IF(L13<>0,K13/L13,0) -> 0 | N13: 0 | O13: =$M13*N13 -> 0 | P13: 0 | Q13: =$M13*P13 -> 0 | R13: 0 | S13: =$M13*R13 -> 0 | T13: 0 | U13: =$M13*T13 -> 0 | V13: 0 | W13: =$M13*V13 -> 0 | X13: 0 | Y13: =$M13*X13 -> 0 | Z13: 0 | AA13: =$M13*Z13 -> 0 | AB13: 0 | AC13: =$M13*AB13 -> 0 | AD13: 0 | AE13: =$M13*AD13 -> 0 | AF13: 0 | AG13: =$M13*AF13 -> 0 | AH13: 0 | AI13: =$M13*AH13 -> 0 | AJ13: 0 | AK13: =$M13*AJ13 -> 0 | AL13: 0 | AM13: =$M13*AL13 -> 0 | AN13: 0 | AO13: =$M13*AN13 -> 0 | AP13: 0 | AQ13: =$M13*AP13 -> 0 | AR13: 0 | AS13: =$M13*AR13 -> 0 | AT13: 0 | AU13: =$M13*AT13 -> 0 | AV13: 0 | AW13: =$M13*AV13 -> 0 | AX13: 0 | AY13: =$M13*AX13 -> 0 | AZ13: 0 | BA13: =$M13*AZ13 -> 0 | BB13: 0 | BC13: =$M13*BB13 -> 0 | BD13: 0 | BE13: =$M13*BD13 -> 0 | BF13: 0 | BG13: =$M13*BF13 -> 0 | BH13: 0 | BI13: =$M13*BH13 -> 0 | BJ13: 0 | BK13: =$M13*BJ13 -> 0 | BL13: 0 | BM13: =$M13*BL13 -> 0 | BO13: =N13+P13+R13+T13+V13+X13+Z13+AB13+AD13+AF13+AH13+AJ13+AL13+AN13+AP13+AR13+AT13+AV13+AX13+AZ13+BB13+BD13+BF13+BH13+BJ13+BL13 -> 0 | BP13: =O13+Q13+S13+U13+W13+Y13+AA13+AC13+AE13+AG13+AI13+AK13+AM13+AO13+AQ13+AS13+AU13+AW13+AY13+BA13+BC13+BE13+BG13+BI13+BK13+BM13 -> 0 | BQ13: =BP13-M13 -> 0
K14: =I14-J14 -> 0 | L14: 0 | M14: =IF(L14<>0,K14/L14,0) -> 0 | N14: 0 | O14: =$M14*N14 -> 0 | P14: 0 | Q14: =$M14*P14 -> 0 | R14: 0 | S14: =$M14*R14 -> 0 | T14: 0 | U14: =$M14*T14 -> 0 | V14: 0 | W14: =$M14*V14 -> 0 | X14: 0 | Y14: =$M14*X14 -> 0 | Z14: 0 | AA14: =$M14*Z14 -> 0 | AB14: 0 | AC14: =$M14*AB14 -> 0 | AD14: 0 | AE14: =$M14*AD14 -> 0 | AF14: 0 | AG14: =$M14*AF14 -> 0 | AH14: 0 | AI14: =$M14*AH14 -> 0 | AJ14: 0 | AK14: =$M14*AJ14 -> 0 | AL14: 0 | AM14: =$M14*AL14 -> 0 | AN14: 0 | AO14: =$M14*AN14 -> 0 | AP14: 0 | AQ14: =$M14*AP14 -> 0 | AR14: 0 | AS14: =$M14*AR14 -> 0 | AT14: 0 | AU14: =$M14*AT14 -> 0 | AV14: 0 | AW14: =$M14*AV14 -> 0 | AX14: 0 | AY14: =$M14*AX14 -> 0 | AZ14: 0 | BA14: =$M14*AZ14 -> 0 | BB14: 0 | BC14: =$M14*BB14 -> 0 | BD14: 0 | BE14: =$M14*BD14 -> 0 | BF14: 0 | BG14: =$M14*BF14 -> 0 | BH14: 0 | BI14: =$M14*BH14 -> 0 | BJ14: 0 | BK14: =$M14*BJ14 -> 0 | BL14: 0 | BM14: =$M14*BL14 -> 0 | BO14: =N14+P14+R14+T14+V14+X14+Z14+AB14+AD14+AF14+AH14+AJ14+AL14+AN14+AP14+AR14+AT14+AV14+AX14+AZ14+BB14+BD14+BF14+BH14+BJ14+BL14 -> 0 | BP14: =O14+Q14+S14+U14+W14+Y14+AA14+AC14+AE14+AG14+AI14+AK14+AM14+AO14+AQ14+AS14+AU14+AW14+AY14+BA14+BC14+BE14+BG14+BI14+BK14+BM14 -> 0 | BQ14: =BP14-M14 -> 0
K15: =I15-J15 -> 0 | L15: 0 | M15: =IF(L15<>0,K15/L15,0) -> 0 | N15: 0 | O15: =$M15*N15 -> 0 | P15: 0 | Q15: =$M15*P15 -> 0 | R15: 0 | S15: =$M15*R15 -> 0 | T15: 0 | U15: =$M15*T15 -> 0 | V15: 0 | W15: =$M15*V15 -> 0 | X15: 0 | Y15: =$M15*X15 -> 0 | Z15: 0 | AA15: =$M15*Z15 -> 0 | AB15: 0 | AC15: =$M15*AB15 -> 0 | AD15: 0 | AE15: =$M15*AD15 -> 0 | AF15: 0 | AG15: =$M15*AF15 -> 0 | AH15: 0 | AI15: =$M15*AH15 -> 0 | AJ15: 0 | AK15: =$M15*AJ15 -> 0 | AL15: 0 | AM15: =$M15*AL15 -> 0 | AN15: 0 | AO15: =$M15*AN15 -> 0 | AP15: 0 | AQ15: =$M15*AP15 -> 0 | AR15: 0 | AS15: =$M15*AR15 -> 0 | AT15: 0 | AU15: =$M15*AT15 -> 0 | AV15: 0 | AW15: =$M15*AV15 -> 0 | AX15: 0 | AY15: =$M15*AX15 -> 0 | AZ15: 0 | BA15: =$M15*AZ15 -> 0 | BB15: 0 | BC15: =$M15*BB15 -> 0 | BD15: 0 | BE15: =$M15*BD15 -> 0 | BF15: 0 | BG15: =$M15*BF15 -> 0 | BH15: 0 | BI15: =$M15*BH15 -> 0 | BJ15: 0 | BK15: =$M15*BJ15 -> 0 | BL15: 0 | BM15: =$M15*BL15 -> 0 | BO15: =N15+P15+R15+T15+V15+X15+Z15+AB15+AD15+AF15+AH15+AJ15+AL15+AN15+AP15+AR15+AT15+AV15+AX15+AZ15+BB15+BD15+BF15+BH15+BJ15+BL15 -> 0 | BP15: =O15+Q15+S15+U15+W15+Y15+AA15+AC15+AE15+AG15+AI15+AK15+AM15+AO15+AQ15+AS15+AU15+AW15+AY15+BA15+BC15+BE15+BG15+BI15+BK15+BM15 -> 0 | BQ15: =BP15-M15 -> 0
K16: =I16-J16 -> 0 | L16: 0 | M16: =IF(L16<>0,K16/L16,0) -> 0 | N16: 0 | O16: =$M16*N16 -> 0 | P16: 0 | Q16: =$M16*P16 -> 0 | R16: 0 | S16: =$M16*R16 -> 0 | T16: 0 | U16: =$M16*T16 -> 0 | V16: 0 | W16: =$M16*V16 -> 0 | X16: 0 | Y16: =$M16*X16 -> 0 | Z16: 0 | AA16: =$M16*Z16 -> 0 | AB16: 0 | AC16: =$M16*AB16 -> 0 | AD16: 0 | AE16: =$M16*AD16 -> 0 | AF16: 0 | AG16: =$M16*AF16 -> 0 | AH16: 0 | AI16: =$M16*AH16 -> 0 | AJ16: 0 | AK16: =$M16*AJ16 -> 0 | AL16: 0 | AM16: =$M16*AL16 -> 0 | AN16: 0 | AO16: =$M16*AN16 -> 0 | AP16: 0 | AQ16: =$M16*AP16 -> 0 | AR16: 0 | AS16: =$M16*AR16 -> 0 | AT16: 0 | AU16: =$M16*AT16 -> 0 | AV16: 0 | AW16: =$M16*AV16 -> 0 | AX16: 0 | AY16: =$M16*AX16 -> 0 | AZ16: 0 | BA16: =$M16*AZ16 -> 0 | BB16: 0 | BC16: =$M16*BB16 -> 0 | BD16: 0 | BE16: =$M16*BD16 -> 0 | BF16: 0 | BG16: =$M16*BF16 -> 0 | BH16: 0 | BI16: =$M16*BH16 -> 0 | BJ16: 0 | BK16: =$M16*BJ16 -> 0 | BL16: 0 | BM16: =$M16*BL16 -> 0 | BO16: =N16+P16+R16+T16+V16+X16+Z16+AB16+AD16+AF16+AH16+AJ16+AL16+AN16+AP16+AR16+AT16+AV16+AX16+AZ16+BB16+BD16+BF16+BH16+BJ16+BL16 -> 0 | BP16: =O16+Q16+S16+U16+W16+Y16+AA16+AC16+AE16+AG16+AI16+AK16+AM16+AO16+AQ16+AS16+AU16+AW16+AY16+BA16+BC16+BE16+BG16+BI16+BK16+BM16 -> 0 | BQ16: =BP16-M16 -> 0
K17: =I17-J17 -> 0 | L17: 0 | M17: =IF(L17<>0,K17/L17,0) -> 0 | N17: 0 | O17: =$M17*N17 -> 0 | P17: 0 | Q17: =$M17*P17 -> 0 | R17: 0 | S17: =$M17*R17 -> 0 | T17: 0 | U17: =$M17*T17 -> 0 | V17: 0 | W17: =$M17*V17 -> 0 | X17: 0 | Y17: =$M17*X17 -> 0 | Z17: 0 | AA17: =$M17*Z17 -> 0 | AB17: 0 | AC17: =$M17*AB17 -> 0 | AD17: 0 | AE17: =$M17*AD17 -> 0 | AF17: 0 | AG17: =$M17*AF17 -> 0 | AH17: 0 | AI17: =$M17*AH17 -> 0 | AJ17: 0 | AK17: =$M17*AJ17 -> 0 | AL17: 0 | AM17: =$M17*AL17 -> 0 | AN17: 0 | AO17: =$M17*AN17 -> 0 | AP17: 0 | AQ17: =$M17*AP17 -> 0 | AR17: 0 | AS17: =$M17*AR17 -> 0 | AT17: 0 | AU17: =$M17*AT17 -> 0 | AV17: 0 | AW17: =$M17*AV17 -> 0 | AX17: 0 | AY17: =$M17*AX17 -> 0 | AZ17: 0 | BA17: =$M17*AZ17 -> 0 | BB17: 0 | BC17: =$M17*BB17 -> 0 | BD17: 0 | BE17: =$M17*BD17 -> 0 | BF17: 0 | BG17: =$M17*BF17 -> 0 | BH17: 0 | BI17: =$M17*BH17 -> 0 | BJ17: 0 | BK17: =$M17*BJ17 -> 0 | BL17: 0 | BM17: =$M17*BL17 -> 0 | BO17: =N17+P17+R17+T17+V17+X17+Z17+AB17+AD17+AF17+AH17+AJ17+AL17+AN17+AP17+AR17+AT17+AV17+AX17+AZ17+BB17+BD17+BF17+BH17+BJ17+BL17 -> 0 | BP17: =O17+Q17+S17+U17+W17+Y17+AA17+AC17+AE17+AG17+AI17+AK17+AM17+AO17+AQ17+AS17+AU17+AW17+AY17+BA17+BC17+BE17+BG17+BI17+BK17+BM17 -> 0 | BQ17: =BP17-M17 -> 0
... K55: =I55-J55 -> 0 | L55: 0 | M55: =IF(L55<>0,K55/L55,0) -> 0 | N55: 0 | O55: =$M55*N55 -> 0 | P55: 0 | Q55: =$M55*P55 -> 0 | R55: 0 | S55: =$M55*R55 -> 0 | T55: 0 | U55: =$M55*T55 -> 0 | V55: 0 | W55: =$M55*V55 -> 0 | X55: 0 | Y55: =$M55*X55 -> 0 | Z55: 0 | AA55: =$M55*Z55 -> 0 | AB55: 0 | AC55: =$M55*AB55 -> 0 | AD55: 0 | AE55: =$M55*AD55 -> 0 | AF55: 0 | AG55: =$M55*AF55 -> 0 | AH55: 0 | AI55: =$M55*AH55 -> 0 | AJ55: 0 | AK55: =$M55*AJ55 -> 0 | AL55: 0 | AM55: =$M55*AL55 -> 0 | AN55: 0 | AO55: =$M55*AN55 -> 0 | AP55: 0 | AQ55: =$M55*AP55 -> 0 | AR55: 0 | AS55: =$M55*AR55 -> 0 | AT55: 0 | AU55: =$M55*AT55 -> 0 | AV55: 0 | AW55: =$M55*AV55 -> 0 | AX55: 0 | AY55: =$M55*AX55 -> 0 | AZ55: 0 | BA55: =$M55*AZ55 -> 0 | BB55: 0 | BC55: =$M55*BB55 -> 0 | BD55: 0 | BE55: =$M55*BD55 -> 0 | BF55: 0 | BG55: =$M55*BF55 -> 0 | BH55: 0 | BI55: =$M55*BH55 -> 0 | BJ55: 0 | BK55: =$M55*BJ55 -> 0 | BL55: 0 | BM55: =$M55*BL55 -> 0 | BO55: =N55+P55+R55+T55+V55+X55+Z55+AB55+AD55+AF55+AH55+AJ55+AL55+AN55+AP55+AR55+AT55+AV55+AX55+AZ55+BB55+BD55+BF55+BH55+BJ55+BL55 -> 0 | BP55: =O55+Q55+S55+U55+W55+Y55+AA55+AC55+AE55+AG55+AI55+AK55+AM55+AO55+AQ55+AS55+AU55+AW55+AY55+BA55+BC55+BE55+BG55+BI55+BK55+BM55 -> 0 | BQ55: =BP55-M55 -> 0
A57: Year 1 Totals | I57: =SUM(I6:I55) -> 0 | M57: =SUM(M6:M55) -> 0 | O57: =SUM(O6:O55) -> 0 | Q57: =SUM(Q6:Q55) -> 0 | S57: =SUM(S6:S55) -> 0 | U57: =SUM(U6:U55) -> 0 | W57: =SUM(W6:W55) -> 0 | Y57: =SUM(Y6:Y55) -> 0 | AA57: =SUM(AA6:AA55) -> 0 | AC57: =SUM(AC6:AC55) -> 0 | AE57: =SUM(AE6:AE55) -> 0 | AG57: =SUM(AG6:AG55) -> 0 | AI57: =SUM(AI6:AI55) -> 0 | AK57: =SUM(AK6:AK55) -> 0 | AM57: =SUM(AM6:AM55) -> 0 | AO57: =SUM(AO6:AO55) -> 0 | AQ57: =SUM(AQ6:AQ55) -> 0 | AS57: =SUM(AS6:AS55) -> 0 | AU57: =SUM(AU6:AU55) -> 0 | AW57: =SUM(AW6:AW55) -> 0 | AY57: =SUM(AY6:AY55) -> 0 | BA57: =SUM(BA6:BA55) -> 0 | BC57: =SUM(BC6:BC55) -> 0 | BE57: =SUM(BE6:BE55) -> 0 | BG57: =SUM(BG6:BG55) -> 0 | BI57: =SUM(BI6:BI55) -> 0 | BK57: =SUM(BK6:BK55) -> 0 | BM57: =SUM(BM6:BM55) -> 0 | BP57: =O57+Q57+S57+U57+W57+Y57+AA57+AC57+AE57+AG57+AI57+AK57+AM57+AO57+AQ57+AS57+AU57+AW57+AY57+BA57+BC57+BE57+BG57+BI57+BK57+BM57 -> 0 | BQ57: =BP57-M57 -> 0
A60: Notes:

Sheet Other Costs
A1: Year 1 Other Non-Salary & Non-Equipment Costs
A2: Purpose: To detail non-salary and non-equipment costs in rates.
A8: =IF('General Information'!B7=0, "Please Enter Start Date On General Information Sheet", "Year 1: "&TEXT('General Information'!B7,"mm/dd/yy")&" to "&TEXT('General Information'!B8-365, "mm/dd/yy")) -> Please Enter Start Date On General Information Sheet
A9: Personal Service Contracts | E9: Center Overhead Yr. 1 | G9: Rate 1 Yr. 1 | I9: Rate 2 Yr. 1 | K9: Rate 3 Yr. 1 | M9: Rate 4 Yr. 1 | O9: Rate 5 Yr. 1 | Q9: Rate 6 Yr. 1 | S9: Rate 7 Yr. 1 | U9: Rate 8 Yr. 1 | W9: Rate 9 Yr. 1 | Y9: Rate 10 Yr. 1 | AA9: Rate 11 Yr. 1 | AC9: Rate 12 Yr. 1 | AE9: Rate 13 Yr. 1 | AG9: Rate 14 Yr. 1 | AI9: Rate 15 Yr. 1 | AK9: Rate 16 Yr. 1 | AM9: Rate 17 Yr. 1 | AO9: Rate 18 Yr. 1 | AQ9: Rate 19 Yr. 1 | AS9: Rate 20 Yr. 1 | AU9: Rate 21 Yr. 1 | AW9: Rate 22 Yr. 1 | AY9: Rate 23 Yr. 1 | BA9: Rate 24 Yr. 1 | BC9: Rate 25 Yr. 1 | BF9: Percent Check | BG9: Dollar check | BH9: Difference between total allocated dollar and total dollar
E10: =IF(Usage!$B$8=0, "", Usage!$B$8) -> Center Overhead | G10: =IF(Usage!$B$9=0, "", Usage!$B$9) | I10: =IF(Usage!$B$10=0, "", Usage!$B$10) | K10: =IF(Usage!$B$11=0, "", Usage!$B$11) | M10: =IF(Usage!$B$12=0, "", Usage!$B$12) | O10: =IF(Usage!$B$13=0, "", Usage!$B$13) | Q10: =IF(Usage!$B$14=0, "", Usage!$B$14) | S10: =IF(Usage!$B$15=0, "", Usage!$B$15) | U10: =IF(Usage!$B$16=0, "", Usage!$B$16) | W10: =IF(Usage!$B$17=0, "", Usage!$B$17) | Y10: =IF(Usage!$B$18=0, "", Usage!$B$18) | AA10: =IF(Usage!$B$19=0, "", Usage!$B$19) | AC10: =IF(Usage!$B$20=0, "", Usage!$B$20) | AE10: =IF(Usage!$B$21=0, "", Usage!$B$21) | AG10: =IF(Usage!$B$22=0, "", Usage!$B$22) | AI10: =IF(Usage!$B$23=0, "", Usage!$B$23) | AK10: =IF(Usage!$B$24=0, "", Usage!$B$24) | AM10: =IF(Usage!$B$25=0, "", Usage!$B$25) | AO10: =IF(Usage!$B$26=0, "", Usage!$B$26) | AQ10: =IF(Usage!$B$27=0, "", Usage!$B$27) | AS10: =IF(Usage!$B$28=0, "", Usage!$B$28) | AU10: =IF(Usage!$B$29=0, "", Usage!$B$29) | AW10: =IF(Usage!$B$30=0, "", Usage!$B$30) | AY10: =IF(Usage!$B$31=0, "", Usage!$B$31) | BA10: =IF(Usage!$B$32=0, "", Usage!$B$32) | BC10: =IF(Usage!$B$33=0, "", Usage!$B$33) | BF10: (should add up to 100%)
A11: Spend Category | B11: Description | C11: Source Document | D11: Annual Amt | E11: % | F11: Amount | G11: % | H11: Amount | I11: % | J11: Amount | K11: % | L11: Amount | M11: % | N11: Amount | O11: % | P11: Amount | Q11: % | R11: Amount | S11: % | T11: Amount | U11: % | V11: Amount | W11: % | X11: Amount | Y11: % | Z11: Amount | AA11: % | AB11: Amount | AC11: % | AD11: Amount | AE11: % | AF11: Amount | AG11: % | AH11: Amount | AI11: % | AJ11: Amount | AK11: % | AL11: Amount | AM11: % | AN11: Amount | AO11: % | AP11: Amount | AQ11: % | AR11: Amount | AS11: % | AT11: Amount | AU11: % | AV11: Amount | AW11: % | AX11: Amount | AY11: % | AZ11: Amount | BA11: % | BB11: Amount | BC11: % | BD11: Amount
E12: 0 | F12: =E12*$D12 -> 0 | G12: 0 | H12: =G12*$D12 -> 0 | I12: 0 | J12: =I12*$D12 -> 0 | K12: 0 | L12: =K12*$D12 -> 0 | M12: 0 | N12: =M12*$D12 -> 0 | O12: 0 | P12: =O12*$D12 -> 0 | Q12: 0 | R12: =Q12*$D12 -> 0 | S12: 0 | T12: =S12*$D12 -> 0 | U12: 0 | V12: =U12*$D12 -> 0 | W12: 0 | X12: =W12*$D12 -> 0 | Y12: 0 | Z12: =Y12*$D12 -> 0 | AA12: 0 | AB12: =AA12*$D12 -> 0 | AC12: 0 | AD12: =AC12*$D12 -> 0 | AE12: 0 | AF12: =AE12*$D12 -> 0 | AG12: 0 | AH12: =AG12*$D12 -> 0 | AI12: 0 | AJ12: =AI12*$D12 -> 0 | AK12: 0 | AL12: =AK12*$D12 -> 0 | AM12: 0 | AN12: =AM12*$D12 -> 0 | AO12: 0 | AP12: =AO12*$D12 -> 0 | AQ12: 0 | AR12: =AQ12*$D12 -> 0 | AS12: 0 | AT12: =AS12*$D12 -> 0 | AU12: 0 | AV12: =AU12*$D12 -> 0 | AW12: 0 | AX12: =AW12*$D12 -> 0 | AY12: 0 | AZ12: =AY12*$D12 -> 0 | BA12: 0 | BB12: =BA12*$D12 -> 0 | BC12: 0 | BD12: =BC12*$D12 -> 0 | BF12: =E12+G12+I12+K12+M12+O12+Q12+S12+U12+W12+Y12+AA12+AC12+AE12+AG12+AI12+AK12+AM12+AO12+AQ12+AS12+AU12+AW12+AY12+BA12+BC12 -> 0 | BG12: =F12+H12+J12+L12+N12+P12+R12+T12+V12+X12+Z12+AB12+AD12+AF12+AH12+AJ12+AL12+AN12+AP12+AR12+AT12+AV12+AX12+AZ12+BB12+BD12 -> 0 | BH12: =BG12-D12 -> 0
E13: 0 | F13: =E13*$D13 -> 0 | G13: 0 | H13: =G13*$D13 -> 0 | I13: 0 | J13: =I13*$D13 -> 0 | K13: 0 | L13: =K13*$D13 -> 0 | M13: 0 | N13: =M13*$D13 -> 0 | O13: 0 | P13: =O13*$D13 -> 0 | Q13: 0 | R13: =Q13*$D13 -> 0 | S13: 0 | T13: =S13*$D13 -> 0 | U13: 0 | V13: =U13*$D13 -> 0 | W13: 0 | X13: =W13*$D13 -> 0 | Y13: 0 | Z13: =Y13*$D13 -> 0 | AA13: 0 | AB13: =AA13*$D13 -> 0 | AC13: 0 | AD13: =AC13*$D13 -> 0 | AE13: 0 | AF13: =AE13*$D13 -> 0 | AG13: 0 | AH13: =AG13*$D13 -> 0 | AI13: 0 | AJ13: =AI13*$D13 -> 0 | AK13: 0 | AL13: =AK13*$D13 -> 0 | AM13: 0 | AN13: =AM13*$D13 -> 0 | AO13: 0 | AP13: =AO13*$D13 -> 0 | AQ13: 0 | AR13: =AQ13*$D13 -> 0 | AS13: 0 | AT13: =AS13*$D13 -> 0 | AU13: 0 | AV13: =AU13*$D13 -> 0 | AW13: 0 | AX13: =AW13*$D13 -> 0 | AY13: 0 | AZ13: =AY13*$D13 -> 0 | BA13: 0 | BB13: =BA13*$D13 -> 0 | BC13: 0 | BD13: =BC13*$D13 -> 0 | BF13: =E13+G13+I13+K13+M13+O13+Q13+S13+U13+W13+Y13+AA13+AC13+AE13+AG13+AI13+AK13+AM13+AO13+AQ13+AS13+AU13+AW13+AY13+BA13+BC13 -> 0 | BG13: =F13+H13+J13+L13+N13+P13+R13+T13+V13+X13+Z13+AB13+AD13+AF13+AH13+AJ13+AL13+AN13+AP13+AR13+AT13+AV13+AX13+AZ13+BB13+BD13 -> 0 | BH13: =BG13-D13 -> 0
E14: 0 | F14: =E14*$D14 -> 0 | G14: 0 | H14: =G14*$D14 -> 0 | I14: 0 | J14: =I14*$D14 -> 0 | K14: 0 | L14: =K14*$D14 -> 0 | M14: 0 | N14: =M14*$D14 -> 0 | O14: 0 | P14: =O14*$D14 -> 0 | Q14: 0 | R14: =Q14*$D14 -> 0 | S14: 0 | T14: =S14*$D14 -> 0 | U14: 0 | V14: =U14*$D14 -> 0 | W14: 0 | X14: =W14*$D14 -> 0 | Y14: 0 | Z14: =Y14*$D14 -> 0 | AA14: 0 | AB14: =AA14*$D14 -> 0 | AC14: 0 | AD14: =AC14*$D14 -> 0 | AE14: 0 | AF14: =AE14*$D14 -> 0 | AG14: 0 | AH14: =AG14*$D14 -> 0 | AI14: 0 | AJ14: =AI14*$D14 -> 0 | AK14: 0 | AL14: =AK14*$D14 -> 0 | AM14: 0 | AN14: =AM14*$D14 -> 0 | AO14: 0 | AP14: =AO14*$D14 -> 0 | AQ14: 0 | AR14: =AQ14*$D14 -> 0 | AS14: 0 | AT14: =AS14*$D14 -> 0 | AU14: 0 | AV14: =AU14*$D14 -> 0 | AW14: 0 | AX14: =AW14*$D14 -> 0 | AY14: 0 | AZ14: =AY14*$D14 -> 0 | BA14: 0 | BB14: =BA14*$D14 -> 0 | BC14: 0 | BD14: =BC14*$D14 -> 0 | BF14: =E14+G14+I14+K14+M14+O14+Q14+S14+U14+W14+Y14+AA14+AC14+AE14+AG14+AI14+AK14+AM14+AO14+AQ14+AS14+AU14+AW14+AY14+BA14+BC14 -> 0 | BG14: =F14+H14+J14+L14+N14+P14+R14+T14+V14+X14+Z14+AB14+AD14+AF14+AH14+AJ14+AL14+AN14+AP14+AR14+AT14+AV14+AX14+AZ14+BB14+BD14 -> 0 | BH14: =BG14-D14 -> 0
E15: 0 | F15: =E15*$D15 -> 0 | G15: 0 | H15: =G15*$D15 -> 0 | I15: 0 | J15: =I15*$D15 -> 0 | K15: 0 | L15: =K15*$D15 -> 0 | M15: 0 | N15: =M15*$D15 -> 0 | O15: 0 | P15: =O15*$D15 -> 0 | Q15: 0 | R15: =Q15*$D15 -> 0 | S15: 0 | T15: =S15*$D15 -> 0 | U15: 0 | V15: =U15*$D15 -> 0 | W15: 0 | X15: =W15*$D15 -> 0 | Y15: 0 | Z15: =Y15*$D15 -> 0 | AA15: 0 | AB15: =AA15*$D15 -> 0 | AC15: 0 | AD15: =AC15*$D15 -> 0 | AE15: 0 | AF15: =AE15*$D15 -> 0 | AG15: 0 | AH15: =AG15*$D15 -> 0 | AI15: 0 | AJ15: =AI15*$D15 -> 0 | AK15: 0 | AL15: =AK15*$D15 -> 0 | AM15: 0 | AN15: =AM15*$D15 -> 0 | AO15: 0 | AP15: =AO15*$D15 -> 0 | AQ15: 0 | AR15: =AQ15*$D15 -> 0 | AS15: 0 | AT15: =AS15*$D15 -> 0 | AU15: 0 | AV15: =AU15*$D15 -> 0 | AW15: 0 | AX15: =AW15*$D15 -> 0 | AY15: 0 | AZ15: =AY15*$D15 -> 0 | BA15: 0 | BB15: =BA15*$D15 -> 0 | BC15: 0 | BD15: =BC15*$D15 -> 0 | BF15: =E15+G15+I15+K15+M15+O15+Q15+S15+U15+W15+Y15+AA15+AC15+AE15+AG15+AI15+AK15+AM15+AO15+AQ15+AS15+AU15+AW15+AY15+BA15+BC15 -> 0 | BG15: =F15+H15+J15+L15+N15+P15+R15+T15+V15+X15+Z15+AB15+AD15+AF15+AH15+AJ15+AL15+AN15+AP15+AR15+AT15+AV15+AX15+AZ15+BB15+BD15 -> 0 | BH15: =BG15-D15 -> 0
E16: 0 | F16: =E16*$D16 -> 0 | G16: 0 | H16: =G16*$D16 -> 0 | I16: 0 | J16: =I16*$D16 -> 0 | K16: 0 | L16: =K16*$D16 -> 0 | M16: 0 | N16: =M16*$D16 -> 0 | O16: 0 | P16: =O16*$D16 -> 0 | Q16: 0 | R16: =Q16*$D16 -> 0 | S16: 0 | T16: =S16*$D16 -> 0 | U16: 0 | V16: =U16*$D16 -> 0 | W16: 0 | X16: =W16*$D16 -> 0 | Y16: 0 | Z16: =Y16*$D16 -> 0 | AA16: 0 | AB16: =AA16*$D16 -> 0 | AC16: 0 | AD16: =AC16*$D16 -> 0 | AE16: 0 | AF16: =AE16*$D16 -> 0 | AG16: 0 | AH16: =AG16*$D16 -> 0 | AI16: 0 | AJ16: =AI16*$D16 -> 0 | AK16: 0 | AL16: =AK16*$D16 -> 0 | AM16: 0 | AN16: =AM16*$D16 -> 0 | AO16: 0 | AP16: =AO16*$D16 -> 0 | AQ16: 0 | AR16: =AQ16*$D16 -> 0 | AS16: 0 | AT16: =AS16*$D16 -> 0 | AU16: 0 | AV16: =AU16*$D16 -> 0 | AW16: 0 | AX16: =AW16*$D16 -> 0 | AY16: 0 | AZ16: =AY16*$D16 -> 0 | BA16: 0 | BB16: =BA16*$D16 -> 0 | BC16: 0 | BD16: =BC16*$D16 -> 0 | BF16: =E16+G16+I16+K16+M16+O16+Q16+S16+U16+W16+Y16+AA16+AC16+AE16+AG16+AI16+AK16+AM16+AO16+AQ16+AS16+AU16+AW16+AY16+BA16+BC16 -> 0 | BG16: =F16+H16+J16+L16+N16+P16+R16+T16+V16+X16+Z16+AB16+AD16+AF16+AH16+AJ16+AL16+AN16+AP16+AR16+AT16+AV16+AX16+AZ16+BB16+BD16 -> 0 | BH16: =BG16-D16 -> 0
E17: 0 | F17: =E17*$D17 -> 0 | G17: 0 | H17: =G17*$D17 -> 0 | I17: 0 | J17: =I17*$D17 -> 0 | K17: 0 | L17: =K17*$D17 -> 0 | M17: 0 | N17: =M17*$D17 -> 0 | O17: 0 | P17: =O17*$D17 -> 0 | Q17: 0 | R17: =Q17*$D17 -> 0 | S17: 0 | T17: =S17*$D17 -> 0 | U17: 0 | V17: =U17*$D17 -> 0 | W17: 0 | X17: =W17*$D17 -> 0 | Y17: 0 | Z17: =Y17*$D17 -> 0 | AA17: 0 | AB17: =AA17*$D17 -> 0 | AC17: 0 | AD17: =AC17*$D17 -> 0 | AE17: 0 | AF17: =AE17*$D17 -> 0 | AG17: 0 | AH17: =AG17*$D17 -> 0 | AI17: 0 | AJ17: =AI17*$D17 -> 0 | AK17: 0 | AL17: =AK17*$D17 -> 0 | AM17: 0 | AN17: =AM17*$D17 -> 0 | AO17: 0 | AP17: =AO17*$D17 -> 0 | AQ17: 0 | AR17: =AQ17*$D17 -> 0 | AS17: 0 | AT17: =AS17*$D17 -> 0 | AU17: 0 | AV17: =AU17*$D17 -> 0 | AW17: 0 | AX17: =AW17*$D17 -> 0 | AY17: 0 | AZ17: =AY17*$D17 -> 0 | BA17: 0 | BB17: =BA17*$D17 -> 0 | BC17: 0 | BD17: =BC17*$D17 -> 0 | BF17: =E17+G17+I17+K17+M17+O17+Q17+S17+U17+W17+Y17+AA17+AC17+AE17+AG17+AI17+AK17+AM17+AO17+AQ17+AS17+AU17+AW17+AY17+BA17+BC17 -> 0 | BG17: =F17+H17+J17+L17+N17+P17+R17+T17+V17+X17+Z17+AB17+AD17+AF17+AH17+AJ17+AL17+AN17+AP17+AR17+AT17+AV17+AX17+AZ17+BB17+BD17 -> 0 | BH17: =BG17-D17 -> 0
E18: 0 | F18: =E18*$D18 -> 0 | G18: 0 | H18: =G18*$D18 -> 0 | I18: 0 | J18: =I18*$D18 -> 0 | K18: 0 | L18: =K18*$D18 -> 0 | M18: 0 | N18: =M18*$D18 -> 0 | O18: 0 | P18: =O18*$D18 -> 0 | Q18: 0 | R18: =Q18*$D18 -> 0 | S18: 0 | T18: =S18*$D18 -> 0 | U18: 0 | V18: =U18*$D18 -> 0 | W18: 0 | X18: =W18*$D18 -> 0 | Y18: 0 | Z18: =Y18*$D18 -> 0 | AA18: 0 | AB18: =AA18*$D18 -> 0 | AC18: 0 | AD18: =AC18*$D18 -> 0 | AE18: 0 | AF18: =AE18*$D18 -> 0 | AG18: 0 | AH18: =AG18*$D18 -> 0 | AI18: 0 | AJ18: =AI18*$D18 -> 0 | AK18: 0 | AL18: =AK18*$D18 -> 0 | AM18: 0 | AN18: =AM18*$D18 -> 0 | AO18: 0 | AP18: =AO18*$D18 -> 0 | AQ18: 0 | AR18: =AQ18*$D18 -> 0 | AS18: 0 | AT18: =AS18*$D18 -> 0 | AU18: 0 | AV18: =AU18*$D18 -> 0 | AW18: 0 | AX18: =AW18*$D18 -> 0 | AY18: 0 | AZ18: =AY18*$D18 -> 0 | BA18: 0 | BB18: =BA18*$D18 -> 0 | BC18: 0 | BD18: =BC18*$D18 -> 0 | BF18: =E18+G18+I18+K18+M18+O18+Q18+S18+U18+W18+Y18+AA18+AC18+AE18+AG18+AI18+AK18+AM18+AO18+AQ18+AS18+AU18+AW18+AY18+BA18+BC18 -> 0 | BG18: =F18+H18+J18+L18+N18+P18+R18+T18+V18+X18+Z18+AB18+AD18+AF18+AH18+AJ18+AL18+AN18+AP18+AR18+AT18+AV18+AX18+AZ18+BB18+BD18 -> 0 | BH18: =BG18-D18 -> 0
E19: 0 | F19: =E19*$D19 -> 0 | G19: 0 | H19: =G19*$D19 -> 0 | I19: 0 | J19: =I19*$D19 -> 0 | K19: 0 | L19: =K19*$D19 -> 0 | M19: 0 | N19: =M19*$D19 -> 0 | O19: 0 | P19: =O19*$D19 -> 0 | Q19: 0 | R19: =Q19*$D19 -> 0 | S19: 0 | T19: =S19*$D19 -> 0 | U19: 0 | V19: =U19*$D19 -> 0 | W19: 0 | X19: =W19*$D19 -> 0 | Y19: 0 | Z19: =Y19*$D19 -> 0 | AA19: 0 | AB19: =AA19*$D19 -> 0 | AC19: 0 | AD19: =AC19*$D19 -> 0 | AE19: 0 | AF19: =AE19*$D19 -> 0 | AG19: 0 | AH19: =AG19*$D19 -> 0 | AI19: 0 | AJ19: =AI19*$D19 -> 0 | AK19: 0 | AL19: =AK19*$D19 -> 0 | AM19: 0 | AN19: =AM19*$D19 -> 0 | AO19: 0 | AP19: =AO19*$D19 -> 0 | AQ19: 0 | AR19: =AQ19*$D19 -> 0 | AS19: 0 | AT19: =AS19*$D19 -> 0 | AU19: 0 | AV19: =AU19*$D19 -> 0 | AW19: 0 | AX19: =AW19*$D19 -> 0 | AY19: 0 | AZ19: =AY19*$D19 -> 0 | BA19: 0 | BB19: =BA19*$D19 -> 0 | BC19: 0 | BD19: =BC19*$D19 -> 0 | BF19: =E19+G19+I19+K19+M19+O19+Q19+S19+U19+W19+Y19+AA19+AC19+AE19+AG19+AI19+AK19+AM19+AO19+AQ19+AS19+AU19+AW19+AY19+BA19+BC19 -> 0 | BG19: =F19+H19+J19+L19+N19+P19+R19+T19+V19+X19+Z19+AB19+AD19+AF19+AH19+AJ19+AL19+AN19+AP19+AR19+AT19+AV19+AX19+AZ19+BB19+BD19 -> 0 | BH19: =BG19-D19 -> 0
E20: 0 | F20: =E20*$D20 -> 0 | G20: 0 | H20: =G20*$D20 -> 0 | I20: 0 | J20: =I20*$D20 -> 0 | K20: 0 | L20: =K20*$D20 -> 0 | M20: 0 | N20: =M20*$D20 -> 0 | O20: 0 | P20: =O20*$D20 -> 0 | Q20: 0 | R20: =Q20*$D20 -> 0 | S20: 0 | T20: =S20*$D20 -> 0 | U20: 0 | V20: =U20*$D20 -> 0 | W20: 0 | X20: =W20*$D20 -> 0 | Y20: 0 | Z20: =Y20*$D20 -> 0 | AA20: 0 | AB20: =AA20*$D20 -> 0 | AC20: 0 | AD20: =AC20*$D20 -> 0 | AE20: 0 | AF20: =AE20*$D20 -> 0 | AG20: 0 | AH20: =AG20*$D20 -> 0 | AI20: 0 | AJ20: =AI20*$D20 -> 0 | AK20: 0 | AL20: =AK20*$D20 -> 0 | AM20: 0 | AN20: =AM20*$D20 -> 0 | AO20: 0 | AP20: =AO20*$D20 -> 0 | AQ20: 0 | AR20: =AQ20*$D20 -> 0 | AS20: 0 | AT20: =AS20*$D20 -> 0 | AU20: 0 | AV20: =AU20*$D20 -> 0 | AW20: 0 | AX20: =AW20*$D20 -> 0 | AY20: 0 | AZ20: =AY20*$D20 -> 0 | BA20: 0 | BB20: =BA20*$D20 -> 0 | BC20: 0 | BD20: =BC20*$D20 -> 0 | BF20: =E20+G20+I20+K20+M20+O20+Q20+S20+U20+W20+Y20+AA20+AC20+AE20+AG20+AI20+AK20+AM20+AO20+AQ20+AS20+AU20+AW20+AY20+BA20+BC20 -> 0 | BG20: =F20+H20+J20+L20+N20+P20+R20+T20+V20+X20+Z20+AB20+AD20+AF20+AH20+AJ20+AL20+AN20+AP20+AR20+AT20+AV20+AX20+AZ20+BB20+BD20 -> 0 | BH20: =BG20-D20 -> 0
E21: 0 | F21: =E21*$D21 -> 0 | G21: 0 | H21: =G21*$D21 -> 0 | I21: 0 | J21: =I21*$D21 -> 0 | K21: 0 | L21: =K21*$D21 -> 0 | M21: 0 | N21: =M21*$D21 -> 0 | O21: 0 | P21: =O21*$D21 -> 0 | Q21: 0 | R21: =Q21*$D21 -> 0 | S21: 0 | T21: =S21*$D21 -> 0 | U21: 0 | V21: =U21*$D21 -> 0 | W21: 0 | X21: =W21*$D21 -> 0 | Y21: 0 | Z21: =Y21*$D21 -> 0 | AA21: 0 | AB21: =AA21*$D21 -> 0 | AC21: 0 | AD21: =AC21*$D21 -> 0 | AE21: 0 | AF21: =AE21*$D21 -> 0 | AG21: 0 | AH21: =AG21*$D21 -> 0 | AI21: 0 | AJ21: =AI21*$D21 -> 0 | AK21: 0 | AL21: =AK21*$D21 -> 0 | AM21: 0 | AN21: =AM21*$D21 -> 0 | AO21: 0 | AP21: =AO21*$D21 -> 0 | AQ21: 0 | AR21: =AQ21*$D21 -> 0 | AS21: 0 | AT21: =AS21*$D21 -> 0 | AU21: 0 | AV21: =AU21*$D21 -> 0 | AW21: 0 | AX21: =AW21*$D21 -> 0 | AY21: 0 | AZ21: =AY21*$D21 -> 0 | BA21: 0 | BB21: =BA21*$D21 -> 0 | BC21: 0 | BD21: =BC21*$D21 -> 0 | BF21: =E21+G21+I21+K21+M21+O21+Q21+S21+U21+W21+Y21+AA21+AC21+AE21+AG21+AI21+AK21+AM21+AO21+AQ21+AS21+AU21+AW21+AY21+BA21+BC21 -> 0 | BG21: =F21+H21+J21+L21+N21+P21+R21+T21+V21+X21+Z21+AB21+AD21+AF21+AH21+AJ21+AL21+AN21+AP21+AR21+AT21+AV21+AX21+AZ21+BB21+BD21 -> 0 | BH21: =BG21-D21 -> 0
E22: 0 | F22: =E22*$D22 -> 0 | G22: 0 | H22: =G22*$D22 -> 0 | I22: 0 | J22: =I22*$D22 -> 0 | K22: 0 | L22: =K22*$D22 -> 0 | M22: 0 | N22: =M22*$D22 -> 0 | O22: 0 | P22: =O22*$D22 -> 0 | Q22: 0 | R22: =Q22*$D22 -> 0 | S22: 0 | T22: =S22*$D22 -> 0 | U22: 0 | V22: =U22*$D22 -> 0 | W22: 0 | X22: =W22*$D22 -> 0 | Y22: 0 | Z22: =Y22*$D22 -> 0 | AA22: 0 | AB22: =AA22*$D22 -> 0 | AC22: 0 | AD22: =AC22*$D22 -> 0 | AE22: 0 | AF22: =AE22*$D22 -> 0 | AG22: 0 | AH22: =AG22*$D22 -> 0 | AI22: 0 | AJ22: =AI22*$D22 -> 0 | AK22: 0 | AL22: =AK22*$D22 -> 0 | AM22: 0 | AN22: =AM22*$D22 -> 0 | AO22: 0 | AP22: =AO22*$D22 -> 0 | AQ22: 0 | AR22: =AQ22*$D22 -> 0 | AS22: 0 | AT22: =AS22*$D22 -> 0 | AU22: 0 | AV22: =AU22*$D22 -> 0 | AW22: 0 | AX22: =AW22*$D22 -> 0 | AY22: 0 | AZ22: =AY22*$D22 -> 0 | BA22: 0 | BB22: =BA22*$D22 -> 0 | BC22: 0 | BD22: =BC22*$D22 -> 0 | BF22: =E22+G22+I22+K22+M22+O22+Q22+S22+U22+W22+Y22+AA22+AC22+AE22+AG22+AI22+AK22+AM22+AO22+AQ22+AS22+AU22+AW22+AY22+BA22+BC22 -> 0 | BG22: =F22+H22+J22+L22+N22+P22+R22+T22+V22+X22+Z22+AB22+AD22+AF22+AH22+AJ22+AL22+AN22+AP22+AR22+AT22+AV22+AX22+AZ22+BB22+BD22 -> 0 | BH22: =BG22-D22 -> 0
E23: 0 | F23: =E23*$D23 -> 0 | G23: 0 | H23: =G23*$D23 -> 0 | I23: 0 | J23: =I23*$D23 -> 0 | K23: 0 | L23: =K23*$D23 -> 0 | M23: 0 | N23: =M23*$D23 -> 0 | O23: 0 | P23: =O23*$D23 -> 0 | Q23: 0 | R23: =Q23*$D23 -> 0 | S23: 0 | T23: =S23*$D23 -> 0 | U23: 0 | V23: =U23*$D23 -> 0 | W23: 0 | X23: =W23*$D23 -> 0 | Y23: 0 | Z23: =Y23*$D23 -> 0 | AA23: 0 | AB23: =AA23*$D23 -> 0 | AC23: 0 | AD23: =AC23*$D23 -> 0 | AE23: 0 | AF23: =AE23*$D23 -> 0 | AG23: 0 | AH23: =AG23*$D23 -> 0 | AI23: 0 | AJ23: =AI23*$D23 -> 0 | AK23: 0 | AL23: =AK23*$D23 -> 0 | AM23: 0 | AN23: =AM23*$D23 -> 0 | AO23: 0 | AP23: =AO23*$D23 -> 0 | AQ23: 0 | AR23: =AQ23*$D23 -> 0 | AS23: 0 | AT23: =AS23*$D23 -> 0 | AU23: 0 | AV23: =AU23*$D23 -> 0 | AW23: 0 | AX23: =AW23*$D23 -> 0 | AY23: 0 | AZ23: =AY23*$D23 -> 0 | BA23: 0 | BB23: =BA23*$D23 -> 0 | BC23: 0 | BD23: =BC23*$D23 -> 0 | BF23: =E23+G23+I23+K23+M23+O23+Q23+S23+U23+W23+Y23+AA23+AC23+AE23+AG23+AI23+AK23+AM23+AO23+AQ23+AS23+AU23+AW23+AY23+BA23+BC23 -> 0 | BG23: =F23+H23+J23+L23+N23+P23+R23+T23+V23+X23+Z23+AB23+AD23+AF23+AH23+AJ23+AL23+AN23+AP23+AR23+AT23+AV23+AX23+AZ23+BB23+BD23 -> 0 | BH23: =BG23-D23 -> 0
... E38: 0 | F38: =E38*$D38 -> 0 | G38: 0 | H38: =G38*$D38 -> 0 | I38: 0 | J38: =I38*$D38 -> 0 | K38: 0 | L38: =K38*$D38 -> 0 | M38: 0 | N38: =M38*$D38 -> 0 | O38: 0 | P38: =O38*$D38 -> 0 | Q38: 0 | R38: =Q38*$D38 -> 0 | S38: 0 | T38: =S38*$D38 -> 0 | U38: 0 | V38: =U38*$D38 -> 0 | W38: 0 | X38: =W38*$D38 -> 0 | Y38: 0 | Z38: =Y38*$D38 -> 0 | AA38: 0 | AB38: =AA38*$D38 -> 0 | AC38: 0 | AD38: =AC38*$D38 -> 0 | AE38: 0 | AF38: =AE38*$D38 -> 0 | AG38: 0 | AH38: =AG38*$D38 -> 0 | AI38: 0 | AJ38: =AI38*$D38 -> 0 | AK38: 0 | AL38: =AK38*$D38 -> 0 | AM38: 0 | AN38: =AM38*$D38 -> 0 | AO38: 0 | AP38: =AO38*$D38 -> 0 | AQ38: 0 | AR38: =AQ38*$D38 -> 0 | AS38: 0 | AT38: =AS38*$D38 -> 0 | AU38: 0 | AV38: =AU38*$D38 -> 0 | AW38: 0 | AX38: =AW38*$D38 -> 0 | AY38: 0 | AZ38: =AY38*$D38 -> 0 | BA38: 0 | BB38: =BA38*$D38 -> 0 | BC38: 0 | BD38: =BC38*$D38 -> 0 | BF38: =E38+G38+I38+K38+M38+O38+Q38+S38+U38+W38+Y38+AA38+AC38+AE38+AG38+AI38+AK38+AM38+AO38+AQ38+AS38+AU38+AW38+AY38+BA38+BC38 -> 0 | BG38: =F38+H38+J38+L38+N38+P38+R38+T38+V38+X38+Z38+AB38+AD38+AF38+AH38+AJ38+AL38+AN38+AP38+AR38+AT38+AV38+AX38+AZ38+BB38+BD38 -> 0 | BH38: =BG38-D38 -> 0
A40: 02 - PERSONAL SERVICE CONTRACTS YR. 1 | D40: =SUM(D12:D38) -> 0 | F40: =SUM(F12:F38) -> 0 | H40: =SUM(H12:H38) -> 0 | J40: =SUM(J12:J38) -> 0 | L40: =SUM(L12:L38) -> 0 | N40: =SUM(N12:N38) -> 0 | P40: =SUM(P12:P38) -> 0 | R40: =SUM(R12:R38) -> 0 | T40: =SUM(T12:T38) -> 0 | V40: =SUM(V12:V38) -> 0 | X40: =SUM(X12:X38) -> 0 | Z40: =SUM(Z12:Z38) -> 0 | AB40: =SUM(AB12:AB38) -> 0 | AD40: =SUM(AD12:AD38) -> 0 | AF40: =SUM(AF12:AF38) -> 0 | AH40: =SUM(AH12:AH38) -> 0 | AJ40: =SUM(AJ12:AJ38) -> 0 | AL40: =SUM(AL12:AL38) -> 0 | AN40: =SUM(AN12:AN38) -> 0 | AP40: =SUM(AP12:AP38) -> 0 | AR40: =SUM(AR12:AR38) -> 0 | AT40: =SUM(AT12:AT38) -> 0 | AV40: =SUM(AV12:AV38) -> 0 | AX40: =SUM(AX12:AX38) -> 0 | AZ40: =SUM(AZ12:AZ38) -> 0 | BB40: =SUM(BB12:BB38) -> 0 | BD40: =SUM(BD12:BD38) -> 0 | BG40: =F40+H40+J40+L40+N40+P40+R40+T40+V40+X40+Z40+AB40+AD40+AF40+AH40+AJ40+AL40+AN40+AP40+AR40+AT40+AV40+AX40+AZ40+BB40+BD40 -> 0 | BH40: =BG40-D40 -> 0
A43: Other Contractual Services | E43: Center Overhead Yr. 1 | G43: Rate 1 Yr. 1 | I43: Rate 2 Yr. 1 | K43: Rate 3 Yr. 1 | M43: Rate 4 Yr. 1 | O43: Rate 5 Yr. 1 | Q43: Rate 6 Yr. 1 | S43: Rate 7 Yr. 1 | U43: Rate 8 Yr. 1 | W43: Rate 9 Yr. 1 | Y43: Rate 10 Yr. 1 | AA43: Rate 11 Yr. 1 | AC43: Rate 12 Yr. 1 | AE43: Rate 13 Yr. 1 | AG43: Rate 14 Yr. 1 | AI43: Rate 15 Yr. 1 | AK43: Rate 16 Yr. 1 | AM43: Rate 17 Yr. 1 | AO43: Rate 18 Yr. 1 | AQ43: Rate 19 Yr. 1 | AS43: Rate 20 Yr. 1 | AU43: Rate 21 Yr. 1 | AW43: Rate 22 Yr. 1 | AY43: Rate 23 Yr. 1 | BA43: Rate 24 Yr. 1 | BC43: Rate 25 Yr. 1 | BF43: Percent Check | BG43: Dollar check | BH43: Difference between total allocated dollar and total dollar
E44: =IF(Usage!$B$8=0, "", Usage!$B$8) -> Center Overhead | G44: =IF(Usage!$B$9=0, "", Usage!$B$9) | I44: =IF(Usage!$B$10=0, "", Usage!$B$10) | K44: =IF(Usage!$B$11=0, "", Usage!$B$11) | M44: =IF(Usage!$B$12=0, "", Usage!$B$12) | O44: =IF(Usage!$B$13=0, "", Usage!$B$13) | Q44: =IF(Usage!$B$14=0, "", Usage!$B$14) | S44: =IF(Usage!$B$15=0, "", Usage!$B$15) | U44: =IF(Usage!$B$16=0, "", Usage!$B$16) | W44: =IF(Usage!$B$17=0, "", Usage!$B$17) | Y44: =IF(Usage!$B$18=0, "", Usage!$B$18) | AA44: =IF(Usage!$B$19=0, "", Usage!$B$19) | AC44: =IF(Usage!$B$20=0, "", Usage!$B$20) | AE44: =IF(Usage!$B$21=0, "", Usage!$B$21) | AG44: =IF(Usage!$B$22=0, "", Usage!$B$22) | AI44: =IF(Usage!$B$23=0, "", Usage!$B$23) | AK44: =IF(Usage!$B$24=0, "", Usage!$B$24) | AM44: =IF(Usage!$B$25=0, "", Usage!$B$25) | AO44: =IF(Usage!$B$26=0, "", Usage!$B$26) | AQ44: =IF(Usage!$B$27=0, "", Usage!$B$27) | AS44: =IF(Usage!$B$28=0, "", Usage!$B$28) | AU44: =IF(Usage!$B$29=0, "", Usage!$B$29) | AW44: =IF(Usage!$B$30=0, "", Usage!$B$30) | AY44: =IF(Usage!$B$31=0, "", Usage!$B$31) | BA44: =IF(Usage!$B$32=0, "", Usage!$B$32) | BC44: =IF(Usage!$B$33=0, "", Usage!$B$33) | BF44: (should add up to 100%)
A45: Spend Category | B45: Description | C45: Source Document | D45: Annual Amt | E45: % | F45: Amount | G45: % | H45: Amount | I45: % | J45: Amount | K45: % | L45: Amount | M45: % | N45: Amount | O45: % | P45: Amount | Q45: % | R45: Amount | S45: % | T45: Amount | U45: % | V45: Amount | W45: % | X45: Amount | Y45: % | Z45: Amount | AA45: % | AB45: Amount | AC45: % | AD45: Amount | AE45: % | AF45: Amount | AG45: % | AH45: Amount | AI45: % | AJ45: Amount | AK45: % | AL45: Amount | AM45: % | AN45: Amount | AO45: % | AP45: Amount | AQ45: % | AR45: Amount | AS45: % | AT45: Amount | AU45: % | AV45: Amount | AW45: % | AX45: Amount | AY45: % | AZ45: Amount | BA45: % | BB45: Amount | BC45: % | BD45: Amount
E46: 0 | F46: =E46*$D46 -> 0 | G46: 0 | H46: =G46*$D46 -> 0 | I46: 0 | J46: =I46*$D46 -> 0 | K46: 0 | L46: =K46*$D46 -> 0 | M46: 0 | N46: =M46*$D46 -> 0 | O46: 0 | P46: =O46*$D46 -> 0 | Q46: 0 | R46: =Q46*$D46 -> 0 | S46: 0 | T46: =S46*$D46 -> 0 | U46: 0 | V46: =U46*$D46 -> 0 | W46: 0 | X46: =W46*$D46 -> 0 | Y46: 0 | Z46: =Y46*$D46 -> 0 | AA46: 0 | AB46: =AA46*$D46 -> 0 | AC46: 0 | AD46: =AC46*$D46 -> 0 | AE46: 0 | AF46: =AE46*$D46 -> 0 | AG46: 0 | AH46: =AG46*$D46 -> 0 | AI46: 0 | AJ46: =AI46*$D46 -> 0 | AK46: 0 | AL46: =AK46*$D46 -> 0 | AM46: 0 | AN46: =AM46*$D46 -> 0 | AO46: 0 | AP46: =AO46*$D46 -> 0 | AQ46: 0 | AR46: =AQ46*$D46 -> 0 | AS46: 0 | AT46: =AS46*$D46 -> 0 | AU46: 0 | AV46: =AU46*$D46 -> 0 | AW46: 0 | AX46: =AW46*$D46 -> 0 | AY46: 0 | AZ46: =AY46*$D46 -> 0 | BA46: 0 | BB46: =BA46*$D46 -> 0 | BC46: 0 | BD46: =BC46*$D46 -> 0 | BF46: =E46+G46+I46+K46+M46+O46+Q46+S46+U46+W46+Y46+AA46+AC46+AE46+AG46+AI46+AK46+AM46+AO46+AQ46+AS46+AU46+AW46+AY46+BA46+BC46 -> 0 | BG46: =F46+H46+J46+L46+N46+P46+R46+T46+V46+X46+Z46+AB46+AD46+AF46+AH46+AJ46+AL46+AN46+AP46+AR46+AT46+AV46+AX46+AZ46+BB46+BD46 -> 0 | BH46: =BG46-D46 -> 0
E47: 0 | F47: =E47*$D47 -> 0 | G47: 0 | H47: =G47*$D47 -> 0 | I47: 0 | J47: =I47*$D47 -> 0 | K47: 0 | L47: =K47*$D47 -> 0 | M47: 0 | N47: =M47*$D47 -> 0 | O47: 0 | P47: =O47*$D47 -> 0 | Q47: 0 | R47: =Q47*$D47 -> 0 | S47: 0 | T47: =S47*$D47 -> 0 | U47: 0 | V47: =U47*$D47 -> 0 | W47: 0 | X47: =W47*$D47 -> 0 | Y47: 0 | Z47: =Y47*$D47 -> 0 | AA47: 0 | AB47: =AA47*$D47 -> 0 | AC47: 0 | AD47: =AC47*$D47 -> 0 | AE47: 0 | AF47: =AE47*$D47 -> 0 | AG47: 0 | AH47: =AG47*$D47 -> 0 | AI47: 0 | AJ47: =AI47*$D47 -> 0 | AK47: 0 | AL47: =AK47*$D47 -> 0 | AM47: 0 | AN47: =AM47*$D47 -> 0 | AO47: 0 | AP47: =AO47*$D47 -> 0 | AQ47: 0 | AR47: =AQ47*$D47 -> 0 | AS47: 0 | AT47: =AS47*$D47 -> 0 | AU47: 0 | AV47: =AU47*$D47 -> 0 | AW47: 0 | AX47: =AW47*$D47 -> 0 | AY47: 0 | AZ47: =AY47*$D47 -> 0 | BA47: 0 | BB47: =BA47*$D47 -> 0 | BC47: 0 | BD47: =BC47*$D47 -> 0 | BF47: =E47+G47+I47+K47+M47+O47+Q47+S47+U47+W47+Y47+AA47+AC47+AE47+AG47+AI47+AK47+AM47+AO47+AQ47+AS47+AU47+AW47+AY47+BA47+BC47 -> 0 | BG47: =F47+H47+J47+L47+N47+P47+R47+T47+V47+X47+Z47+AB47+AD47+AF47+AH47+AJ47+AL47+AN47+AP47+AR47+AT47+AV47+AX47+AZ47+BB47+BD47 -> 0 | BH47: =BG47-D47 -> 0
E48: 0 | F48: =E48*$D48 -> 0 | G48: 0 | H48: =G48*$D48 -> 0 | I48: 0 | J48: =I48*$D48 -> 0 | K48: 0 | L48: =K48*$D48 -> 0 | M48: 0 | N48: =M48*$D48 -> 0 | O48: 0 | P48: =O48*$D48 -> 0 | Q48: 0 | R48: =Q48*$D48 -> 0 | S48: 0 | T48: =S48*$D48 -> 0 | U48: 0 | V48: =U48*$D48 -> 0 | W48: 0 | X48: =W48*$D48 -> 0 | Y48: 0 | Z48: =Y48*$D48 -> 0 | AA48: 0 | AB48: =AA48*$D48 -> 0 | AC48: 0 | AD48: =AC48*$D48 -> 0 | AE48: 0 | AF48: =AE48*$D48 -> 0 | AG48: 0 | AH48: =AG48*$D48 -> 0 | AI48: 0 | AJ48: =AI48*$D48 -> 0 | AK48: 0 | AL48: =AK48*$D48 -> 0 | AM48: 0 | AN48: =AM48*$D48 -> 0 | AO48: 0 | AP48: =AO48*$D48 -> 0 | AQ48: 0 | AR48: =AQ48*$D48 -> 0 | AS48: 0 | AT48: =AS48*$D48 -> 0 | AU48: 0 | AV48: =AU48*$D48 -> 0 | AW48: 0 | AX48: =AW48*$D48 -> 0 | AY48: 0 | AZ48: =AY48*$D48 -> 0 | BA48: 0 | BB48: =BA48*$D48 -> 0 | BC48: 0 | BD48: =BC48*$D48 -> 0 | BF48: =E48+G48+I48+K48+M48+O48+Q48+S48+U48+W48+Y48+AA48+AC48+AE48+AG48+AI48+AK48+AM48+AO48+AQ48+AS48+AU48+AW48+AY48+BA48+BC48 -> 0 | BG48: =F48+H48+J48+L48+N48+P48+R48+T48+V48+X48+Z48+AB48+AD48+AF48+AH48+AJ48+AL48+AN48+AP48+AR48+AT48+AV48+AX48+AZ48+BB48+BD48 -> 0 | BH48: =BG48-D48 -> 0
E49: 0 | F49: =E49*$D49 -> 0 | G49: 0 | H49: =G49*$D49 -> 0 | I49: 0 | J49: =I49*$D49 -> 0 | K49: 0 | L49: =K49*$D49 -> 0 | M49: 0 | N49: =M49*$D49 -> 0 | O49: 0 | P49: =O49*$D49 -> 0 | Q49: 0 | R49: =Q49*$D49 -> 0 | S49: 0 | T49: =S49*$D49 -> 0 | U49: 0 | V49: =U49*$D49 -> 0 | W49: 0 | X49: =W49*$D49 -> 0 | Y49: 0 | Z49: =Y49*$D49 -> 0 | AA49: 0 | AB49: =AA49*$D49 -> 0 | AC49: 0 | AD49: =AC49*$D49 -> 0 | AE49: 0 | AF49: =AE49*$D49 -> 0 | AG49: 0 | AH49: =AG49*$D49 -> 0 | AI49: 0 | AJ49: =AI49*$D49 -> 0 | AK49: 0 | AL49: =AK49*$D49 -> 0 | AM49: 0 | AN49: =AM49*$D49 -> 0 | AO49: 0 | AP49: =AO49*$D49 -> 0 | AQ49: 0 | AR49: =AQ49*$D49 -> 0 | AS49: 0 | AT49: =AS49*$D49 -> 0 | AU49: 0 | AV49: =AU49*$D49 -> 0 | AW49: 0 | AX49: =AW49*$D49 -> 0 | AY49: 0 | AZ49: =AY49*$D49 -> 0 | BA49: 0 | BB49: =BA49*$D49 -> 0 | BC49: 0 | BD49: =BC49*$D49 -> 0 | BF49: =E49+G49+I49+K49+M49+O49+Q49+S49+U49+W49+Y49+AA49+AC49+AE49+AG49+AI49+AK49+AM49+AO49+AQ49+AS49+AU49+AW49+AY49+BA49+BC49 -> 0 | BG49: =F49+H49+J49+L49+N49+P49+R49+T49+V49+X49+Z49+AB49+AD49+AF49+AH49+AJ49+AL49+AN49+AP49+AR49+AT49+AV49+AX49+AZ49+BB49+BD49 -> 0 | BH49: =BG49-D49 -> 0
E50: 0 | F50: =E50*$D50 -> 0 | G50: 0 | H50: =G50*$D50 -> 0 | I50: 0 | J50: =I50*$D50 -> 0 | K50: 0 | L50: =K50*$D50 -> 0 | M50: 0 | N50: =M50*$D50 -> 0 | O50: 0 | P50: =O50*$D50 -> 0 | Q50: 0 | R50: =Q50*$D50 -> 0 | S50: 0 | T50: =S50*$D50 -> 0 | U50: 0 | V50: =U50*$D50 -> 0 | W50: 0 | X50: =W50*$D50 -> 0 | Y50: 0 | Z50: =Y50*$D50 -> 0 | AA50: 0 | AB50: =AA50*$D50 -> 0 | AC50: 0 | AD50: =AC50*$D50 -> 0 | AE50: 0 | AF50: =AE50*$D50 -> 0 | AG50: 0 | AH50: =AG50*$D50 -> 0 | AI50: 0 | AJ50: =AI50*$D50 -> 0 | AK50: 0 | AL50: =AK50*$D50 -> 0 | AM50: 0 | AN50: =AM50*$D50 -> 0 | AO50: 0 | AP50: =AO50*$D50 -> 0 | AQ50: 0 | AR50: =AQ50*$D50 -> 0 | AS50: 0 | AT50: =AS50*$D50 -> 0 | AU50: 0 | AV50: =AU50*$D50 -> 0 | AW50: 0 | AX50: =AW50*$D50 -> 0 | AY50: 0 | AZ50: =AY50*$D50 -> 0 | BA50: 0 | BB50: =BA50*$D50 -> 0 | BC50: 0 | BD50: =BC50*$D50 -> 0 | BF50: =E50+G50+I50+K50+M50+O50+Q50+S50+U50+W50+Y50+AA50+AC50+AE50+AG50+AI50+AK50+AM50+AO50+AQ50+AS50+AU50+AW50+AY50+BA50+BC50 -> 0 | BG50: =F50+H50+J50+L50+N50+P50+R50+T50+V50+X50+Z50+AB50+AD50+AF50+AH50+AJ50+AL50+AN50+AP50+AR50+AT50+AV50+AX50+AZ50+BB50+BD50 -> 0 | BH50: =BG50-D50 -> 0
E51: 0 | F51: =E51*$D51 -> 0 | G51: 0 | H51: =G51*$D51 -> 0 | I51: 0 | J51: =I51*$D51 -> 0 | K51: 0 | L51: =K51*$D51 -> 0 | M51: 0 | N51: =M51*$D51 -> 0 | O51: 0 | P51: =O51*$D51 -> 0 | Q51: 0 | R51: =Q51*$D51 -> 0 | S51: 0 | T51: =S51*$D51 -> 0 | U51: 0 | V51: =U51*$D51 -> 0 | W51: 0 | X51: =W51*$D51 -> 0 | Y51: 0 | Z51: =Y51*$D51 -> 0 | AA51: 0 | AB51: =AA51*$D51 -> 0 | AC51: 0 | AD51: =AC51*$D51 -> 0 | AE51: 0 | AF51: =AE51*$D51 -> 0 | AG51: 0 | AH51: =AG51*$D51 -> 0 | AI51: 0 | AJ51: =AI51*$D51 -> 0 | AK51: 0 | AL51: =AK51*$D51 -> 0 | AM51: 0 | AN51: =AM51*$D51 -> 0 | AO51: 0 | AP51: =AO51*$D51 -> 0 | AQ51: 0 | AR51: =AQ51*$D51 -> 0 | AS51: 0 | AT51: =AS51*$D51 -> 0 | AU51: 0 | AV51: =AU51*$D51 -> 0 | AW51: 0 | AX51: =AW51*$D51 -> 0 | AY51: 0 | AZ51: =AY51*$D51 -> 0 | BA51: 0 | BB51: =BA51*$D51 -> 0 | BC51: 0 | BD51: =BC51*$D51 -> 0 | BF51: =E51+G51+I51+K51+M51+O51+Q51+S51+U51+W51+Y51+AA51+AC51+AE51+AG51+AI51+AK51+AM51+AO51+AQ51+AS51+AU51+AW51+AY51+BA51+BC51 -> 0 | BG51: =F51+H51+J51+L51+N51+P51+R51+T51+V51+X51+Z51+AB51+AD51+AF51+AH51+AJ51+AL51+AN51+AP51+AR51+AT51+AV51+AX51+AZ51+BB51+BD51 -> 0 | BH51: =BG51-D51 -> 0
E52: 0 | F52: =E52*$D52 -> 0 | G52: 0 | H52: =G52*$D52 -> 0 | I52: 0 | J52: =I52*$D52 -> 0 | K52: 0 | L52: =K52*$D52 -> 0 | M52: 0 | N52: =M52*$D52 -> 0 | O52: 0 | P52: =O52*$D52 -> 0 | Q52: 0 | R52: =Q52*$D52 -> 0 | S52: 0 | T52: =S52*$D52 -> 0 | U52: 0 | V52: =U52*$D52 -> 0 | W52: 0 | X52: =W52*$D52 -> 0 | Y52: 0 | Z52: =Y52*$D52 -> 0 | AA52: 0 | AB52: =AA52*$D52 -> 0 | AC52: 0 | AD52: =AC52*$D52 -> 0 | AE52: 0 | AF52: =AE52*$D52 -> 0 | AG52: 0 | AH52: =AG52*$D52 -> 0 | AI52: 0 | AJ52: =AI52*$D52 -> 0 | AK52: 0 | AL52: =AK52*$D52 -> 0 | AM52: 0 | AN52: =AM52*$D52 -> 0 | AO52: 0 | AP52: =AO52*$D52 -> 0 | AQ52: 0 | AR52: =AQ52*$D52 -> 0 | AS52: 0 | AT52: =AS52*$D52 -> 0 | AU52: 0 | AV52: =AU52*$D52 -> 0 | AW52: 0 | AX52: =AW52*$D52 -> 0 | AY52: 0 | AZ52: =AY52*$D52 -> 0 | BA52: 0 | BB52: =BA52*$D52 -> 0 | BC52: 0 | BD52: =BC52*$D52 -> 0 | BF52: =E52+G52+I52+K52+M52+O52+Q52+S52+U52+W52+Y52+AA52+AC52+AE52+AG52+AI52+AK52+AM52+AO52+AQ52+AS52+AU52+AW52+AY52+BA52+BC52 -> 0 | BG52: =F52+H52+J52+L52+N52+P52+R52+T52+V52+X52+Z52+AB52+AD52+AF52+AH52+AJ52+AL52+AN52+AP52+AR52+AT52+AV52+AX52+AZ52+BB52+BD52 -> 0 | BH52: =BG52-D52 -> 0
E53: 0 | F53: =E53*$D53 -> 0 | G53: 0 | H53: =G53*$D53 -> 0 | I53: 0 | J53: =I53*$D53 -> 0 | K53: 0 | L53: =K53*$D53 -> 0 | M53: 0 | N53: =M53*$D53 -> 0 | O53: 0 | P53: =O53*$D53 -> 0 | Q53: 0 | R53: =Q53*$D53 -> 0 | S53: 0 | T53: =S53*$D53 -> 0 | U53: 0 | V53: =U53*$D53 -> 0 | W53: 0 | X53: =W53*$D53 -> 0 | Y53: 0 | Z53: =Y53*$D53 -> 0 | AA53: 0 | AB53: =AA53*$D53 -> 0 | AC53: 0 | AD53: =AC53*$D53 -> 0 | AE53: 0 | AF53: =AE53*$D53 -> 0 | AG53: 0 | AH53: =AG53*$D53 -> 0 | AI53: 0 | AJ53: =AI53*$D53 -> 0 | AK53: 0 | AL53: =AK53*$D53 -> 0 | AM53: 0 | AN53: =AM53*$D53 -> 0 | AO53: 0 | AP53: =AO53*$D53 -> 0 | AQ53: 0 | AR53: =AQ53*$D53 -> 0 | AS53: 0 | AT53: =AS53*$D53 -> 0 | AU53: 0 | AV53: =AU53*$D53 -> 0 | AW53: 0 | AX53: =AW53*$D53 -> 0 | AY53: 0 | AZ53: =AY53*$D53 -> 0 | BA53: 0 | BB53: =BA53*$D53 -> 0 | BC53: 0 | BD53: =BC53*$D53 -> 0 | BF53: =E53+G53+I53+K53+M53+O53+Q53+S53+U53+W53+Y53+AA53+AC53+AE53+AG53+AI53+AK53+AM53+AO53+AQ53+AS53+AU53+AW53+AY53+BA53+BC53 -> 0 | BG53: =F53+H53+J53+L53+N53+P53+R53+T53+V53+X53+Z53+AB53+AD53+AF53+AH53+AJ53+AL53+AN53+AP53+AR53+AT53+AV53+AX53+AZ53+BB53+BD53 -> 0 | BH53: =BG53-D53 -> 0
E54: 0 | F54: =E54*$D54 -> 0 | G54: 0 | H54: =G54*$D54 -> 0 | I54: 0 | J54: =I54*$D54 -> 0 | K54: 0 | L54: =K54*$D54 -> 0 | M54: 0 | N54: =M54*$D54 -> 0 | O54: 0 | P54: =O54*$D54 -> 0 | Q54: 0 | R54: =Q54*$D54 -> 0 | S54: 0 | T54: =S54*$D54 -> 0 | U54: 0 | V54: =U54*$D54 -> 0 | W54: 0 | X54: =W54*$D54 -> 0 | Y54: 0 | Z54: =Y54*$D54 -> 0 | AA54: 0 | AB54: =AA54*$D54 -> 0 | AC54: 0 | AD54: =AC54*$D54 -> 0 | AE54: 0 | AF54: =AE54*$D54 -> 0 | AG54: 0 | AH54: =AG54*$D54 -> 0 | AI54: 0 | AJ54: =AI54*$D54 -> 0 | AK54: 0 | AL54: =AK54*$D54 -> 0 | AM54: 0 | AN54: =AM54*$D54 -> 0 | AO54: 0 | AP54: =AO54*$D54 -> 0 | AQ54: 0 | AR54: =AQ54*$D54 -> 0 | AS54: 0 | AT54: =AS54*$D54 -> 0 | AU54: 0 | AV54: =AU54*$D54 -> 0 | AW54: 0 | AX54: =AW54*$D54 -> 0 | AY54: 0 | AZ54: =AY54*$D54 -> 0 | BA54: 0 | BB54: =BA54*$D54 -> 0 | BC54: 0 | BD54: =BC54*$D54 -> 0 | BF54: =E54+G54+I54+K54+M54+O54+Q54+S54+U54+W54+Y54+AA54+AC54+AE54+AG54+AI54+AK54+AM54+AO54+AQ54+AS54+AU54+AW54+AY54+BA54+BC54 -> 0 | BG54: =F54+H54+J54+L54+N54+P54+R54+T54+V54+X54+Z54+AB54+AD54+AF54+AH54+AJ54+AL54+AN54+AP54+AR54+AT54+AV54+AX54+AZ54+BB54+BD54 -> 0 | BH54: =BG54-D54 -> 0
E55: 0 | F55: =E55*$D55 -> 0 | G55: 0 | H55: =G55*$D55 -> 0 | I55: 0 | J55: =I55*$D55 -> 0 | K55: 0 | L55: =K55*$D55 -> 0 | M55: 0 | N55: =M55*$D55 -> 0 | O55: 0 | P55: =O55*$D55 -> 0 | Q55: 0 | R55: =Q55*$D55 -> 0 | S55: 0 | T55: =S55*$D55 -> 0 | U55: 0 | V55: =U55*$D55 -> 0 | W55: 0 | X55: =W55*$D55 -> 0 | Y55: 0 | Z55: =Y55*$D55 -> 0 | AA55: 0 | AB55: =AA55*$D55 -> 0 | AC55: 0 | AD55: =AC55*$D55 -> 0 | AE55: 0 | AF55: =AE55*$D55 -> 0 | AG55: 0 | AH55: =AG55*$D55 -> 0 | AI55: 0 | AJ55: =AI55*$D55 -> 0 | AK55: 0 | AL55: =AK55*$D55 -> 0 | AM55: 0 | AN55: =AM55*$D55 -> 0 | AO55: 0 | AP55: =AO55*$D55 -> 0 | AQ55: 0 | AR55: =AQ55*$D55 -> 0 | AS55: 0 | AT55: =AS55*$D55 -> 0 | AU55: 0 | AV55: =AU55*$D55 -> 0 | AW55: 0 | AX55: =AW55*$D55 -> 0 | AY55: 0 | AZ55: =AY55*$D55 -> 0 | BA55: 0 | BB55: =BA55*$D55 -> 0 | BC55: 0 | BD55: =BC55*$D55 -> 0 | BF55: =E55+G55+I55+K55+M55+O55+Q55+S55+U55+W55+Y55+AA55+AC55+AE55+AG55+AI55+AK55+AM55+AO55+AQ55+AS55+AU55+AW55+AY55+BA55+BC55 -> 0 | BG55: =F55+H55+J55+L55+N55+P55+R55+T55+V55+X55+Z55+AB55+AD55+AF55+AH55+AJ55+AL55+AN55+AP55+AR55+AT55+AV55+AX55+AZ55+BB55+BD55 -> 0 | BH55: =BG55-D55 -> 0
E56: 0 | F56: =E56*$D56 -> 0 | G56: 0 | H56: =G56*$D56 -> 0 | I56: 0 | J56: =I56*$D56 -> 0 | K56: 0 | L56: =K56*$D56 -> 0 | M56: 0 | N56: =M56*$D56 -> 0 | O56: 0 | P56: =O56*$D56 -> 0 | Q56: 0 | R56: =Q56*$D56 -> 0 | S56: 0 | T56: =S56*$D56 -> 0 | U56: 0 | V56: =U56*$D56 -> 0 | W56: 0 | X56: =W56*$D56 -> 0 | Y56: 0 | Z56: =Y56*$D56 -> 0 | AA56: 0 | AB56: =AA56*$D56 -> 0 | AC56: 0 | AD56: =AC56*$D56 -> 0 | AE56: 0 | AF56: =AE56*$D56 -> 0 | AG56: 0 | AH56: =AG56*$D56 -> 0 | AI56: 0 | AJ56: =AI56*$D56 -> 0 | AK56: 0 | AL56: =AK56*$D56 -> 0 | AM56: 0 | AN56: =AM56*$D56 -> 0 | AO56: 0 | AP56: =AO56*$D56 -> 0 | AQ56: 0 | AR56: =AQ56*$D56 -> 0 | AS56: 0 | AT56: =AS56*$D56 -> 0 | AU56: 0 | AV56: =AU56*$D56 -> 0 | AW56: 0 | AX56: =AW56*$D56 -> 0 | AY56: 0 | AZ56: =AY56*$D56 -> 0 | BA56: 0 | BB56: =BA56*$D56 -> 0 | BC56: 0 | BD56: =BC56*$D56 -> 0 | BF56: =E56+G56+I56+K56+M56+O56+Q56+S56+U56+W56+Y56+AA56+AC56+AE56+AG56+AI56+AK56+AM56+AO56+AQ56+AS56+AU56+AW56+AY56+BA56+BC56 -> 0 | BG56: =F56+H56+J56+L56+N56+P56+R56+T56+V56+X56+Z56+AB56+AD56+AF56+AH56+AJ56+AL56+AN56+AP56+AR56+AT56+AV56+AX56+AZ56+BB56+BD56 -> 0 | BH56: =BG56-D56 -> 0
E57: 0 | F57: =E57*$D57 -> 0 | G57: 0 | H57: =G57*$D57 -> 0 | I57: 0 | J57: =I57*$D57 -> 0 | K57: 0 | L57: =K57*$D57 -> 0 | M57: 0 | N57: =M57*$D57 -> 0 | O57: 0 | P57: =O57*$D57 -> 0 | Q57: 0 | R57: =Q57*$D57 -> 0 | S57: 0 | T57: =S57*$D57 -> 0 | U57: 0 | V57: =U57*$D57 -> 0 | W57: 0 | X57: =W57*$D57 -> 0 | Y57: 0 | Z57: =Y57*$D57 -> 0 | AA57: 0 | AB57: =AA57*$D57 -> 0 | AC57: 0 | AD57: =AC57*$D57 -> 0 | AE57: 0 | AF57: =AE57*$D57 -> 0 | AG57: 0 | AH57: =AG57*$D57 -> 0 | AI57: 0 | AJ57: =AI57*$D57 -> 0 | AK57: 0 | AL57: =AK57*$D57 -> 0 | AM57: 0 | AN57: =AM57*$D57 -> 0 | AO57: 0 | AP57: =AO57*$D57 -> 0 | AQ57: 0 | AR57: =AQ57*$D57 -> 0 | AS57: 0 | AT57: =AS57*$D57 -> 0 | AU57: 0 | AV57: =AU57*$D57 -> 0 | AW57: 0 | AX57: =AW57*$D57 -> 0 | AY57: 0 | AZ57: =AY57*$D57 -> 0 | BA57: 0 | BB57: =BA57*$D57 -> 0 | BC57: 0 | BD57: =BC57*$D57 -> 0 | BF57: =E57+G57+I57+K57+M57+O57+Q57+S57+U57+W57+Y57+AA57+AC57+AE57+AG57+AI57+AK57+AM57+AO57+AQ57+AS57+AU57+AW57+AY57+BA57+BC57 -> 0 | BG57: =F57+H57+J57+L57+N57+P57+R57+T57+V57+X57+Z57+AB57+AD57+AF57+AH57+AJ57+AL57+AN57+AP57+AR57+AT57+AV57+AX57+AZ57+BB57+BD57 -> 0 | BH57: =BG57-D57 -> 0
... E68: 0 | F68: =E68*$D68 -> 0 | G68: 0 | H68: =G68*$D68 -> 0 | I68: 0 | J68: =I68*$D68 -> 0 | K68: 0 | L68: =K68*$D68 -> 0 | M68: 0 | N68: =M68*$D68 -> 0 | O68: 0 | P68: =O68*$D68 -> 0 | Q68: 0 | R68: =Q68*$D68 -> 0 | S68: 0 | T68: =S68*$D68 -> 0 | U68: 0 | V68: =U68*$D68 -> 0 | W68: 0 | X68: =W68*$D68 -> 0 | Y68: 0 | Z68: =Y68*$D68 -> 0 | AA68: 0 | AB68: =AA68*$D68 -> 0 | AC68: 0 | AD68: =AC68*$D68 -> 0 | AE68: 0 | AF68: =AE68*$D68 -> 0 | AG68: 0 | AH68: =AG68*$D68 -> 0 | AI68: 0 | AJ68: =AI68*$D68 -> 0 | AK68: 0 | AL68: =AK68*$D68 -> 0 | AM68: 0 | AN68: =AM68*$D68 -> 0 | AO68: 0 | AP68: =AO68*$D68 -> 0 | AQ68: 0 | AR68: =AQ68*$D68 -> 0 | AS68: 0 | AT68: =AS68*$D68 -> 0 | AU68: 0 | AV68: =AU68*$D68 -> 0 | AW68: 0 | AX68: =AW68*$D68 -> 0 | AY68: 0 | AZ68: =AY68*$D68 -> 0 | BA68: 0 | BB68: =BA68*$D68 -> 0 | BC68: 0 | BD68: =BC68*$D68 -> 0 | BF68: =E68+G68+I68+K68+M68+O68+Q68+S68+U68+W68+Y68+AA68+AC68+AE68+AG68+AI68+AK68+AM68+AO68+AQ68+AS68+AU68+AW68+AY68+BA68+BC68 -> 0 | BG68: =F68+H68+J68+L68+N68+P68+R68+T68+V68+X68+Z68+AB68+AD68+AF68+AH68+AJ68+AL68+AN68+AP68+AR68+AT68+AV68+AX68+AZ68+BB68+BD68 -> 0 | BH68: =BG68-D68 -> 0
A70: 03 - OTHER CONTRACTUAL SERVICES YR. 1 | D70: =SUM(D46:D68) -> 0 | F70: =SUM(F46:F68) -> 0 | H70: =SUM(H46:H68) -> 0 | J70: =SUM(J46:J68) -> 0 | L70: =SUM(L46:L68) -> 0 | N70: =SUM(N46:N68) -> 0 | P70: =SUM(P46:P68) -> 0 | R70: =SUM(R46:R68) -> 0 | T70: =SUM(T46:T68) -> 0 | V70: =SUM(V46:V68) -> 0 | X70: =SUM(X46:X68) -> 0 | Z70: =SUM(Z46:Z68) -> 0 | AB70: =SUM(AB46:AB68) -> 0 | AD70: =SUM(AD46:AD68) -> 0 | AF70: =SUM(AF46:AF68) -> 0 | AH70: =SUM(AH46:AH68) -> 0 | AJ70: =SUM(AJ46:AJ68) -> 0 | AL70: =SUM(AL46:AL68) -> 0 | AN70: =SUM(AN46:AN68) -> 0 | AP70: =SUM(AP46:AP68) -> 0 | AR70: =SUM(AR46:AR68) -> 0 | AT70: =SUM(AT46:AT68) -> 0 | AV70: =SUM(AV46:AV68) -> 0 | AX70: =SUM(AX46:AX68) -> 0 | AZ70: =SUM(AZ46:AZ68) -> 0 | BB70: =SUM(BB46:BB68) -> 0 | BD70: =SUM(BD46:BD68) -> 0 | BG70: =F70+H70+J70+L70+N70+P70+R70+T70+V70+X70+Z70+AB70+AD70+AF70+AH70+AJ70+AL70+AN70+AP70+AR70+AT70+AV70+AX70+AZ70+BB70+BD70 -> 0 | BH70: =BG70-D70 -> 0
A73: Travel | E73: Center Overhead Yr. 1 | G73: Rate 1 Yr. 1 | I73: Rate 2 Yr. 1 | K73: Rate 3 Yr. 1 | M73: Rate 4 Yr. 1 | O73: Rate 5 Yr. 1 | Q73: Rate 6 Yr. 1 | S73: Rate 7 Yr. 1 | U73: Rate 8 Yr. 1 | W73: Rate 9 Yr. 1 | Y73: Rate 10 Yr. 1 | AA73: Rate 11 Yr. 1 | AC73: Rate 12 Yr. 1 | AE73: Rate 13 Yr. 1 | AG73: Rate 14 Yr. 1 | AI73: Rate 15 Yr. 1 | AK73: Rate 16 Yr. 1 | AM73: Rate 17 Yr. 1 | AO73: Rate 18 Yr. 1 | AQ73: Rate 19 Yr. 1 | AS73: Rate 20 Yr. 1 | AU73: Rate 21 Yr. 1 | AW73: Rate 22 Yr. 1 | AY73: Rate 23 Yr. 1 | BA73: Rate 24 Yr. 1 | BC73: Rate 25 Yr. 1 | BF73: Percent Check | BG73: Dollar check | BH73: Difference between total allocated dollar and total dollar
E74: =IF(Usage!$B$8=0, "", Usage!$B$8) -> Center Overhead | G74: =IF(Usage!$B$9=0, "", Usage!$B$9) | I74: =IF(Usage!$B$10=0, "", Usage!$B$10) | K74: =IF(Usage!$B$11=0, "", Usage!$B$11) | M74: =IF(Usage!$B$12=0, "", Usage!$B$12) | O74: =IF(Usage!$B$13=0, "", Usage!$B$13) | Q74: =IF(Usage!$B$14=0, "", Usage!$B$14) | S74: =IF(Usage!$B$15=0, "", Usage!$B$15) | U74: =IF(Usage!$B$16=0, "", Usage!$B$16) | W74: =IF(Usage!$B$17=0, "", Usage!$B$17) | Y74: =IF(Usage!$B$18=0, "", Usage!$B$18) | AA74: =IF(Usage!$B$19=0, "", Usage!$B$19) | AC74: =IF(Usage!$B$20=0, "", Usage!$B$20) | AE74: =IF(Usage!$B$21=0, "", Usage!$B$21) | AG74: =IF(Usage!$B$22=0, "", Usage!$B$22) | AI74: =IF(Usage!$B$23=0, "", Usage!$B$23) | AK74: =IF(Usage!$B$24=0, "", Usage!$B$24) | AM74: =IF(Usage!$B$25=0, "", Usage!$B$25) | AO74: =IF(Usage!$B$26=0, "", Usage!$B$26) | AQ74: =IF(Usage!$B$27=0, "", Usage!$B$27) | AS74: =IF(Usage!$B$28=0, "", Usage!$B$28) | AU74: =IF(Usage!$B$29=0, "", Usage!$B$29) | AW74: =IF(Usage!$B$30=0, "", Usage!$B$30) | AY74: =IF(Usage!$B$31=0, "", Usage!$B$31) | BA74: =IF(Usage!$B$32=0, "", Usage!$B$32) | BC74: =IF(Usage!$B$33=0, "", Usage!$B$33) | BF74: (should add up to 100%)
A75: Spend Category | B75: Description | C75: Source Document | D75: Annual Amt | E75: % | F75: Amount | G75: % | H75: Amount | I75: % | J75: Amount | K75: % | L75: Amount | M75: % | N75: Amount | O75: % | P75: Amount | Q75: % | R75: Amount | S75: % | T75: Amount | U75: % | V75: Amount | W75: % | X75: Amount | Y75: % | Z75: Amount | AA75: % | AB75: Amount | AC75: % | AD75: Amount | AE75: % | AF75: Amount | AG75: % | AH75: Amount | AI75: % | AJ75: Amount | AK75: % | AL75: Amount | AM75: % | AN75: Amount | AO75: % | AP75: Amount | AQ75: % | AR75: Amount | AS75: % | AT75: Amount | AU75: % | AV75: Amount | AW75: % | AX75: Amount | AY75: % | AZ75: Amount | BA75: % | BB75: Amount | BC75: % | BD75: Amount
E76: 0 | F76: =E76*$D76 -> 0 | G76: 0 | H76: =G76*$D76 -> 0 | I76: 0 | J76: =I76*$D76 -> 0 | K76: 0 | L76: =K76*$D76 -> 0 | M76: 0 | N76: =M76*$D76 -> 0 | O76: 0 | P76: =O76*$D76 -> 0 | Q76: 0 | R76: =Q76*$D76 -> 0 | S76: 0 | T76: =S76*$D76 -> 0 | U76: 0 | V76: =U76*$D76 -> 0 | W76: 0 | X76: =W76*$D76 -> 0 | Y76: 0 | Z76: =Y76*$D76 -> 0 | AA76: 0 | AB76: =AA76*$D76 -> 0 | AC76: 0 | AD76: =AC76*$D76 -> 0 | AE76: 0 | AF76: =AE76*$D76 -> 0 | AG76: 0 | AH76: =AG76*$D76 -> 0 | AI76: 0 | AJ76: =AI76*$D76 -> 0 | AK76: 0 | AL76: =AK76*$D76 -> 0 | AM76: 0 | AN76: =AM76*$D76 -> 0 | AO76: 0 | AP76: =AO76*$D76 -> 0 | AQ76: 0 | AR76: =AQ76*$D76 -> 0 | AS76: 0 | AT76: =AS76*$D76 -> 0 | AU76: 0 | AV76: =AU76*$D76 -> 0 | AW76: 0 | AX76: =AW76*$D76 -> 0 | AY76: 0 | AZ76: =AY76*$D76 -> 0 | BA76: 0 | BB76: =BA76*$D76 -> 0 | BC76: 0 | BD76: =BC76*$D76 -> 0 | BF76: =E76+G76+I76+K76+M76+O76+Q76+S76+U76+W76+Y76+AA76+AC76+AE76+AG76+AI76+AK76+AM76+AO76+AQ76+AS76+AU76+AW76+AY76+BA76+BC76 -> 0 | BG76: =F76+H76+J76+L76+N76+P76+R76+T76+V76+X76+Z76+AB76+AD76+AF76+AH76+AJ76+AL76+AN76+AP76+AR76+AT76+AV76+AX76+AZ76+BB76+BD76 -> 0 | BH76: =BG76-D76 -> 0
E77: 0 | F77: =E77*$D77 -> 0 | G77: 0 | H77: =G77*$D77 -> 0 | I77: 0 | J77: =I77*$D77 -> 0 | K77: 0 | L77: =K77*$D77 -> 0 | M77: 0 | N77: =M77*$D77 -> 0 | O77: 0 | P77: =O77*$D77 -> 0 | Q77: 0 | R77: =Q77*$D77 -> 0 | S77: 0 | T77: =S77*$D77 -> 0 | U77: 0 | V77: =U77*$D77 -> 0 | W77: 0 | X77: =W77*$D77 -> 0 | Y77: 0 | Z77: =Y77*$D77 -> 0 | AA77: 0 | AB77: =AA77*$D77 -> 0 | AC77: 0 | AD77: =AC77*$D77 -> 0 | AE77: 0 | AF77: =AE77*$D77 -> 0 | AG77: 0 | AH77: =AG77*$D77 -> 0 | AI77: 0 | AJ77: =AI77*$D77 -> 0 | AK77: 0 | AL77: =AK77*$D77 -> 0 | AM77: 0 | AN77: =AM77*$D77 -> 0 | AO77: 0 | AP77: =AO77*$D77 -> 0 | AQ77: 0 | AR77: =AQ77*$D77 -> 0 | AS77: 0 | AT77: =AS77*$D77 -> 0 | AU77: 0 | AV77: =AU77*$D77 -> 0 | AW77: 0 | AX77: =AW77*$D77 -> 0 | AY77: 0 | AZ77: =AY77*$D77 -> 0 | BA77: 0 | BB77: =BA77*$D77 -> 0 | BC77: 0 | BD77: =BC77*$D77 -> 0 | BF77: =E77+G77+I77+K77+M77+O77+Q77+S77+U77+W77+Y77+AA77+AC77+AE77+AG77+AI77+AK77+AM77+AO77+AQ77+AS77+AU77+AW77+AY77+BA77+BC77 -> 0 | BG77: =F77+H77+J77+L77+N77+P77+R77+T77+V77+X77+Z77+AB77+AD77+AF77+AH77+AJ77+AL77+AN77+AP77+AR77+AT77+AV77+AX77+AZ77+BB77+BD77 -> 0 | BH77: =BG77-D77 -> 0
E78: 0 | F78: =E78*$D78 -> 0 | G78: 0 | H78: =G78*$D78 -> 0 | I78: 0 | J78: =I78*$D78 -> 0 | K78: 0 | L78: =K78*$D78 -> 0 | M78: 0 | N78: =M78*$D78 -> 0 | O78: 0 | P78: =O78*$D78 -> 0 | Q78: 0 | R78: =Q78*$D78 -> 0 | S78: 0 | T78: =S78*$D78 -> 0 | U78: 0 | V78: =U78*$D78 -> 0 | W78: 0 | X78: =W78*$D78 -> 0 | Y78: 0 | Z78: =Y78*$D78 -> 0 | AA78: 0 | AB78: =AA78*$D78 -> 0 | AC78: 0 | AD78: =AC78*$D78 -> 0 | AE78: 0 | AF78: =AE78*$D78 -> 0 | AG78: 0 | AH78: =AG78*$D78 -> 0 | AI78: 0 | AJ78: =AI78*$D78 -> 0 | AK78: 0 | AL78: =AK78*$D78 -> 0 | AM78: 0 | AN78: =AM78*$D78 -> 0 | AO78: 0 | AP78: =AO78*$D78 -> 0 | AQ78: 0 | AR78: =AQ78*$D78 -> 0 | AS78: 0 | AT78: =AS78*$D78 -> 0 | AU78: 0 | AV78: =AU78*$D78 -> 0 | AW78: 0 | AX78: =AW78*$D78 -> 0 | AY78: 0 | AZ78: =AY78*$D78 -> 0 | BA78: 0 | BB78: =BA78*$D78 -> 0 | BC78: 0 | BD78: =BC78*$D78 -> 0 | BF78: =E78+G78+I78+K78+M78+O78+Q78+S78+U78+W78+Y78+AA78+AC78+AE78+AG78+AI78+AK78+AM78+AO78+AQ78+AS78+AU78+AW78+AY78+BA78+BC78 -> 0 | BG78: =F78+H78+J78+L78+N78+P78+R78+T78+V78+X78+Z78+AB78+AD78+AF78+AH78+AJ78+AL78+AN78+AP78+AR78+AT78+AV78+AX78+AZ78+BB78+BD78 -> 0 | BH78: =BG78-D78 -> 0
E79: 0 | F79: =E79*$D79 -> 0 | G79: 0 | H79: =G79*$D79 -> 0 | I79: 0 | J79: =I79*$D79 -> 0 | K79: 0 | L79: =K79*$D79 -> 0 | M79: 0 | N79: =M79*$D79 -> 0 | O79: 0 | P79: =O79*$D79 -> 0 | Q79: 0 | R79: =Q79*$D79 -> 0 | S79: 0 | T79: =S79*$D79 -> 0 | U79: 0 | V79: =U79*$D79 -> 0 | W79: 0 | X79: =W79*$D79 -> 0 | Y79: 0 | Z79: =Y79*$D79 -> 0 | AA79: 0 | AB79: =AA79*$D79 -> 0 | AC79: 0 | AD79: =AC79*$D79 -> 0 | AE79: 0 | AF79: =AE79*$D79 -> 0 | AG79: 0 | AH79: =AG79*$D79 -> 0 | AI79: 0 | AJ79: =AI79*$D79 -> 0 | AK79: 0 | AL79: =AK79*$D79 -> 0 | AM79: 0 | AN79: =AM79*$D79 -> 0 | AO79: 0 | AP79: =AO79*$D79 -> 0 | AQ79: 0 | AR79: =AQ79*$D79 -> 0 | AS79: 0 | AT79: =AS79*$D79 -> 0 | AU79: 0 | AV79: =AU79*$D79 -> 0 | AW79: 0 | AX79: =AW79*$D79 -> 0 | AY79: 0 | AZ79: =AY79*$D79 -> 0 | BA79: 0 | BB79: =BA79*$D79 -> 0 | BC79: 0 | BD79: =BC79*$D79 -> 0 | BF79: =E79+G79+I79+K79+M79+O79+Q79+S79+U79+W79+Y79+AA79+AC79+AE79+AG79+AI79+AK79+AM79+AO79+AQ79+AS79+AU79+AW79+AY79+BA79+BC79 -> 0 | BG79: =F79+H79+J79+L79+N79+P79+R79+T79+V79+X79+Z79+AB79+AD79+AF79+AH79+AJ79+AL79+AN79+AP79+AR79+AT79+AV79+AX79+AZ79+BB79+BD79 -> 0 | BH79: =BG79-D79 -> 0
E80: 0 | F80: =E80*$D80 -> 0 | G80: 0 | H80: =G80*$D80 -> 0 | I80: 0 | J80: =I80*$D80 -> 0 | K80: 0 | L80: =K80*$D80 -> 0 | M80: 0 | N80: =M80*$D80 -> 0 | O80: 0 | P80: =O80*$D80 -> 0 | Q80: 0 | R80: =Q80*$D80 -> 0 | S80: 0 | T80: =S80*$D80 -> 0 | U80: 0 | V80: =U80*$D80 -> 0 | W80: 0 | X80: =W80*$D80 -> 0 | Y80: 0 | Z80: =Y80*$D80 -> 0 | AA80: 0 | AB80: =AA80*$D80 -> 0 | AC80: 0 | AD80: =AC80*$D80 -> 0 | AE80: 0 | AF80: =AE80*$D80 -> 0 | AG80: 0 | AH80: =AG80*$D80 -> 0 | AI80: 0 | AJ80: =AI80*$D80 -> 0 | AK80: 0 | AL80: =AK80*$D80 -> 0 | AM80: 0 | AN80: =AM80*$D80 -> 0 | AO80: 0 | AP80: =AO80*$D80 -> 0 | AQ80: 0 | AR80: =AQ80*$D80 -> 0 | AS80: 0 | AT80: =AS80*$D80 -> 0 | AU80: 0 | AV80: =AU80*$D80 -> 0 | AW80: 0 | AX80: =AW80*$D80 -> 0 | AY80: 0 | AZ80: =AY80*$D80 -> 0 | BA80: 0 | BB80: =BA80*$D80 -> 0 | BC80: 0 | BD80: =BC80*$D80 -> 0 | BF80: =E80+G80+I80+K80+M80+O80+Q80+S80+U80+W80+Y80+AA80+AC80+AE80+AG80+AI80+AK80+AM80+AO80+AQ80+AS80+AU80+AW80+AY80+BA80+BC80 -> 0 | BG80: =F80+H80+J80+L80+N80+P80+R80+T80+V80+X80+Z80+AB80+AD80+AF80+AH80+AJ80+AL80+AN80+AP80+AR80+AT80+AV80+AX80+AZ80+BB80+BD80 -> 0 | BH80: =BG80-D80 -> 0
E81: 0 | F81: =E81*$D81 -> 0 | G81: 0 | H81: =G81*$D81 -> 0 | I81: 0 | J81: =I81*$D81 -> 0 | K81: 0 | L81: =K81*$D81 -> 0 | M81: 0 | N81: =M81*$D81 -> 0 | O81: 0 | P81: =O81*$D81 -> 0 | Q81: 0 | R81: =Q81*$D81 -> 0 | S81: 0 | T81: =S81*$D81 -> 0 | U81: 0 | V81: =U81*$D81 -> 0 | W81: 0 | X81: =W81*$D81 -> 0 | Y81: 0 | Z81: =Y81*$D81 -> 0 | AA81: 0 | AB81: =AA81*$D81 -> 0 | AC81: 0 | AD81: =AC81*$D81 -> 0 | AE81: 0 | AF81: =AE81*$D81 -> 0 | AG81: 0 | AH81: =AG81*$D81 -> 0 | AI81: 0 | AJ81: =AI81*$D81 -> 0 | AK81: 0 | AL81: =AK81*$D81 -> 0 | AM81: 0 | AN81: =AM81*$D81 -> 0 | AO81: 0 | AP81: =AO81*$D81 -> 0 | AQ81: 0 | AR81: =AQ81*$D81 -> 0 | AS81: 0 | AT81: =AS81*$D81 -> 0 | AU81: 0 | AV81: =AU81*$D81 -> 0 | AW81: 0 | AX81: =AW81*$D81 -> 0 | AY81: 0 | AZ81: =AY81*$D81 -> 0 | BA81: 0 | BB81: =BA81*$D81 -> 0 | BC81: 0 | BD81: =BC81*$D81 -> 0 | BF81: =E81+G81+I81+K81+M81+O81+Q81+S81+U81+W81+Y81+AA81+AC81+AE81+AG81+AI81+AK81+AM81+AO81+AQ81+AS81+AU81+AW81+AY81+BA81+BC81 -> 0 | BG81: =F81+H81+J81+L81+N81+P81+R81+T81+V81+X81+Z81+AB81+AD81+AF81+AH81+AJ81+AL81+AN81+AP81+AR81+AT81+AV81+AX81+AZ81+BB81+BD81 -> 0 | BH81: =BG81-D81 -> 0
E82: 0 | F82: =E82*$D82 -> 0 | G82: 0 | H82: =G82*$D82 -> 0 | I82: 0 | J82: =I82*$D82 -> 0 | K82: 0 | L82: =K82*$D82 -> 0 | M82: 0 | N82: =M82*$D82 -> 0 | O82: 0 | P82: =O82*$D82 -> 0 | Q82: 0 | R82: =Q82*$D82 -> 0 | S82: 0 | T82: =S82*$D82 -> 0 | U82: 0 | V82: =U82*$D82 -> 0 | W82: 0 | X82: =W82*$D82 -> 0 | Y82: 0 | Z82: =Y82*$D82 -> 0 | AA82: 0 | AB82: =AA82*$D82 -> 0 | AC82: 0 | AD82: =AC82*$D82 -> 0 | AE82: 0 | AF82: =AE82*$D82 -> 0 | AG82: 0 | AH82: =AG82*$D82 -> 0 | AI82: 0 | AJ82: =AI82*$D82 -> 0 | AK82: 0 | AL82: =AK82*$D82 -> 0 | AM82: 0 | AN82: =AM82*$D82 -> 0 | AO82: 0 | AP82: =AO82*$D82 -> 0 | AQ82: 0 | AR82: =AQ82*$D82 -> 0 | AS82: 0 | AT82: =AS82*$D82 -> 0 | AU82: 0 | AV82: =AU82*$D82 -> 0 | AW82: 0 | AX82: =AW82*$D82 -> 0 | AY82: 0 | AZ82: =AY82*$D82 -> 0 | BA82: 0 | BB82: =BA82*$D82 -> 0 | BC82: 0 | BD82: =BC82*$D82 -> 0 | BF82: =E82+G82+I82+K82+M82+O82+Q82+S82+U82+W82+Y82+AA82+AC82+AE82+AG82+AI82+AK82+AM82+AO82+AQ82+AS82+AU82+AW82+AY82+BA82+BC82 -> 0 | BG82: =F82+H82+J82+L82+N82+P82+R82+T82+V82+X82+Z82+AB82+AD82+AF82+AH82+AJ82+AL82+AN82+AP82+AR82+AT82+AV82+AX82+AZ82+BB82+BD82 -> 0 | BH82: =BG82-D82 -> 0
E83: 0 | F83: =E83*$D83 -> 0 | G83: 0 | H83: =G83*$D83 -> 0 | I83: 0 | J83: =I83*$D83 -> 0 | K83: 0 | L83: =K83*$D83 -> 0 | M83: 0 | N83: =M83*$D83 -> 0 | O83: 0 | P83: =O83*$D83 -> 0 | Q83: 0 | R83: =Q83*$D83 -> 0 | S83: 0 | T83: =S83*$D83 -> 0 | U83: 0 | V83: =U83*$D83 -> 0 | W83: 0 | X83: =W83*$D83 -> 0 | Y83: 0 | Z83: =Y83*$D83 -> 0 | AA83: 0 | AB83: =AA83*$D83 -> 0 | AC83: 0 | AD83: =AC83*$D83 -> 0 | AE83: 0 | AF83: =AE83*$D83 -> 0 | AG83: 0 | AH83: =AG83*$D83 -> 0 | AI83: 0 | AJ83: =AI83*$D83 -> 0 | AK83: 0 | AL83: =AK83*$D83 -> 0 | AM83: 0 | AN83: =AM83*$D83 -> 0 | AO83: 0 | AP83: =AO83*$D83 -> 0 | AQ83: 0 | AR83: =AQ83*$D83 -> 0 | AS83: 0 | AT83: =AS83*$D83 -> 0 | AU83: 0 | AV83: =AU83*$D83 -> 0 | AW83: 0 | AX83: =AW83*$D83 -> 0 | AY83: 0 | AZ83: =AY83*$D83 -> 0 | BA83: 0 | BB83: =BA83*$D83 -> 0 | BC83: 0 | BD83: =BC83*$D83 -> 0 | BF83: =E83+G83+I83+K83+M83+O83+Q83+S83+U83+W83+Y83+AA83+AC83+AE83+AG83+AI83+AK83+AM83+AO83+AQ83+AS83+AU83+AW83+AY83+BA83+BC83 -> 0 | BG83: =F83+H83+J83+L83+N83+P83+R83+T83+V83+X83+Z83+AB83+AD83+AF83+AH83+AJ83+AL83+AN83+AP83+AR83+AT83+AV83+AX83+AZ83+BB83+BD83 -> 0 | BH83: =BG83-D83 -> 0
E84: 0 | F84: =E84*$D84 -> 0 | G84: 0 | H84: =G84*$D84 -> 0 | I84: 0 | J84: =I84*$D84 -> 0 | K84: 0 | L84: =K84*$D84 -> 0 | M84: 0 | N84: =M84*$D84 -> 0 | O84: 0 | P84: =O84*$D84 -> 0 | Q84: 0 | R84: =Q84*$D84 -> 0 | S84: 0 | T84: =S84*$D84 -> 0 | U84: 0 | V84: =U84*$D84 -> 0 | W84: 0 | X84: =W84*$D84 -> 0 | Y84: 0 | Z84: =Y84*$D84 -> 0 | AA84: 0 | AB84: =AA84*$D84 -> 0 | AC84: 0 | AD84: =AC84*$D84 -> 0 | AE84: 0 | AF84: =AE84*$D84 -> 0 | AG84: 0 | AH84: =AG84*$D84 -> 0 | AI84: 0 | AJ84: =AI84*$D84 -> 0 | AK84: 0 | AL84: =AK84*$D84 -> 0 | AM84: 0 | AN84: =AM84*$D84 -> 0 | AO84: 0 | AP84: =AO84*$D84 -> 0 | AQ84: 0 | AR84: =AQ84*$D84 -> 0 | AS84: 0 | AT84: =AS84*$D84 -> 0 | AU84: 0 | AV84: =AU84*$D84 -> 0 | AW84: 0 | AX84: =AW84*$D84 -> 0 | AY84: 0 | AZ84: =AY84*$D84 -> 0 | BA84: 0 | BB84: =BA84*$D84 -> 0 | BC84: 0 | BD84: =BC84*$D84 -> 0 | BF84: =E84+G84+I84+K84+M84+O84+Q84+S84+U84+W84+Y84+AA84+AC84+AE84+AG84+AI84+AK84+AM84+AO84+AQ84+AS84+AU84+AW84+AY84+BA84+BC84 -> 0 | BG84: =F84+H84+J84+L84+N84+P84+R84+T84+V84+X84+Z84+AB84+AD84+AF84+AH84+AJ84+AL84+AN84+AP84+AR84+AT84+AV84+AX84+AZ84+BB84+BD84 -> 0 | BH84: =BG84-D84 -> 0
E85: 0 | F85: =E85*$D85 -> 0 | G85: 0 | H85: =G85*$D85 -> 0 | I85: 0 | J85: =I85*$D85 -> 0 | K85: 0 | L85: =K85*$D85 -> 0 | M85: 0 | N85: =M85*$D85 -> 0 | O85: 0 | P85: =O85*$D85 -> 0 | Q85: 0 | R85: =Q85*$D85 -> 0 | S85: 0 | T85: =S85*$D85 -> 0 | U85: 0 | V85: =U85*$D85 -> 0 | W85: 0 | X85: =W85*$D85 -> 0 | Y85: 0 | Z85: =Y85*$D85 -> 0 | AA85: 0 | AB85: =AA85*$D85 -> 0 | AC85: 0 | AD85: =AC85*$D85 -> 0 | AE85: 0 | AF85: =AE85*$D85 -> 0 | AG85: 0 | AH85: =AG85*$D85 -> 0 | AI85: 0 | AJ85: =AI85*$D85 -> 0 | AK85: 0 | AL85: =AK85*$D85 -> 0 | AM85: 0 | AN85: =AM85*$D85 -> 0 | AO85: 0 | AP85: =AO85*$D85 -> 0 | AQ85: 0 | AR85: =AQ85*$D85 -> 0 | AS85: 0 | AT85: =AS85*$D85 -> 0 | AU85: 0 | AV85: =AU85*$D85 -> 0 | AW85: 0 | AX85: =AW85*$D85 -> 0 | AY85: 0 | AZ85: =AY85*$D85 -> 0 | BA85: 0 | BB85: =BA85*$D85 -> 0 | BC85: 0 | BD85: =BC85*$D85 -> 0 | BF85: =E85+G85+I85+K85+M85+O85+Q85+S85+U85+W85+Y85+AA85+AC85+AE85+AG85+AI85+AK85+AM85+AO85+AQ85+AS85+AU85+AW85+AY85+BA85+BC85 -> 0 | BG85: =F85+H85+J85+L85+N85+P85+R85+T85+V85+X85+Z85+AB85+AD85+AF85+AH85+AJ85+AL85+AN85+AP85+AR85+AT85+AV85+AX85+AZ85+BB85+BD85 -> 0 | BH85: =BG85-D85 -> 0
E86: 0 | F86: =E86*$D86 -> 0 | G86: 0 | H86: =G86*$D86 -> 0 | I86: 0 | J86: =I86*$D86 -> 0 | K86: 0 | L86: =K86*$D86 -> 0 | M86: 0 | N86: =M86*$D86 -> 0 | O86: 0 | P86: =O86*$D86 -> 0 | Q86: 0 | R86: =Q86*$D86 -> 0 | S86: 0 | T86: =S86*$D86 -> 0 | U86: 0 | V86: =U86*$D86 -> 0 | W86: 0 | X86: =W86*$D86 -> 0 | Y86: 0 | Z86: =Y86*$D86 -> 0 | AA86: 0 | AB86: =AA86*$D86 -> 0 | AC86: 0 | AD86: =AC86*$D86 -> 0 | AE86: 0 | AF86: =AE86*$D86 -> 0 | AG86: 0 | AH86: =AG86*$D86 -> 0 | AI86: 0 | AJ86: =AI86*$D86 -> 0 | AK86: 0 | AL86: =AK86*$D86 -> 0 | AM86: 0 | AN86: =AM86*$D86 -> 0 | AO86: 0 | AP86: =AO86*$D86 -> 0 | AQ86: 0 | AR86: =AQ86*$D86 -> 0 | AS86: 0 | AT86: =AS86*$D86 -> 0 | AU86: 0 | AV86: =AU86*$D86 -> 0 | AW86: 0 | AX86: =AW86*$D86 -> 0 | AY86: 0 | AZ86: =AY86*$D86 -> 0 | BA86: 0 | BB86: =BA86*$D86 -> 0 | BC86: 0 | BD86: =BC86*$D86 -> 0 | BF86: =E86+G86+I86+K86+M86+O86+Q86+S86+U86+W86+Y86+AA86+AC86+AE86+AG86+AI86+AK86+AM86+AO86+AQ86+AS86+AU86+AW86+AY86+BA86+BC86 -> 0 | BG86: =F86+H86+J86+L86+N86+P86+R86+T86+V86+X86+Z86+AB86+AD86+AF86+AH86+AJ86+AL86+AN86+AP86+AR86+AT86+AV86+AX86+AZ86+BB86+BD86 -> 0 | BH86: =BG86-D86 -> 0
E87: 0 | F87: =E87*$D87 -> 0 | G87: 0 | H87: =G87*$D87 -> 0 | I87: 0 | J87: =I87*$D87 -> 0 | K87: 0 | L87: =K87*$D87 -> 0 | M87: 0 | N87: =M87*$D87 -> 0 | O87: 0 | P87: =O87*$D87 -> 0 | Q87: 0 | R87: =Q87*$D87 -> 0 | S87: 0 | T87: =S87*$D87 -> 0 | U87: 0 | V87: =U87*$D87 -> 0 | W87: 0 | X87: =W87*$D87 -> 0 | Y87: 0 | Z87: =Y87*$D87 -> 0 | AA87: 0 | AB87: =AA87*$D87 -> 0 | AC87: 0 | AD87: =AC87*$D87 -> 0 | AE87: 0 | AF87: =AE87*$D87 -> 0 | AG87: 0 | AH87: =AG87*$D87 -> 0 | AI87: 0 | AJ87: =AI87*$D87 -> 0 | AK87: 0 | AL87: =AK87*$D87 -> 0 | AM87: 0 | AN87: =AM87*$D87 -> 0 | AO87: 0 | AP87: =AO87*$D87 -> 0 | AQ87: 0 | AR87: =AQ87*$D87 -> 0 | AS87: 0 | AT87: =AS87*$D87 -> 0 | AU87: 0 | AV87: =AU87*$D87 -> 0 | AW87: 0 | AX87: =AW87*$D87 -> 0 | AY87: 0 | AZ87: =AY87*$D87 -> 0 | BA87: 0 | BB87: =BA87*$D87 -> 0 | BC87: 0 | BD87: =BC87*$D87 -> 0 | BF87: =E87+G87+I87+K87+M87+O87+Q87+S87+U87+W87+Y87+AA87+AC87+AE87+AG87+AI87+AK87+AM87+AO87+AQ87+AS87+AU87+AW87+AY87+BA87+BC87 -> 0 | BG87: =F87+H87+J87+L87+N87+P87+R87+T87+V87+X87+Z87+AB87+AD87+AF87+AH87+AJ87+AL87+AN87+AP87+AR87+AT87+AV87+AX87+AZ87+BB87+BD87 -> 0 | BH87: =BG87-D87 -> 0
E88: 0 | F88: =E88*$D88 -> 0 | G88: 0 | H88: =G88*$D88 -> 0 | I88: 0 | J88: =I88*$D88 -> 0 | K88: 0 | L88: =K88*$D88 -> 0 | M88: 0 | N88: =M88*$D88 -> 0 | O88: 0 | P88: =O88*$D88 -> 0 | Q88: 0 | R88: =Q88*$D88 -> 0 | S88: 0 | T88: =S88*$D88 -> 0 | U88: 0 | V88: =U88*$D88 -> 0 | W88: 0 | X88: =W88*$D88 -> 0 | Y88: 0 | Z88: =Y88*$D88 -> 0 | AA88: 0 | AB88: =AA88*$D88 -> 0 | AC88: 0 | AD88: =AC88*$D88 -> 0 | AE88: 0 | AF88: =AE88*$D88 -> 0 | AG88: 0 | AH88: =AG88*$D88 -> 0 | AI88: 0 | AJ88: =AI88*$D88 -> 0 | AK88: 0 | AL88: =AK88*$D88 -> 0 | AM88: 0 | AN88: =AM88*$D88 -> 0 | AO88: 0 | AP88: =AO88*$D88 -> 0 | AQ88: 0 | AR88: =AQ88*$D88 -> 0 | AS88: 0 | AT88: =AS88*$D88 -> 0 | AU88: 0 | AV88: =AU88*$D88 -> 0 | AW88: 0 | AX88: =AW88*$D88 -> 0 | AY88: 0 | AZ88: =AY88*$D88 -> 0 | BA88: 0 | BB88: =BA88*$D88 -> 0 | BC88: 0 | BD88: =BC88*$D88 -> 0 | BF88: =E88+G88+I88+K88+M88+O88+Q88+S88+U88+W88+Y88+AA88+AC88+AE88+AG88+AI88+AK88+AM88+AO88+AQ88+AS88+AU88+AW88+AY88+BA88+BC88 -> 0 | BG88: =F88+H88+J88+L88+N88+P88+R88+T88+V88+X88+Z88+AB88+AD88+AF88+AH88+AJ88+AL88+AN88+AP88+AR88+AT88+AV88+AX88+AZ88+BB88+BD88 -> 0 | BH88: =BG88-D88 -> 0
A90: 04 - TRAVEL YR. 1 | D90: =SUM(D76:D88) -> 0 | F90: =SUM(F76:F88) -> 0 | H90: =SUM(H76:H88) -> 0 | J90: =SUM(J76:J88) -> 0 | L90: =SUM(L76:L88) -> 0 | N90: =SUM(N76:N88) -> 0 | P90: =SUM(P76:P88) -> 0 | R90: =SUM(R76:R88) -> 0 | T90: =SUM(T76:T88) -> 0 | V90: =SUM(V76:V88) -> 0 | X90: =SUM(X76:X88) -> 0 | Z90: =SUM(Z76:Z88) -> 0 | AB90: =SUM(AB76:AB88) -> 0 | AD90: =SUM(AD76:AD88) -> 0 | AF90: =SUM(AF76:AF88) -> 0 | AH90: =SUM(AH76:AH88) -> 0 | AJ90: =SUM(AJ76:AJ88) -> 0 | AL90: =SUM(AL76:AL88) -> 0 | AN90: =SUM(AN76:AN88) -> 0 | AP90: =SUM(AP76:AP88) -> 0 | AR90: =SUM(AR76:AR88) -> 0 | AT90: =SUM(AT76:AT88) -> 0 | AV90: =SUM(AV76:AV88) -> 0 | AX90: =SUM(AX76:AX88) -> 0 | AZ90: =SUM(AZ76:AZ88) -> 0 | BB90: =SUM(BB76:BB88) -> 0 | BD90: =SUM(BD76:BD88) -> 0 | BG90: =F90+H90+J90+L90+N90+P90+R90+T90+V90+X90+Z90+AB90+AD90+AF90+AH90+AJ90+AL90+AN90+AP90+AR90+AT90+AV90+AX90+AZ90+BB90+BD90 -> 0 | BH90: =BG90-D90 -> 0
A93: Supplies | E93: Center Overhead Yr. 1 | G93: Rate 1 Yr. 1 | I93: Rate 2 Yr. 1 | K93: Rate 3 Yr. 1 | M93: Rate 4 Yr. 1 | O93: Rate 5 Yr. 1 | Q93: Rate 6 Yr. 1 | S93: Rate 7 Yr. 1 | U93: Rate 8 Yr. 1 | W93: Rate 9 Yr. 1 | Y93: Rate 10 Yr. 1 | AA93: Rate 11 Yr. 1 | AC93: Rate 12 Yr. 1 | AE93: Rate 13 Yr. 1 | AG93: Rate 14 Yr. 1 | AI93: Rate 15 Yr. 1 | AK93: Rate 16 Yr. 1 | AM93: Rate 17 Yr. 1 | AO93: Rate 18 Yr. 1 | AQ93: Rate 19 Yr. 1 | AS93: Rate 20 Yr. 1 | AU93: Rate 21 Yr. 1 | AW93: Rate 22 Yr. 1 | AY93: Rate 23 Yr. 1 | BA93: Rate 24 Yr. 1 | BC93: Rate 25 Yr. 1 | BF93: Percent Check | BG93: Dollar check | BH93: Difference between total allocated dollar and total dollar
E94: =IF(Usage!$B$8=0, "", Usage!$B$8) -> Center Overhead | G94: =IF(Usage!$B$9=0, "", Usage!$B$9) | I94: =IF(Usage!$B$10=0, "", Usage!$B$10) | K94: =IF(Usage!$B$11=0, "", Usage!$B$11) | M94: =IF(Usage!$B$12=0, "", Usage!$B$12) | O94: =IF(Usage!$B$13=0, "", Usage!$B$13) | Q94: =IF(Usage!$B$14=0, "", Usage!$B$14) | S94: =IF(Usage!$B$15=0, "", Usage!$B$15) | U94: =IF(Usage!$B$16=0, "", Usage!$B$16) | W94: =IF(Usage!$B$17=0, "", Usage!$B$17) | Y94: =IF(Usage!$B$18=0, "", Usage!$B$18) | AA94: =IF(Usage!$B$19=0, "", Usage!$B$19) | AC94: =IF(Usage!$B$20=0, "", Usage!$B$20) | AE94: =IF(Usage!$B$21=0, "", Usage!$B$21) | AG94: =IF(Usage!$B$22=0, "", Usage!$B$22) | AI94: =IF(Usage!$B$23=0, "", Usage!$B$23) | AK94: =IF(Usage!$B$24=0, "", Usage!$B$24) | AM94: =IF(Usage!$B$25=0, "", Usage!$B$25) | AO94: =IF(Usage!$B$26=0, "", Usage!$B$26) | AQ94: =IF(Usage!$B$27=0, "", Usage!$B$27) | AS94: =IF(Usage!$B$28=0, "", Usage!$B$28) | AU94: =IF(Usage!$B$29=0, "", Usage!$B$29) | AW94: =IF(Usage!$B$30=0, "", Usage!$B$30) | AY94: =IF(Usage!$B$31=0, "", Usage!$B$31) | BA94: =IF(Usage!$B$32=0, "", Usage!$B$32) | BC94: =IF(Usage!$B$33=0, "", Usage!$B$33) | BF94: (should add up to 100%)
A95: Spend Category | B95: Description | C95: Source Document | D95: Annual Amt | E95: % | F95: Amount | G95: % | H95: Amount | I95: % | J95: Amount | K95: % | L95: Amount | M95: % | N95: Amount | O95: % | P95: Amount | Q95: % | R95: Amount | S95: % | T95: Amount | U95: % | V95: Amount | W95: % | X95: Amount | Y95: % | Z95: Amount | AA95: % | AB95: Amount | AC95: % | AD95: Amount | AE95: % | AF95: Amount | AG95: % | AH95: Amount | AI95: % | AJ95: Amount | AK95: % | AL95: Amount | AM95: % | AN95: Amount | AO95: % | AP95: Amount | AQ95: % | AR95: Amount | AS95: % | AT95: Amount | AU95: % | AV95: Amount | AW95: % | AX95: Amount | AY95: % | AZ95: Amount | BA95: % | BB95: Amount | BC95: % | BD95: Amount
E96: 0 | F96: =E96*$D96 -> 0 | G96: 0 | H96: =G96*$D96 -> 0 | I96: 0 | J96: =I96*$D96 -> 0 | K96: 0 | L96: =K96*$D96 -> 0 | M96: 0 | N96: =M96*$D96 -> 0 | O96: 0 | P96: =O96*$D96 -> 0 | Q96: 0 | R96: =Q96*$D96 -> 0 | S96: 0 | T96: =S96*$D96 -> 0 | U96: 0 | V96: =U96*$D96 -> 0 | W96: 0 | X96: =W96*$D96 -> 0 | Y96: 0 | Z96: =Y96*$D96 -> 0 | AA96: 0 | AB96: =AA96*$D96 -> 0 | AC96: 0 | AD96: =AC96*$D96 -> 0 | AE96: 0 | AF96: =AE96*$D96 -> 0 | AG96: 0 | AH96: =AG96*$D96 -> 0 | AI96: 0 | AJ96: =AI96*$D96 -> 0 | AK96: 0 | AL96: =AK96*$D96 -> 0 | AM96: 0 | AN96: =AM96*$D96 -> 0 | AO96: 0 | AP96: =AO96*$D96 -> 0 | AQ96: 0 | AR96: =AQ96*$D96 -> 0 | AS96: 0 | AT96: =AS96*$D96 -> 0 | AU96: 0 | AV96: =AU96*$D96 -> 0 | AW96: 0 | AX96: =AW96*$D96 -> 0 | AY96: 0 | AZ96: =AY96*$D96 -> 0 | BA96: 0 | BB96: =BA96*$D96 -> 0 | BC96: 0 | BD96: =BC96*$D96 -> 0 | BF96: =E96+G96+I96+K96+M96+O96+Q96+S96+U96+W96+Y96+AA96+AC96+AE96+AG96+AI96+AK96+AM96+AO96+AQ96+AS96+AU96+AW96+AY96+BA96+BC96 -> 0 | BG96: =F96+H96+J96+L96+N96+P96+R96+T96+V96+X96+Z96+AB96+AD96+AF96+AH96+AJ96+AL96+AN96+AP96+AR96+AT96+AV96+AX96+AZ96+BB96+BD96 -> 0 | BH96: =BG96-D96 -> 0
E97: 0 | F97: =E97*$D97 -> 0 | G97: 0 | H97: =G97*$D97 -> 0 | I97: 0 | J97: =I97*$D97 -> 0 | K97: 0 | L97: =K97*$D97 -> 0 | M97: 0 | N97: =M97*$D97 -> 0 | O97: 0 | P97: =O97*$D97 -> 0 | Q97: 0 | R97: =Q97*$D97 -> 0 | S97: 0 | T97: =S97*$D97 -> 0 | U97: 0 | V97: =U97*$D97 -> 0 | W97: 0 | X97: =W97*$D97 -> 0 | Y97: 0 | Z97: =Y97*$D97 -> 0 | AA97: 0 | AB97: =AA97*$D97 -> 0 | AC97: 0 | AD97: =AC97*$D97 -> 0 | AE97: 0 | AF97: =AE97*$D97 -> 0 | AG97: 0 | AH97: =AG97*$D97 -> 0 | AI97: 0 | AJ97: =AI97*$D97 -> 0 | AK97: 0 | AL97: =AK97*$D97 -> 0 | AM97: 0 | AN97: =AM97*$D97 -> 0 | AO97: 0 | AP97: =AO97*$D97 -> 0 | AQ97: 0 | AR97: =AQ97*$D97 -> 0 | AS97: 0 | AT97: =AS97*$D97 -> 0 | AU97: 0 | AV97: =AU97*$D97 -> 0 | AW97: 0 | AX97: =AW97*$D97 -> 0 | AY97: 0 | AZ97: =AY97*$D97 -> 0 | BA97: 0 | BB97: =BA97*$D97 -> 0 | BC97: 0 | BD97: =BC97*$D97 -> 0 | BF97: =E97+G97+I97+K97+M97+O97+Q97+S97+U97+W97+Y97+AA97+AC97+AE97+AG97+AI97+AK97+AM97+AO97+AQ97+AS97+AU97+AW97+AY97+BA97+BC97 -> 0 | BG97: =F97+H97+J97+L97+N97+P97+R97+T97+V97+X97+Z97+AB97+AD97+AF97+AH97+AJ97+AL97+AN97+AP97+AR97+AT97+AV97+AX97+AZ97+BB97+BD97 -> 0 | BH97: =BG97-D97 -> 0
E98: 0 | F98: =E98*$D98 -> 0 | G98: 0 | H98: =G98*$D98 -> 0 | I98: 0 | J98: =I98*$D98 -> 0 | K98: 0 | L98: =K98*$D98 -> 0 | M98: 0 | N98: =M98*$D98 -> 0 | O98: 0 | P98: =O98*$D98 -> 0 | Q98: 0 | R98: =Q98*$D98 -> 0 | S98: 0 | T98: =S98*$D98 -> 0 | U98: 0 | V98: =U98*$D98 -> 0 | W98: 0 | X98: =W98*$D98 -> 0 | Y98: 0 | Z98: =Y98*$D98 -> 0 | AA98: 0 | AB98: =AA98*$D98 -> 0 | AC98: 0 | AD98: =AC98*$D98 -> 0 | AE98: 0 | AF98: =AE98*$D98 -> 0 | AG98: 0 | AH98: =AG98*$D98 -> 0 | AI98: 0 | AJ98: =AI98*$D98 -> 0 | AK98: 0 | AL98: =AK98*$D98 -> 0 | AM98: 0 | AN98: =AM98*$D98 -> 0 | AO98: 0 | AP98: =AO98*$D98 -> 0 | AQ98: 0 | AR98: =AQ98*$D98 -> 0 | AS98: 0 | AT98: =AS98*$D98 -> 0 | AU98: 0 | AV98: =AU98*$D98 -> 0 | AW98: 0 | AX98: =AW98*$D98 -> 0 | AY98: 0 | AZ98: =AY98*$D98 -> 0 | BA98: 0 | BB98: =BA98*$D98 -> 0 | BC98: 0 | BD98: =BC98*$D98 -> 0 | BF98: =E98+G98+I98+K98+M98+O98+Q98+S98+U98+W98+Y98+AA98+AC98+AE98+AG98+AI98+AK98+AM98+AO98+AQ98+AS98+AU98+AW98+AY98+BA98+BC98 -> 0 | BG98: =F98+H98+J98+L98+N98+P98+R98+T98+V98+X98+Z98+AB98+AD98+AF98+AH98+AJ98+AL98+AN98+AP98+AR98+AT98+AV98+AX98+AZ98+BB98+BD98 -> 0 | BH98: =BG98-D98 -> 0
E99: 0 | F99: =E99*$D99 -> 0 | G99: 0 | H99: =G99*$D99 -> 0 | I99: 0 | J99: =I99*$D99 -> 0 | K99: 0 | L99: =K99*$D99 -> 0 | M99: 0 | N99: =M99*$D99 -> 0 | O99: 0 | P99: =O99*$D99 -> 0 | Q99: 0 | R99: =Q99*$D99 -> 0 | S99: 0 | T99: =S99*$D99 -> 0 | U99: 0 | V99: =U99*$D99 -> 0 | W99: 0 | X99: =W99*$D99 -> 0 | Y99: 0 | Z99: =Y99*$D99 -> 0 | AA99: 0 | AB99: =AA99*$D99 -> 0 | AC99: 0 | AD99: =AC99*$D99 -> 0 | AE99: 0 | AF99: =AE99*$D99 -> 0 | AG99: 0 | AH99: =AG99*$D99 -> 0 | AI99: 0 | AJ99: =AI99*$D99 -> 0 | AK99: 0 | AL99: =AK99*$D99 -> 0 | AM99: 0 | AN99: =AM99*$D99 -> 0 | AO99: 0 | AP99: =AO99*$D99 -> 0 | AQ99: 0 | AR99: =AQ99*$D99 -> 0 | AS99: 0 | AT99: =AS99*$D99 -> 0 | AU99: 0 | AV99: =AU99*$D99 -> 0 | AW99: 0 | AX99: =AW99*$D99 -> 0 | AY99: 0 | AZ99: =AY99*$D99 -> 0 | BA99: 0 | BB99: =BA99*$D99 -> 0 | BC99: 0 | BD99: =BC99*$D99 -> 0 | BF99: =E99+G99+I99+K99+M99+O99+Q99+S99+U99+W99+Y99+AA99+AC99+AE99+AG99+AI99+AK99+AM99+AO99+AQ99+AS99+AU99+AW99+AY99+BA99+BC99 -> 0 | BG99: =F99+H99+J99+L99+N99+P99+R99+T99+V99+X99+Z99+AB99+AD99+AF99+AH99+AJ99+AL99+AN99+AP99+AR99+AT99+AV99+AX99+AZ99+BB99+BD99 -> 0 | BH99: =BG99-D99 -> 0
E100: 0 | F100: =E100*$D100 -> 0 | G100: 0 | H100: =G100*$D100 -> 0 | I100: 0 | J100: =I100*$D100 -> 0 | K100: 0 | L100: =K100*$D100 -> 0 | M100: 0 | N100: =M100*$D100 -> 0 | O100: 0 | P100: =O100*$D100 -> 0 | Q100: 0 | R100: =Q100*$D100 -> 0 | S100: 0 | T100: =S100*$D100 -> 0 | U100: 0 | V100: =U100*$D100 -> 0 | W100: 0 | X100: =W100*$D100 -> 0 | Y100: 0 | Z100: =Y100*$D100 -> 0 | AA100: 0 | AB100: =AA100*$D100 -> 0 | AC100: 0 | AD100: =AC100*$D100 -> 0 | AE100: 0 | AF100: =AE100*$D100 -> 0 | AG100: 0 | AH100: =AG100*$D100 -> 0 | AI100: 0 | AJ100: =AI100*$D100 -> 0 | AK100: 0 | AL100: =AK100*$D100 -> 0 | AM100: 0 | AN100: =AM100*$D100 -> 0 | AO100: 0 | AP100: =AO100*$D100 -> 0 | AQ100: 0 | AR100: =AQ100*$D100 -> 0 | AS100: 0 | AT100: =AS100*$D100 -> 0 | AU100: 0 | AV100: =AU100*$D100 -> 0 | AW100: 0 | AX100: =AW100*$D100 -> 0 | AY100: 0 | AZ100: =AY100*$D100 -> 0 | BA100: 0 | BB100: =BA100*$D100 -> 0 | BC100: 0 | BD100: =BC100*$D100 -> 0 | BF100: =E100+G100+I100+K100+M100+O100+Q100+S100+U100+W100+Y100+AA100+AC100+AE100+AG100+AI100+AK100+AM100+AO100+AQ100+AS100+AU100+AW100+AY100+BA100+BC100 -> 0 | BG100: =F100+H100+J100+L100+N100+P100+R100+T100+V100+X100+Z100+AB100+AD100+AF100+AH100+AJ100+AL100+AN100+AP100+AR100+AT100+AV100+AX100+AZ100+BB100+BD100 -> 0 | BH100: =BG100-D100 -> 0
E101: 0 | F101: =E101*$D101 -> 0 | G101: 0 | H101: =G101*$D101 -> 0 | I101: 0 | J101: =I101*$D101 -> 0 | K101: 0 | L101: =K101*$D101 -> 0 | M101: 0 | N101: =M101*$D101 -> 0 | O101: 0 | P101: =O101*$D101 -> 0 | Q101: 0 | R101: =Q101*$D101 -> 0 | S101: 0 | T101: =S101*$D101 -> 0 | U101: 0 | V101: =U101*$D101 -> 0 | W101: 0 | X101: =W101*$D101 -> 0 | Y101: 0 | Z101: =Y101*$D101 -> 0 | AA101: 0 | AB101: =AA101*$D101 -> 0 | AC101: 0 | AD101: =AC101*$D101 -> 0 | AE101: 0 | AF101: =AE101*$D101 -> 0 | AG101: 0 | AH101: =AG101*$D101 -> 0 | AI101: 0 | AJ101: =AI101*$D101 -> 0 | AK101: 0 | AL101: =AK101*$D101 -> 0 | AM101: 0 | AN101: =AM101*$D101 -> 0 | AO101: 0 | AP101: =AO101*$D101 -> 0 | AQ101: 0 | AR101: =AQ101*$D101 -> 0 | AS101: 0 | AT101: =AS101*$D101 -> 0 | AU101: 0 | AV101: =AU101*$D101 -> 0 | AW101: 0 | AX101: =AW101*$D101 -> 0 | AY101: 0 | AZ101: =AY101*$D101 -> 0 | BA101: 0 | BB101: =BA101*$D101 -> 0 | BC101: 0 | BD101: =BC101*$D101 -> 0 | BF101: =E101+G101+I101+K101+M101+O101+Q101+S101+U101+W101+Y101+AA101+AC101+AE101+AG101+AI101+AK101+AM101+AO101+AQ101+AS101+AU101+AW101+AY101+BA101+BC101 -> 0 | BG101: =F101+H101+J101+L101+N101+P101+R101+T101+V101+X101+Z101+AB101+AD101+AF101+AH101+AJ101+AL101+AN101+AP101+AR101+AT101+AV101+AX101+AZ101+BB101+BD101 -> 0 | BH101: =BG101-D101 -> 0
E102: 0 | F102: =E102*$D102 -> 0 | G102: 0 | H102: =G102*$D102 -> 0 | I102: 0 | J102: =I102*$D102 -> 0 | K102: 0 | L102: =K102*$D102 -> 0 | M102: 0 | N102: =M102*$D102 -> 0 | O102: 0 | P102: =O102*$D102 -> 0 | Q102: 0 | R102: =Q102*$D102 -> 0 | S102: 0 | T102: =S102*$D102 -> 0 | U102: 0 | V102: =U102*$D102 -> 0 | W102: 0 | X102: =W102*$D102 -> 0 | Y102: 0 | Z102: =Y102*$D102 -> 0 | AA102: 0 | AB102: =AA102*$D102 -> 0 | AC102: 0 | AD102: =AC102*$D102 -> 0 | AE102: 0 | AF102: =AE102*$D102 -> 0 | AG102: 0 | AH102: =AG102*$D102 -> 0 | AI102: 0 | AJ102: =AI102*$D102 -> 0 | AK102: 0 | AL102: =AK102*$D102 -> 0 | AM102: 0 | AN102: =AM102*$D102 -> 0 | AO102: 0 | AP102: =AO102*$D102 -> 0 | AQ102: 0 | AR102: =AQ102*$D102 -> 0 | AS102: 0 | AT102: =AS102*$D102 -> 0 | AU102: 0 | AV102: =AU102*$D102 -> 0 | AW102: 0 | AX102: =AW102*$D102 -> 0 | AY102: 0 | AZ102: =AY102*$D102 -> 0 | BA102: 0 | BB102: =BA102*$D102 -> 0 | BC102: 0 | BD102: =BC102*$D102 -> 0 | BF102: =E102+G102+I102+K102+M102+O102+Q102+S102+U102+W102+Y102+AA102+AC102+AE102+AG102+AI102+AK102+AM102+AO102+AQ102+AS102+AU102+AW102+AY102+BA102+BC102 -> 0 | BG102: =F102+H102+J102+L102+N102+P102+R102+T102+V102+X102+Z102+AB102+AD102+AF102+AH102+AJ102+AL102+AN102+AP102+AR102+AT102+AV102+AX102+AZ102+BB102+BD102 -> 0 | BH102: =BG102-D102 -> 0
E103: 0 | F103: =E103*$D103 -> 0 | G103: 0 | H103: =G103*$D103 -> 0 | I103: 0 | J103: =I103*$D103 -> 0 | K103: 0 | L103: =K103*$D103 -> 0 | M103: 0 | N103: =M103*$D103 -> 0 | O103: 0 | P103: =O103*$D103 -> 0 | Q103: 0 | R103: =Q103*$D103 -> 0 | S103: 0 | T103: =S103*$D103 -> 0 | U103: 0 | V103: =U103*$D103 -> 0 | W103: 0 | X103: =W103*$D103 -> 0 | Y103: 0 | Z103: =Y103*$D103 -> 0 | AA103: 0 | AB103: =AA103*$D103 -> 0 | AC103: 0 | AD103: =AC103*$D103 -> 0 | AE103: 0 | AF103: =AE103*$D103 -> 0 | AG103: 0 | AH103: =AG103*$D103 -> 0 | AI103: 0 | AJ103: =AI103*$D103 -> 0 | AK103: 0 | AL103: =AK103*$D103 -> 0 | AM103: 0 | AN103: =AM103*$D103 -> 0 | AO103: 0 | AP103: =AO103*$D103 -> 0 | AQ103: 0 | AR103: =AQ103*$D103 -> 0 | AS103: 0 | AT103: =AS103*$D103 -> 0 | AU103: 0 | AV103: =AU103*$D103 -> 0 | AW103: 0 | AX103: =AW103*$D103 -> 0 | AY103: 0 | AZ103: =AY103*$D103 -> 0 | BA103: 0 | BB103: =BA103*$D103 -> 0 | BC103: 0 | BD103: =BC103*$D103 -> 0 | BF103: =E103+G103+I103+K103+M103+O103+Q103+S103+U103+W103+Y103+AA103+AC103+AE103+AG103+AI103+AK103+AM103+AO103+AQ103+AS103+AU103+AW103+AY103+BA103+BC103 -> 0 | BG103: =F103+H103+J103+L103+N103+P103+R103+T103+V103+X103+Z103+AB103+AD103+AF103+AH103+AJ103+AL103+AN103+AP103+AR103+AT103+AV103+AX103+AZ103+BB103+BD103 -> 0 | BH103: =BG103-D103 -> 0
E104: 0 | F104: =E104*$D104 -> 0 | G104: 0 | H104: =G104*$D104 -> 0 | I104: 0 | J104: =I104*$D104 -> 0 | K104: 0 | L104: =K104*$D104 -> 0 | M104: 0 | N104: =M104*$D104 -> 0 | O104: 0 | P104: =O104*$D104 -> 0 | Q104: 0 | R104: =Q104*$D104 -> 0 | S104: 0 | T104: =S104*$D104 -> 0 | U104: 0 | V104: =U104*$D104 -> 0 | W104: 0 | X104: =W104*$D104 -> 0 | Y104: 0 | Z104: =Y104*$D104 -> 0 | AA104: 0 | AB104: =AA104*$D104 -> 0 | AC104: 0 | AD104: =AC104*$D104 -> 0 | AE104: 0 | AF104: =AE104*$D104 -> 0 | AG104: 0 | AH104: =AG104*$D104 -> 0 | AI104: 0 | AJ104: =AI104*$D104 -> 0 | AK104: 0 | AL104: =AK104*$D104 -> 0 | AM104: 0 | AN104: =AM104*$D104 -> 0 | AO104: 0 | AP104: =AO104*$D104 -> 0 | AQ104: 0 | AR104: =AQ104*$D104 -> 0 | AS104: 0 | AT104: =AS104*$D104 -> 0 | AU104: 0 | AV104: =AU104*$D104 -> 0 | AW104: 0 | AX104: =AW104*$D104 -> 0 | AY104: 0 | AZ104: =AY104*$D104 -> 0 | BA104: 0 | BB104: =BA104*$D104 -> 0 | BC104: 0 | BD104: =BC104*$D104 -> 0 | BF104: =E104+G104+I104+K104+M104+O104+Q104+S104+U104+W104+Y104+AA104+AC104+AE104+AG104+AI104+AK104+AM104+AO104+AQ104+AS104+AU104+AW104+AY104+BA104+BC104 -> 0 | BG104: =F104+H104+J104+L104+N104+P104+R104+T104+V104+X104+Z104+AB104+AD104+AF104+AH104+AJ104+AL104+AN104+AP104+AR104+AT104+AV104+AX104+AZ104+BB104+BD104 -> 0 | BH104: =BG104-D104 -> 0
E105: 0 | F105: =E105*$D105 -> 0 | G105: 0 | H105: =G105*$D105 -> 0 | I105: 0 | J105: =I105*$D105 -> 0 | K105: 0 | L105: =K105*$D105 -> 0 | M105: 0 | N105: =M105*$D105 -> 0 | O105: 0 | P105: =O105*$D105 -> 0 | Q105: 0 | R105: =Q105*$D105 -> 0 | S105: 0 | T105: =S105*$D105 -> 0 | U105: 0 | V105: =U105*$D105 -> 0 | W105: 0 | X105: =W105*$D105 -> 0 | Y105: 0 | Z105: =Y105*$D105 -> 0 | AA105: 0 | AB105: =AA105*$D105 -> 0 | AC105: 0 | AD105: =AC105*$D105 -> 0 | AE105: 0 | AF105: =AE105*$D105 -> 0 | AG105: 0 | AH105: =AG105*$D105 -> 0 | AI105: 0 | AJ105: =AI105*$D105 -> 0 | AK105: 0 | AL105: =AK105*$D105 -> 0 | AM105: 0 | AN105: =AM105*$D105 -> 0 | AO105: 0 | AP105: =AO105*$D105 -> 0 | AQ105: 0 | AR105: =AQ105*$D105 -> 0 | AS105: 0 | AT105: =AS105*$D105 -> 0 | AU105: 0 | AV105: =AU105*$D105 -> 0 | AW105: 0 | AX105: =AW105*$D105 -> 0 | AY105: 0 | AZ105: =AY105*$D105 -> 0 | BA105: 0 | BB105: =BA105*$D105 -> 0 | BC105: 0 | BD105: =BC105*$D105 -> 0 | BF105: =E105+G105+I105+K105+M105+O105+Q105+S105+U105+W105+Y105+AA105+AC105+AE105+AG105+AI105+AK105+AM105+AO105+AQ105+AS105+AU105+AW105+AY105+BA105+BC105 -> 0 | BG105: =F105+H105+J105+L105+N105+P105+R105+T105+V105+X105+Z105+AB105+AD105+AF105+AH105+AJ105+AL105+AN105+AP105+AR105+AT105+AV105+AX105+AZ105+BB105+BD105 -> 0 | BH105: =BG105-D105 -> 0
